Workbook

Sheet Summary
A1: General Government Finance Statistics
A3: Quarterly Time Series
A4: 1.1. | B4: =MID('1.1'!$A$1,13,98)&" - Current Prices" -> Statement of Government Operations by level of government - Brazil - 2st Quarter 2026 - Current Prices
A5: 1.1.a. | B5: =MID('1.1.a'!$A$1,15,98)&" - GDP %" -> Statement of Government Operations by level of government - Brazil - 2st Quarter 2026 - GDP %
A6: 1.2. | B6: =MID('1.2'!$A$1,13,98)&" - Current Prices" -> General Government Statement of Government Operations - Brazil - Time Series - Quarterly - Current Prices
A7: 1.2.a. | B7: =MID('1.2.a'!$A$1,15,98)&" - GDP %" -> neral Government Statement of Government Operations - Brazil - Time Series - Quarterly - GDP %
A8: 1.3. | B8: =MID('1.3'!$A$1,13,98)&" - Current Prices" -> General Government Revenue - Brazil - Time Series - Quarterly - Current Prices
A9: 1.3.a. | B9: =MID('1.3.a'!$A$1,13,98)&" - GDP %" -> . General Government Revenue - Brazil - Time Series - Quarterly - GDP %
A10: 1.4. | B10: =MID('1.4'!$A$1,13,98)&" - Current Prices" -> General Government Expenditure - Brazil - Time Series - Quarterly - Current Prices
A11: 1.4.a. | B11: =MID('1.4.a'!$A$1,13,98)&" - GDP %" -> General Government Expenditure - Brazil - Time Series - Quarterly - GDP %
A12: 1.5. | B12: =MID('1.5'!$A$1,13,98)&" - Current Prices" -> Statement of Sources & Uses of Cash by level of government - Brazil - 2st Quarter 2026 - Current Prices
A13: 1.5.a. | B13: =MID('1.5.a'!$A$1,15,98)&" - GDP %" -> Statement of Sources & Uses of Cash by level of government - Brazil - 2st Quarter 2026 - GDP %
A14: 1.6. | B14: =MID('1.6'!$A$1,13,98)&" - Current Prices" -> General Government Statement of Sources & Uses of Cash - Brazil - Time Series - Quarterly - Current Prices
A15: 1.6.a. | B15: =MID('1.6.a'!$A$1,15,98)&" - GDP %" -> neral Government Statement of Sources & Uses of Cash - Brazil - Time Series - Quarterly - GDP %
A16: Yearly Time Series
A17: 2.1. | B17: =MID('2.1'!$A$1,13,98)&" - Current Prices" -> Statement of Government Operations by level of government - Brazil - Yearly - Current Prices
A18: 2.1.a. | B18: =MID('2.1.a'!$A$1,15,98)&" - GDP %" -> Statement of Government Operations by level of government - Brazil - Yearly - GDP %
A19: 2.2. | B19: =MID('2.2'!$A$1,13,98)&" - Current Prices" -> General Government Revenue by level of government - Brazil - Yearly - Current Prices
A20: 2.2.a. | B20: =MID('2.2.a'!$A$1,15,98)&" - GDP %" -> General Government Revenue by level of government - Brazil - Yearly - GDP %
A21: 2.3. | B21: =MID('2.3'!$A$1,13,98)&" - Current Prices" -> General Government expediture by level of government - Brazil - Yearly - Current Prices
A22: 2.3.a. | B22: =MID('2.3.a'!$A$1,15,98)&" - GDP %" -> General Government expediture by level of government - Brazil - Yearly - GDP %
A23: 2.4. | B23: =MID('2.4'!$A$1,13,98)&" - Current Prices" -> Statement of Sources & Uses of Cash by level of government - Brazil - Yearly - Current Prices
A24: 2.4.a. | B24: =MID('2.4.a'!$A$1,15,98)&" - GDP %" -> Statement of Sources & Uses of Cash by level of government - Brazil - Yearly - GDP %
A25: 3.1. | B25: =MID('3.1'!$A$1,13,100)&" - Current Prices" -> General Government Statement of Government Operations - Brazil - Time Series - Yearly - Current Prices
A26: 31.a. | B26: =MID('3.1.a'!$A$1,15,100)&" - GDP %" -> General Government Statement of Government Operations - Brazil - Time Series - Yearly - GDP %
A27: 3.2. | B27: =MID('3.2'!$A$1,13,100)&" - Current Prices" -> General Government Revenue - Brazil - Time Series - Yearly - Current Prices
A28: 3.2.a. | B28: =MID('3.2.a'!$A$1,15,100)&" - GDP %" -> General Government Revenue - Brazil - Time Series - Yearly - GDP %
A29: 3.3. | B29: =MID('3.3'!$A$1,13,100)&" - Current Prices" -> General Government Expenditure - Brazil - Time Series - Yearly - Current Prices
A30: 3.3.a. | B30: =MID('3.3.a'!$A$1,15,100)&" - GDP %" -> General Government Expenditure - Brazil - Time Series - Yearly - GDP %
A31: 3.4. | B31: =MID('3.4'!$A$1,13,100)&" - Current Prices" -> General Government Statement of Sources & Uses of Cash - Brazil - Time Series - Yearly - Current Prices
A32: 3.4.a. | B32: =MID('3.4.a'!$A$1,13,100)&" - GDP %" -> General Government Statement of Sources & Uses of Cash - Brazil - Time Series - Yearly - GDP %
A33: Glossary
A34: Metadata

Sheet 1.1
A1: Table 1.1. Statement of Government Operations by level of government - Brazil - 2st Quarter 2026
A2: R$ Million - Current Prices
A4: Statement of Government Operations - General Government | C4: 2st Quarter 2026
C5: Central Government | G5: State governments 3/ | H5: Municipalities 4/ | I5: Consolidation Column 2/ | J5: General Government 5/
C6: Budgetary 1/ | D6: Extrabudgetary | E6: Consolidation Column 2/ | F6: Central Government
A7: 1 | B7: Revenue 6/ | C7: 936190.91 | D7: 0 | E7: 0 | F7: 936190.91 | G7: 447482.41 | H7: 397083.59 | I7: -404422.09 | J7: 1376334.8
A8: 11 | B8: Taxes | C8: 543749.62 | D8: 0 | E8: 0 | F8: 543749.62 | G8: 264263.57 | H8: 74781.821 | I8: 0 | J8: 882795.01
A9: 111 | B9: Taxes on income, profits, and capital gains | C9: 315201.45 | D9: 0 | E9: 0 | F9: 315201.45 | G9: 0 | H9: 0 | I9: 0 | J9: 315201.45
A10: 112 | B10: Taxes on payroll & workforce | C10: 9916.7531 | D10: 0 | E10: 0 | F10: 9916.7531 | G10: 0 | H10: 0 | I10: 0 | J10: 9916.7531
A11: 113 | B11: Taxes on property | C11: 105.69034 | D11: 0 | E11: 0 | F11: 105.69034 | G11: 26828.529 | H11: 26725.652 | I11: 0 | J11: 53659.871
A12: 114 | B12: Taxes on goods & services | C12: 185554.42 | D12: 0 | E12: 0 | F12: 185554.42 | G12: 237435.04 | H12: 48056.169 | I12: 0 | J12: 471045.63
A13: 115 | B13: Taxes on international trade & transactions | C13: 32971.257 | D13: 0 | E13: 0 | F13: 32971.257 | G13: 0 | H13: 0 | I13: 0 | J13: 32971.257
A14: 116 | B14: Other taxes | C14: 0.05050272 | D14: 0 | E14: 0 | F14: 0.05050272 | G14: 0 | H14: 0 | I14: 0 | J14: 0.05050272
A15: 12 | B15: Social contributions | C15: 199677.68 | D15: 0 | E15: 0 | F15: 199677.68 | G15: 31677.838 | H15: 18152.134 | I15: 0 | J15: 249507.65
A16: 13 | B16: Grants | C16: 244.46364 | D16: 0 | E16: 0 | F16: 244.46364 | G16: 107740.39 | H16: 271797.85 | I16: -379761.8 | J16: 20.891278
A17: 14 | B17: Other revenue | C17: 192519.15 | D17: 0 | E17: 0 | F17: 192519.15 | G17: 43800.618 | H17: 32351.787 | I17: -24660.289 | J17: 244011.27
A18: 1411 | B18: Interest 7/ | C18: 109778.58 | D18: 0 | E18: 0 | F18: 109778.58 | G18: 7413.4556 | H18: 13432.543 | I18: -24660.289 | J18: 105964.29
A19: 14x | B19: Other | C19: 82740.574 | D19: 0 | E19: 0 | F19: 82740.574 | G19: 36387.162 | H19: 18919.243 | I19: 0 | J19: 138046.98
A20: 2M | B20: Expenditure (2+31) 8/ | C20: 1267611.8 | D20: 0 | E20: 0 | F20: 1267611.8 | G20: 466702.17 | H20: 362091.24 | I20: -404422.09 | J20: 1691983.1
A21: 2 | B21: Expense | C21: 1267783.1 | D21: 0 | E21: 0 | F21: 1267783.1 | G21: 455290.72 | H21: 355145.73 | I21: -404422.09 | J21: 1673797.5
A22: 21 | B22: Compensation of employees | C22: 69633.188 | D22: 0 | E22: 0 | F22: 69633.188 | G22: 144779.45 | H22: 153466.29 | I22: 0 | J22: 367878.92
A23: 22 | B23: Use of goods & services | C23: 23109.935 | D23: 0 | E23: 0 | F23: 23109.935 | G23: 62812.352 | H23: 113481.16 | I23: 0 | J23: 199403.45
A24: 23 | B24: Consumption of fixed capital 9/ | C24: 8709.2139 | D24: 0 | E24: 0 | F24: 8709.2139 | G24: 17800.333 | H24: 18950.602 | I24: 0 | J24: 45460.149
A25: 24 | B25: Interest 7/ | C25: 364770.37 | D25: 0 | E25: 0 | F25: 364770.37 | G25: 31640.372 | H25: 3301.5283 | I25: -24660.289 | J25: 375051.99
A26: 25 | B26: Subsidies | C26: 8434.0052 | D26: 0 | E26: 0 | F26: 8434.0052 | G26: 946.72921 | H26: 4377.3436 | I26: 0 | J26: 13758.078
A27: 26 | B27: Grants | C27: 289896.17 | D27: 0 | E27: 0 | F27: 289896.17 | G27: 88577.58 | H27: 2043.1258 | I27: -379761.8 | J27: 755.07444
A28: 27 | B28: Social benefits | C28: 488266.84 | D28: 0 | E28: 0 | F28: 488266.84 | G28: 78572.906 | H28: 27021.224 | I28: 0 | J28: 593860.97
A29: 28 | B29: Other expense | C29: 14963.424 | D29: 0 | E29: 0 | F29: 14963.424 | G29: 30161 | H29: 32504.454 | I29: 0 | J29: 77628.878
A30: 31 | B30: Net acquisition of nonfinancial assets | C30: -171.39179 | D30: 0 | E30: 0 | F30: -171.39179 | G30: 11411.445 | H30: 6945.5087 | I30: 0 | J30: 18185.562
A31: 311 | B31: Fixed assets 10/ | C31: 691.51131 | D31: 0 | E31: 0 | F31: 691.51131 | G31: 11333.557 | H31: 6624.6191 | I31: 0 | J31: 18649.687
A32: 312 | B32: Inventories | C32: 64.560939 | D32: 0 | E32: 0 | F32: 64.560939 | G32: 77.888694 | H32: 322.20949 | I32: 0 | J32: 464.65912
... A34: 314 | B34: Nonproduced assets | C34: -930.07005 | D34: 0 | E34: 0 | F34: -930.07005 | G34: 0 | H34: -1.3199714 | I34: 0 | J34: -931.39002
B35: Net lending (+)/borrowing(-) (1-2M) | C35: -331420.84 | D35: 0 | E35: 0 | F35: -331420.84 | G35: -19219.755 | H35: 34992.352 | I35: 0 | J35: -315648.25
B36: Primary Net lending (+)/borrowing(-) ((1-1411)-(2M-24)) | C36: -76429.052 | D36: 0 | E36: 0 | F36: -76429.052 | G36: 5007.1613 | H36: 24861.337 | I36: 0 | J36: -46560.554
A37: Memo
A38: 1. | B38: Gross fixed capital formation (GFCF) | C38: 9400.7252 | D38: 0 | E38: 0 | F38: 9400.7252 | G38: 29133.889 | H38: 25575.222 | I38: 0 | J38: 64109.836
A39: 2. | B39: Gross operating balance - GOB (1-2+23) | C39: -322883.02 | D39: 0 | E39: 0 | F39: -322883.02 | G39: 9992.0227 | H39: 60888.463 | I39: 0 | J39: -252002.54
A40: 3. | B40: Net operating balance - NOB (1-2) | C40: -331592.24 | D40: 0 | E40: 0 | F40: -331592.24 | G40: -7808.3101 | H40: 41937.861 | I40: 0 | J40: -297462.69
A41: Source: STN, IBGE, IPEA e BCB
A42: n.d.: Data not available
A43: Obs.1: Data subject to change.
A44: Obs.2: The presented data are compiled according to the Government Finance Statistics Manual – GFSM 2014, produced by the IMF.
A45: 1/ Source: SIAFI (Integrated System of Financial Administration). Includes all institutional units from the Fiscal and Social Security Budget, except the Central Bank.
A46: 2/ Internal transactions that should be eliminated in the consolidation process to avoid double counting.
A47: 3/ Source: Accounting Balances Matrix, Siconfi (System of Financial and Accounting Information of the Brazilian Public Sector), RREO (Summarized Statement of Budgetary Execution) and Transparency Portals.
A48: 4/ Source: Accounting Balances Matrix, Siconfi (System of Financial and Accounting Information of the Brazilian Public Sector), RREO (Summarized Statement of Budgetary Execution) and Transparency Portals. For municipalities that did not report data, extrapolation techniques were used in order to increase coverage.
A49: 5/ The consolidated General Government result excludes grants and interest transactions between government units.
A50: 6/ Revenue is compiled on a cash basis, except interest, which is compiled on accrual basis.
A51: 7/ Source: Central Bank, Accounting Reports from FGTS and PIS/PASEP. Until 2019, it includes nominal interest on transactions with foreign exchange reserves and transactions with foreign exchange derivatives carried out by the Central Bank, in accordance with the equalization of losses/gains (Law No. 11,803/2008). As of 2020, according to Law 13,820/2019, the result of these operations does not affect the nominal interest of the National Treasury.
A52: 8/ Expenditure compiled on a accrual basis, except Grants (263), compiled on a cash basis for the consolidation process. From 2010 to 2014, it includes payments from the Central Government to the Banco do Brasil, BNDES and FGTS, whose cashflow is recorded in 2015. In 2015, those payments are not recorded on a accrual basis.
... A54: 10/ The amount of fixed assets excludes the consumption of fixed assets.

Sheet 1.1.a
A1: =" Table 1.1.a. Statement of Government Operations by level of government - Brazil - "&C4 -> Table 1.1.a. Statement of Government Operations by level of government - Brazil - 2st Quarter 2026
A2: GDP %
A4: Statement of Government Operations - General Government | C4: ='1.1'!C4 -> 2st Quarter 2026
C5: Central Government | G5: State governments 3/ | H5: Municipalities 4/ | I5: Consolidation Column 2/ | J5: General Government 5/
C6: Budgetary 1/ | D6: Extrabudgetary | E6: Consolidation Column 2/ | F6: Central Government
A7: 1 | B7: Revenue 6/ | C7: 0.27328232 | D7: 0 | E7: 0 | F7: 0.27328232 | G7: 0.13062403 | H7: 0.11591218 | I7: -0.11805435 | J7: 0.40176418
A8: 11 | B8: Taxes | C8: 0.15872527 | D8: 0 | E8: 0 | F8: 0.15872527 | G8: 0.077140849 | H8: 0.021829468 | I8: 0 | J8: 0.25769559
A9: 111 | B9: Taxes on income, profits, and capital gains | C9: 0.092010062 | D9: 0 | E9: 0 | F9: 0.092010062 | G9: 0 | H9: 0 | I9: 0 | J9: 0.092010062
A10: 112 | B10: Taxes on payroll & workforce | C10: 0.0028947871 | D10: 0 | E10: 0 | F10: 0.0028947871 | G10: 0 | H10: 0 | I10: 0 | J10: 0.0028947871
A11: 113 | B11: Taxes on property | C11: 3.0851936e-05 | D11: 0 | E11: 0 | F11: 3.0851936e-05 | G11: 0.0078314826 | H11: 0.0078014519 | I11: 0 | J11: 0.015663786
A12: 114 | B12: Taxes on goods & services | C12: 0.05416496 | D12: 0 | E12: 0 | F12: 0.05416496 | G12: 0.069309367 | H12: 0.014028017 | I12: 0 | J12: 0.13750234
A13: 115 | B13: Taxes on international trade & transactions | C13: 0.0096245987 | D13: 0 | E13: 0 | F13: 0.0096245987 | G13: 0 | H13: 0 | I13: 0 | J13: 0.0096245987
A14: 116 | B14: Other taxes | C14: 1.4742186e-08 | D14: 0 | E14: 0 | F14: 1.4742186e-08 | G14: 0 | H14: 0 | I14: 0 | J14: 1.4742186e-08
A15: 12 | B15: Social contributions | C15: 0.058287662 | D15: 0 | E15: 0 | F15: 0.058287662 | G15: 0.0092470382 | H15: 0.005298767 | I15: 0 | J15: 0.072833467
A16: 13 | B16: Grants | C16: 7.1361076e-05 | D16: 0 | E16: 0 | F16: 7.1361076e-05 | G16: 0.031450363 | H16: 0.079340171 | I16: -0.1108558 | J16: 6.0983471e-06
A17: 14 | B17: Other revenue | C17: 0.056198027 | D17: 0 | E17: 0 | F17: 0.056198027 | G17: 0.012785784 | H17: 0.0094437698 | I17: -0.0071985542 | J17: 0.071229027
A18: 1411 | B18: Interest 7/ | C18: 0.032045329 | D18: 0 | E18: 0 | F18: 0.032045329 | G18: 0.0021640526 | H18: 0.0039210771 | I18: -0.0071985542 | J18: 0.030931904
A19: 14x | B19: Other | C19: 0.024152698 | D19: 0 | E19: 0 | F19: 0.024152698 | G19: 0.010621731 | H19: 0.0055226928 | I19: 0 | J19: 0.040297122
A20: 2M | B20: Expenditure (2+31) 8/ | C20: 0.37002697 | D20: 0 | E20: 0 | F20: 0.37002697 | G20: 0.13623445 | H20: 0.1056976 | I20: -0.11805435 | J20: 0.49390467
A21: 2 | B21: Expense | C21: 0.370077 | D21: 0 | E21: 0 | F21: 0.370077 | G21: 0.13290335 | H21: 0.10367015 | I21: -0.11805435 | J21: 0.48859615
A22: 21 | B22: Compensation of employees | C22: 0.020326537 | D22: 0 | E22: 0 | F22: 0.020326537 | G22: 0.042262388 | H22: 0.044798153 | I22: 0 | J22: 0.10738708
A23: 22 | B23: Use of goods & services | C23: 0.0067459923 | D23: 0 | E23: 0 | F23: 0.0067459923 | G23: 0.018335476 | H23: 0.033126145 | I23: 0 | J23: 0.058207613
A24: 23 | B24: Consumption of fixed capital 9/ | C24: 0.0025422958 | D24: 0 | E24: 0 | F24: 0.0025422958 | G24: 0.005196073 | H24: 0.0055318468 | I24: 0 | J24: 0.013270216
A25: 24 | B25: Interest 7/ | C25: 0.10647967 | D25: 0 | E25: 0 | F25: 0.10647967 | G25: 0.0092361017 | H25: 0.00096374503 | I25: -0.0071985542 | J25: 0.10948096
A26: 25 | B26: Subsidies | C26: 0.00246196 | D26: 0 | E26: 0 | F26: 0.00246196 | G26: 0.00027635855 | H26: 0.0012777849 | I26: 0 | J26: 0.0040161034
A27: 26 | B27: Grants | C27: 0.084623231 | D27: 0 | E27: 0 | F27: 0.084623231 | G27: 0.025856571 | H27: 0.00059640632 | I27: -0.1108558 | J27: 0.00022041284
A28: 27 | B28: Social benefits | C28: 0.14252936 | D28: 0 | E28: 0 | F28: 0.14252936 | G28: 0.022936119 | H28: 0.0078877319 | I28: 0 | J28: 0.17335322
A29: 28 | B29: Other expense | C29: 0.0043679544 | D29: 0 | E29: 0 | F29: 0.0043679544 | G29: 0.00880426 | H29: 0.0094883348 | I29: 0 | J29: 0.022660549
A30: 31 | B30: Net acquisition of nonfinancial assets | C30: -5.0030763e-05 | D30: 0 | E30: 0 | F30: -5.0030763e-05 | G30: 0.0033311008 | H30: 0.0020274548 | I30: 0 | J30: 0.0053085248
A31: 311 | B31: Fixed assets 10/ | C31: 0.00020185821 | D31: 0 | E31: 0 | F31: 0.00020185821 | G31: 0.0033083644 | H31: 0.0019337843 | I31: 0 | J31: 0.005444007
A32: 312 | B32: Inventories | C32: 1.8845903e-05 | D32: 0 | E32: 0 | F32: 1.8845903e-05 | G32: 2.2736392e-05 | H32: 9.405577e-05 | I32: 0 | J32: 0.00013563807
... A34: 314 | B34: Nonproduced assets | C34: -0.00027149559 | D34: 0 | E34: 0 | F34: -0.00027149559 | G34: 0 | H34: -3.8531121e-07 | I34: 0 | J34: -0.0002718809
B35: Net lending (+)/borrowing(-) (1-2M) | C35: -0.096744647 | D35: 0 | E35: 0 | F35: -0.096744647 | G35: -0.0056104149 | H35: 0.010214574 | I35: 0 | J35: -0.092140487
B36: Primary Net lending (+)/borrowing(-) ((1-1411)-(2M-24)) | C36: -0.02231031 | D36: 0 | E36: 0 | F36: -0.02231031 | G36: 0.0014616342 | H36: 0.007257242 | I36: 0 | J36: -0.013591433
A37: Memo
A38: 1. | B38: Gross fixed capital formation (GFCF) | C38: 0.002744154 | D38: 0 | E38: 0 | F38: 0.002744154 | G38: 0.0085044374 | H38: 0.0074656311 | I38: 0 | J38: 0.018714223
A39: 2. | B39: Gross operating balance - GOB (1-2+23) | C39: -0.094252382 | D39: 0 | E39: 0 | F39: -0.094252382 | G39: 0.0029167589 | H39: 0.017773876 | I39: 0 | J39: -0.073561747
A40: 3. | B40: Net operating balance - NOB (1-2) | C40: -0.096794677 | D40: 0 | E40: 0 | F40: -0.096794677 | G40: -0.0022793141 | H40: 0.012242029 | I40: 0 | J40: -0.086831963
A41: Source: STN, IBGE, IPEA e BCB
A42: n.d.: Data not available
A43: Obs.1: Data subject to change.
A44: Obs.2: The presented data are compiled according to the Government Finance Statistics Manual – GFSM 2014, produced by the IMF.
A45: 1/ Source: SIAFI (Integrated System of Financial Administration). Includes all institutional units from the Fiscal and Social Security Budget, except the Central Bank.
A46: 2/ Internal transactions that should be eliminated in the consolidation process to avoid double counting.
A47: 3/ Source: Accounting Balances Matrix, Siconfi (System of Financial and Accounting Information of the Brazilian Public Sector), RREO (Summarized Statement of Budgetary Execution) and Transparency Portals.
A48: 4/ Source: Accounting Balances Matrix, Siconfi (System of Financial and Accounting Information of the Brazilian Public Sector), RREO (Summarized Statement of Budgetary Execution) and Transparency Portals. For municipalities that did not report data, extrapolation techniques were used in order to increase coverage.
A49: 5/ The consolidated General Government result excludes grants and interest transactions between government units.
A50: 6/ Revenue is compiled on a cash basis, except interest, which is compiled on accrual basis.
A51: 7/ Source: Central Bank, Accounting Reports from FGTS and PIS/PASEP. Until 2019, it includes nominal interest on transactions with foreign exchange reserves and transactions with foreign exchange derivatives carried out by the Central Bank, in accordance with the equalization of losses/gains (Law No. 11,803/2008). As of 2020, according to Law 13,820/2019, the result of these operations does not affect the nominal interest of the National Treasury.
A52: 8/ Expenditure compiled on a accrual basis, except Grants (263), compiled on a cash basis for the consolidation process. From 2010 to 2014, it includes payments from the Central Government to the Banco do Brasil, BNDES and FGTS, whose cashflow is recorded in 2015. In 2015, those payments are not recorded on a accrual basis.
... A54: 10/ The amount of fixed assets excludes the consumption of fixed assets.

Sheet 1.2
A1: Table 1.2. General Government Statement of Government Operations - Brazil - Time Series - Quarterly
A2: R$ Million - Current Prices
A4: Statement of Government Operations - General Government 1/ | C4: 2010-I | D4: 2010-II | E4: 2010-III | F4: 2010-IV | G4: 2011-I | H4: 2011-II | I4: 2011-III | J4: 2011-IV | K4: 2012-I | L4: 2012-II | M4: 2012-III | N4: 2012-IV | O4: 2013-I | P4: 2013-II | Q4: 2013-III | R4: 2013-IV | S4: 2014-I | T4: 2014-II | U4: 2014-III | V4: 2014-IV | W4: 2015-I | X4: 2015-II | Y4: 2015-III | Z4: 2015-IV | AA4: 2016-I | AB4: 2016-II | AC4: 2016-III | AD4: 2016-IV | AE4: 2017-I | AF4: 2017-II | AG4: 2017-III | AH4: 2017-IV | AI4: 2018-I | AJ4: 2018-II | AK4: 2018-III | AL4: 2018-IV | AM4: 2019-I | AN4: 2019-II | AO4: 2019-III | AP4: 2019-IV | AQ4: 2020-I | AR4: 2020-II | AS4: 2020-III | AT4: 2020-IV | AU4: 2021-I | AV4: 2021-II | AW4: 2021-III | AX4: 2021-IV | AY4: 2022-I | AZ4: 2022-II | BA4: 2022-III | BB4: 2022-IV | BC4: 2023-I | BD4: 2023-II | BE4: 2023-III | BF4: 2023-IV | BG4: 2024-I | BH4: 2024-II | BI4: 2024-III | BJ4: 2024-IV | BK4: 2025-I | BL4: 2025-II | BM4: 2025-III | BN4: 2025-IV | BO4: 2026-I | BP4: 2026-II
A5: 1 | B5: Revenue 2/ | C5: 331864.19 | D5: 335345.48 | E5: 344215.94 | F5: 385608.24 | G5: 395375.94 | H5: 389670.98 | I5: 393437.54 | J5: 423803.34 | K5: 443638.97 | L5: 422229.59 | M5: 438886.99 | N5: 473153.75 | O5: 470288.61 | P5: 469431.83 | Q5: 454516.52 | R5: 542978.94 | S5: 528732.87 | T5: 486959.14 | U5: 482437.04 | V5: 533583.29 | W5: 554163.26 | X5: 561528.69 | Y5: 519408.9 | Z5: 578484.56 | AA5: 629110.93 | AB5: 562384.48 | AC5: 532075.62 | AD5: 628685.02 | AE5: 608399.66 | AF5: 571476.7 | AG5: 566484.8 | AH5: 640924.78 | AI5: 647092.78 | AJ5: 623791.51 | AK5: 629173.78 | AL5: 698650.62 | AM5: 704827.63 | AN5: 656969.3 | AO5: 653007.5 | AP5: 801299.05 | AQ5: 740094.92 | AR5: 485945.45 | AS5: 625809.5 | AT5: 772119.42 | AU5: 822535.09 | AV5: 768243.09 | AW5: 854773.98 | AX5: 954522.48 | AY5: 993716.67 | AZ5: 1018418.6 | BA5: 948388.45 | BB5: 1016820.3 | BC5: 1038771.1 | BD5: 1005096.2 | BE5: 994135.01 | BF5: 1085409.1 | BG5: 1150231.6 | BH5: 1120081.6 | BI5: 1094848.8 | BJ5: 1276349.2 | BK5: 1267408.6 | BL5: 1224387.2 | BM5: 1202702.8 | BN5: 1358832.2 | BO5: 1367720.3 | BP5: 1376334.8
A6: 11 | B6: Taxes | C6: 226743.52 | D6: 221267.62 | E6: 219541.64 | F6: 247862.46 | G6: 270856.71 | H6: 256904.74 | I6: 255035.03 | J6: 272123.58 | K6: 299718.7 | L6: 277240.52 | M6: 270379.18 | N6: 291185.01 | O6: 319507.66 | P6: 304033.89 | Q6: 289091.26 | R6: 339064.1 | S6: 352616.44 | T6: 317672.77 | U6: 305292.06 | V6: 339222.28 | W6: 372895.24 | X6: 340562.4 | Y6: 321287.65 | Z6: 343899.61 | AA6: 386984.04 | AB6: 349808.28 | AC6: 327932.76 | AD6: 381208.13 | AE6: 404400.49 | AF6: 364988.97 | AG6: 351814.4 | AH6: 397646.72 | AI6: 437135.85 | AJ6: 402835.33 | AK6: 391204.18 | AL6: 422168.67 | AM6: 466608.12 | AN6: 419379.57 | AO6: 412451.24 | AP6: 445068.55 | AQ6: 487232.21 | AR6: 319848.61 | AS6: 407423.74 | AT6: 497631.74 | AU6: 554983.13 | AV6: 499847.44 | AW6: 542540.31 | AX6: 599273.7 | AY6: 660642.77 | AZ6: 612995.86 | BA6: 586473.38 | BB6: 621862.98 | BC6: 675320.91 | BD6: 626871.22 | BE6: 605558.88 | BF6: 677104.88 | BG6: 781545.86 | BH6: 722748.85 | BI6: 715469.33 | BJ6: 787839.27 | BK6: 853387.93 | BL6: 789976.14 | BM6: 767153.21 | BN6: 862366.22 | BO6: 914288.88 | BP6: 882795.01
A7: 111 | B7: Taxes on income, profits, and capital gains | C7: 64726.068 | D7: 63861.408 | E7: 57451.068 | F7: 72446.062 | G7: 81859.49 | H7: 78985.418 | I7: 71037.417 | J7: 82115.773 | K7: 94744.745 | L7: 81465.792 | M7: 64513.346 | N7: 84211.572 | O7: 99570.149 | P7: 88640.495 | Q7: 73383.315 | R7: 99166.087 | S7: 107051.26 | T7: 96064.656 | U7: 81642.302 | V7: 97394.852 | W7: 116003.14 | X7: 103481.57 | Y7: 82492.88 | Z7: 99143.892 | AA7: 117954.15 | AB7: 109844.62 | AC7: 90546.02 | AD7: 134851.9 | AE7: 132552.88 | AF7: 115287.44 | AG7: 95385.86 | AH7: 115455.3 | AI7: 140015.81 | AJ7: 121062.01 | AK7: 102723.67 | AL7: 126938.37 | AM7: 153587.74 | AN7: 126382.35 | AO7: 116130.61 | AP7: 139476.41 | AQ7: 159859.14 | AR7: 113737.51 | AS7: 102296.51 | AT7: 150682.79 | AU7: 182998 | AV7: 159793.91 | AW7: 157931.69 | AX7: 197397.86 | AY7: 243714.65 | AZ7: 224192.31 | BA7: 199940.34 | BB7: 241201.58 | BC7: 263976.33 | BD7: 228537.52 | BE7: 193011.2 | BF7: 254446.29 | BG7: 296499.69 | BH7: 256461.68 | BI7: 226396.63 | BJ7: 285672.87 | BK7: 317296.58 | BL7: 287850.94 | BM7: 247356.77 | BN7: 314957.1 | BO7: 336822.76 | BP7: 315201.45
A8: 112 | B8: Taxes on payroll & workforce | C8: 3418.7599 | D8: 3098.2296 | E8: 2956.8519 | F8: 3057.1909 | G8: 4085.388 | H8: 3397.6365 | I8: 3703.2068 | J8: 3658.3752 | K8: 4630.9157 | L8: 3922.5615 | M8: 4118.8272 | N8: 4015.2922 | O8: 5179.9479 | P8: 4439.2688 | Q8: 4601.0556 | R8: 4505.0836 | S8: 5791.2035 | T8: 4891.3918 | U8: 5070.8751 | V8: 4965.8468 | W8: 6238.7787 | X8: 5188.9355 | Y8: 5283.5052 | Z8: 4875.9211 | AA8: 6346.4553 | AB8: 5370.9235 | AC8: 5377.4208 | AD8: 5095.3595 | AE8: 6473.3913 | AF8: 5446.5085 | AG8: 5546.9605 | AH8: 5265.4041 | AI8: 6674.4333 | AJ8: 5274.793 | AK8: 6306.9678 | AL8: 6149.0829 | AM8: 6085.1358 | AN8: 5815.9127 | AO8: 5558.2111 | AP8: 6779.3255 | AQ8: 5896.7244 | AR8: 5135.2509 | AS8: 5329.6867 | AT8: 6907.333 | AU8: 6020.3926 | AV8: 5887.7185 | AW8: 6072.4424 | AX8: 8241.1927 | AY8: 6813.0924 | AZ8: 6883.8922 | BA8: 7105.6232 | BB8: 8985.3098 | BC8: 7725.5968 | BD8: 7903.395 | BE8: 7806.2111 | BF8: 10115.281 | BG8: 8174.7358 | BH8: 8153.1048 | BI8: 8658.0605 | BJ8: 10682.403 | BK8: 9121.3702 | BL8: 9280.6866 | BM8: 8959.9232 | BN8: 11695.544 | BO8: 9982.9312 | BP8: 9916.7531
A9: 113 | B9: Taxes on property | C9: 21385.642 | D9: 10547.423 | E9: 8908.7342 | F9: 8237.0906 | G9: 24536.498 | H9: 11844.286 | I9: 10069.728 | J9: 9579.6963 | K9: 27529.045 | L9: 13373.52 | M9: 11405.026 | N9: 10407.065 | O9: 30014.849 | P9: 15496.065 | Q9: 12869.905 | R9: 11791.838 | S9: 33041.551 | T9: 16313.675 | U9: 14916.597 | V9: 13169.903 | W9: 36163.01 | X9: 19510.369 | Y9: 15531.943 | Z9: 15367.196 | AA9: 41134.878 | AB9: 19597.639 | AC9: 16220.107 | AD9: 15729.95 | AE9: 42161.769 | AF9: 21239.154 | AG9: 18862.997 | AH9: 16493.853 | AI9: 44801.286 | AJ9: 24084.794 | AK9: 20624.447 | AL9: 18590.937 | AM9: 48647.635 | AN9: 25836.691 | AO9: 22650.387 | AP9: 20710.343 | AQ9: 52818.264 | AR9: 20545.302 | AS9: 24604.467 | AT9: 23754.21 | AU9: 57897.312 | AV9: 29460.471 | AW9: 29029.823 | AX9: 27016.209 | AY9: 62286.751 | AZ9: 39958.73 | BA9: 29988.833 | BB9: 27731.888 | BC9: 74007.006 | BD9: 44752.587 | BE9: 34096.444 | BF9: 32690.678 | BG9: 82152.23 | BH9: 45927.042 | BI9: 37617.082 | BJ9: 36131.655 | BK9: 86797.086 | BL9: 50464.407 | BM9: 41488.667 | BN9: 41491.932 | BO9: 90638.929 | BP9: 53659.871
A10: 114 | B10: Taxes on goods & services | C10: 132713.88 | D10: 138761.69 | E10: 144089.75 | F10: 158488.02 | G10: 154235.57 | H10: 156439.25 | I10: 162955.53 | J10: 169439 | K10: 166625.4 | L10: 171194.27 | M10: 182187.53 | N10: 183529.88 | O10: 177107.18 | P10: 186581.05 | Q10: 187932.78 | R10: 212860.25 | S10: 196854.13 | T10: 191920.67 | U10: 194471.35 | V10: 214511.24 | W10: 204854.63 | X10: 202860.34 | Y10: 207588.63 | Z10: 215581.21 | AA10: 213046.03 | AB10: 207601.63 | AC10: 208033.43 | AD10: 217734.17 | AE10: 215897.86 | AF10: 215410.04 | AG10: 223372.79 | AH10: 251648.22 | AI10: 236386.8 | AJ10: 242442.11 | AK10: 250256.31 | AL10: 260307.74 | AM10: 248124.84 | AN10: 251049.55 | AO10: 256785.99 | AP10: 266953.5 | AQ10: 257406.98 | AR10: 171101.5 | AS10: 264193.89 | AT10: 302152.84 | AU10: 292189.75 | AV10: 289955.43 | AW10: 334379.24 | AX10: 350336.75 | AY10: 332749.65 | AZ10: 328898.76 | BA10: 333678.81 | BB10: 328810.07 | BC10: 316170.86 | BD10: 329921.16 | BE10: 354915.41 | BF10: 366266.52 | BG10: 379292.97 | BH10: 394255.19 | BI10: 422074.75 | BJ10: 431953.09 | BK10: 417517.36 | BL10: 419712.98 | BM10: 447396.58 | BN10: 471274 | BO10: 452553.65 | BP10: 471045.63
A11: 115 | B11: Taxes on international trade & transactions | C11: 4551.8876 | D11: 4899.0497 | E11: 5729.7134 | F11: 5902.3414 | G11: 5878.7546 | H11: 6109.6272 | I11: 7009.5065 | J11: 7655.1381 | K11: 6927.676 | L11: 7472.9524 | M11: 8279.6498 | N11: 8448.658 | O11: 8181.5663 | P11: 8703.478 | Q11: 10082.097 | R11: 10011.252 | S11: 9722.5319 | T11: 8616.1261 | U11: 9016.0789 | V11: 9418.3048 | W11: 10175.54 | X11: 9340.7564 | Y11: 10391.428 | Z11: 9061.6348 | AA11: 8502.5341 | AB11: 7392.566 | AC11: 7755.7776 | AD11: 7796.7366 | AE11: 7314.6281 | AF11: 7605.8171 | AG11: 8645.7877 | AH11: 8783.9259 | AI11: 9257.4398 | AJ11: 9971.7195 | AK11: 11292.431 | AL11: 10182.506 | AM11: 10162.794 | AN11: 10294.99 | AO11: 11326.024 | AP11: 11148.986 | AQ11: 11251.095 | AR11: 9329.0013 | AS11: 11007.274 | AT11: 14134.527 | AU11: 15877.657 | AV11: 14749.846 | AW11: 15127.129 | AX11: 16281.494 | AY11: 15078.592 | AZ11: 13061.799 | BA11: 15759.625 | BB11: 15134.26 | BC11: 13441.214 | BD11: 15756.532 | BE11: 15729.763 | BF11: 13586.046 | BG11: 15426.244 | BH11: 17951.857 | BI11: 20722.758 | BJ11: 23399.253 | BK11: 22655.527 | BL11: 22667.146 | BM11: 21951.244 | BN11: 22947.798 | BO11: 24290.601 | BP11: 32971.257
A12: 116 | B12: Other taxes | C12: -52.71319 | D12: 99.818262 | E12: 405.51942 | F12: -268.23946 | G12: 261.01043 | H12: 128.52283 | I12: 259.63686 | J12: -324.3998 | K12: -739.08336 | L12: -188.57672 | M12: -125.20343 | N12: 572.54419 | O12: -546.0384 | P12: 173.52766 | Q12: 222.11086 | R12: 729.59074 | S12: 155.77192 | T12: -133.74334 | U12: 174.85307 | V12: -237.86831 | W12: -539.85628 | X12: 180.42962 | Y12: -0.72956566 | Z12: -130.24504 | AA12: 0.00398976 | AB12: 0.90418353 | AC12: 0.00278586 | AD12: 0.01971195 | AE12: -0.04649292 | AF12: 0.01554921 | AG12: 0.00658645 | AH12: 0.02443038 | AI12: 0.08455868 | AJ12: -0.09636363 | AK12: 0.35514443 | AL12: 0.03318715 | AM12: -0.0263559 | AN12: 0.07195094 | AO12: 0.02280933 | AP12: -0.01795274 | AQ12: 0.01302911 | AR12: 0.04339206 | AS12: -8.0848112 | AT12: 0.04306473 | AU12: 0.01895035 | AV12: 0.06019542 | AW12: -0.00841569 | AX12: 0.2018029 | AY12: 0.03930669 | AZ12: 0.37278011 | BA12: 0.14330667 | BB12: -0.12342846 | BC12: -0.09373751 | BD12: 0.02347154 | BE12: -0.15220448 | BF12: 0.06693531 | BG12: -0.00764341 | BH12: -0.0165603 | BI12: 0.0566196 | BJ12: 0.00797802 | BK12: 0.00175875 | BL12: -0.00925819 | BM12: 0.02373601 | BN12: -0.15823844 | BO12: 0.01384707 | BP12: 0.05050272
A13: 12 | B13: Social contributions | C13: 62894.353 | D13: 66332.216 | E13: 69646.268 | F13: 88258.849 | G13: 72915.906 | H13: 77817.944 | I13: 80808.28 | J13: 99950.247 | K13: 84416.208 | L13: 86828.513 | M13: 88053.701 | N13: 109614.71 | O13: 91752.218 | P13: 95363.544 | Q13: 97576.844 | R13: 119874.25 | S13: 103148.91 | T13: 102357.67 | U13: 106464.26 | V13: 127847.48 | W13: 107427.73 | X13: 108837.11 | Y13: 107938.12 | Z13: 130413.56 | AA13: 111470.77 | AB13: 113820.04 | AC13: 112986.33 | AD13: 139607.85 | AE13: 114651.32 | AF13: 119500.13 | AG13: 122414.69 | AH13: 150867.96 | AI13: 121439.58 | AJ13: 125930.76 | AK13: 128625.8 | AL13: 159652.41 | AM13: 129273.66 | AN13: 134469.3 | AO13: 137667.05 | AP13: 170210.43 | AQ13: 135359.58 | AR13: 101610.37 | AS13: 145227.89 | AT13: 190340.37 | AU13: 147450.86 | AV13: 147538.57 | AW13: 161681.44 | AX13: 200197.51 | AY13: 168994.97 | AZ13: 178164.08 | BA13: 183682.89 | BB13: 223860.86 | BC13: 185023.46 | BD13: 191333 | BE13: 195278.62 | BF13: 239702.94 | BG13: 204551.96 | BH13: 205327.21 | BI13: 210904.18 | BJ13: 257508.84 | BK13: 220962.02 | BL13: 227164 | BM13: 233145.87 | BN13: 283424.6 | BO13: 242481.37 | BP13: 249507.65
A14: 13 | B14: Grants | C14: 15.361424 | D14: 15.637164 | E14: 18.350422 | F14: 21.223691 | G14: 5.0481131 | H14: 9.2195459 | I14: 6.221209 | J14: 12.16797 | K14: 7.0671494 | L14: 12.975119 | M14: 7.2469857 | N14: 10.507427 | O14: 13.07976 | P14: 22.30286 | Q14: 19.640501 | R14: 24.645735 | S14: 27.094238 | T14: 7.5856784 | U14: 8.4208036 | V14: 11.466285 | W14: 5.4258308 | X14: 7.0552667 | Y14: 3.5189067 | Z14: 24.301621 | AA14: 5.0993722 | AB14: 12.804824 | AC14: 3.0104712 | AD14: 4.8288563 | AE14: 8.3449584 | AF14: 25.863293 | AG14: 2.8212541 | AH14: 4.7471229 | AI14: 19.863201 | AJ14: 21.65519 | AK14: 17.45068 | AL14: 26.313144 | AM14: 2.0555159 | AN14: 1.9380932 | AO14: 1.7619846 | AP14: 4.9902535 | AQ14: 41.855144 | AR14: 41.808038 | AS14: 44.836952 | AT14: 49.5468 | AU14: 4.8792769 | AV14: 2.1028105 | AW14: 1.2535651 | AX14: 6.6298227 | AY14: 1.5619017 | AZ14: 6.4703622 | BA14: 6.6735952 | BB14: 7.7006304 | BC14: 6.9026434 | BD14: 1.4692821 | BE14: 3.4170482 | BF14: 13.699921 | BG14: 8.3591655 | BH14: 6.5838432 | BI14: 49.316952 | BJ14: 24.728693 | BK14: 8.7237074 | BL14: 18.134145 | BM14: 4.2918297 | BN14: 21.137132 | BO14: 4.5729959 | BP14: 20.891278
A15: 14 | B15: Other revenue | C15: 42210.948 | D15: 47730.014 | E15: 55009.689 | F15: 49465.702 | G15: 51598.276 | H15: 54939.075 | I15: 57588.007 | J15: 51717.344 | K15: 59497.001 | L15: 58147.582 | M15: 80446.866 | N15: 72343.516 | O15: 59015.655 | P15: 70012.094 | Q15: 67828.772 | R15: 84015.942 | S15: 72940.421 | T15: 66921.119 | U15: 70672.297 | V15: 66502.068 | W15: 73834.863 | X15: 112122.13 | Y15: 90179.613 | Z15: 104147.1 | AA15: 130651.02 | AB15: 98743.359 | AC15: 91153.522 | AD15: 107864.2 | AE15: 89339.507 | AF15: 86961.726 | AG15: 92252.894 | AH15: 92405.35 | AI15: 88497.489 | AJ15: 95003.772 | AK15: 109326.36 | AL15: 116803.23 | AM15: 108943.8 | AN15: 103118.49 | AO15: 102887.45 | AP15: 186015.09 | AQ15: 117461.28 | AR15: 64444.667 | AS15: 73113.027 | AT15: 84097.758 | AU15: 120096.22 | AV15: 120854.99 | AW15: 150550.98 | AX15: 155044.63 | AY15: 164077.37 | AZ15: 227252.2 | BA15: 178225.5 | BB15: 171088.73 | BC15: 178419.87 | BD15: 186890.55 | BE15: 193294.1 | BF15: 168587.55 | BG15: 164125.4 | BH15: 191998.93 | BI15: 168425.98 | BJ15: 230976.36 | BK15: 193049.91 | BL15: 207228.93 | BM15: 202399.44 | BN15: 213020.27 | BO15: 210945.43 | BP15: 244011.27
A16: 1411 | B16: Interest 3/ | C16: 15455.896 | D16: 17877.028 | E16: 16753.182 | F16: 20775.85 | G16: 21910.488 | H16: 22428.418 | I16: 21432.239 | J16: 23347.703 | K16: 24643.213 | L16: 26709.76 | M16: 26114.201 | N16: 28467.85 | O16: 24050.247 | P16: 24210.55 | Q16: 24898.365 | R16: 25184.805 | S16: 32568.226 | T16: 28446.701 | U16: 27148.852 | V16: 26942.661 | W16: 39667.42 | X16: 65137.821 | Y16: 43062.392 | Z16: 53900.111 | AA16: 80475.393 | AB16: 60065.687 | AC16: 48270.089 | AD16: 46428.291 | AE16: 42990.617 | AF16: 42691.394 | AG16: 39853.13 | AH16: 40722.93 | AI16: 37056.701 | AJ16: 39020.756 | AK16: 50944.59 | AL16: 54512.777 | AM16: 51831.981 | AN16: 44375.592 | AO16: 38468.324 | AP16: 37202.213 | AQ16: 40798.188 | AR16: 24103.766 | AS16: 26193.788 | AT16: 35077.198 | AU16: 44871.618 | AV16: 41002.548 | AW16: 50613.637 | AX16: 59610.999 | AY16: 66416.449 | AZ16: 81495.711 | BA16: 62285.587 | BB16: 69469.237 | BC16: 75483.607 | BD16: 77807.336 | BE16: 65286.518 | BF16: 65141.363 | BG16: 68896.634 | BH16: 67177.806 | BI16: 66769.151 | BJ16: 67027.991 | BK16: 82909.268 | BL16: 83463.965 | BM16: 84956.181 | BN16: 81479.27 | BO16: 106580.63 | BP16: 105964.29
A17: 14x | B17: Other | C17: 26755.052 | D17: 29852.985 | E17: 38256.508 | F17: 28689.852 | G17: 29687.788 | H17: 32510.656 | I17: 36155.769 | J17: 28369.641 | K17: 34853.788 | L17: 31437.822 | M17: 54332.665 | N17: 43875.666 | O17: 34965.408 | P17: 45801.544 | Q17: 42930.407 | R17: 58831.137 | S17: 40372.195 | T17: 38474.419 | U17: 43523.445 | V17: 39559.406 | W17: 34167.443 | X17: 46984.308 | Y17: 47117.221 | Z17: 50246.984 | AA17: 50175.624 | AB17: 38677.672 | AC17: 42883.434 | AD17: 61435.914 | AE17: 46348.89 | AF17: 44270.331 | AG17: 52399.763 | AH17: 51682.42 | AI17: 51440.789 | AJ17: 55983.016 | AK17: 58381.765 | AL17: 62290.453 | AM17: 57111.814 | AN17: 58742.894 | AO17: 64419.123 | AP17: 148812.87 | AQ17: 76663.091 | AR17: 40340.901 | AS17: 46919.24 | AT17: 49020.561 | AU17: 75224.598 | AV17: 79852.438 | AW17: 99937.341 | AX17: 95433.633 | AY17: 97660.926 | AZ17: 145756.49 | BA17: 115939.92 | BB17: 101619.49 | BC17: 102936.26 | BD17: 109083.21 | BE17: 128007.58 | BF17: 103446.19 | BG17: 95228.764 | BH17: 124821.13 | BI17: 101656.83 | BJ17: 163948.37 | BK17: 110140.65 | BL17: 123764.97 | BM17: 117443.26 | BN17: 131541 | BO17: 104364.8 | BP17: 138046.98
A18: 2M | B18: Expenditure (2+31) 4/ | C18: 343684.15 | D18: 367300.08 | E18: 382786.71 | F18: 441755.57 | G18: 386113.79 | H18: 422841.46 | I18: 429430.66 | J18: 484475.51 | K18: 430342.28 | L18: 463052.46 | M18: 475357.84 | N18: 523905.59 | O18: 469245.41 | P18: 510813.42 | Q18: 531997.63 | R18: 608869.35 | S18: 538816.9 | T18: 555848.42 | U18: 626297.75 | V18: 673050.94 | W18: 639866.87 | X18: 642944.38 | Y18: 738970.85 | Z18: 747722.92 | AA18: 676831.2 | AB18: 679661.02 | AC18: 709001.54 | AD18: 787233.34 | AE18: 680466.32 | AF18: 718265.7 | AG18: 713048.13 | AH18: 805410.85 | AI18: 702983.62 | AJ18: 771574.71 | AK18: 788537.45 | AL18: 831379.93 | AM18: 758478.98 | AN18: 769105.89 | AO18: 760040.13 | AP18: 892869.53 | AQ18: 733465.93 | AR18: 934003.17 | AS18: 872578.23 | AT18: 973944.49 | AU18: 771305.18 | AV18: 929717.88 | AW18: 881550.25 | AX18: 1055717.5 | AY18: 974581.68 | AZ18: 1124004.9 | BA18: 1069484.7 | BB18: 1211077.3 | BC18: 1107093.1 | BD18: 1250061.8 | BE18: 1177850 | BF18: 1423189 | BG18: 1205013.2 | BH18: 1381777.4 | BI18: 1324292.5 | BJ18: 1466892.1 | BK18: 1320460.8 | BL18: 1506286.5 | BM18: 1522721.9 | BN18: 1640096.1 | BO18: 1555674.5 | BP18: 1691983.1
A19: 2 | B19: Expense | C19: 336023.87 | D19: 355245.62 | E19: 367126.54 | F19: 419666.17 | G19: 383743.18 | H19: 416274.3 | I19: 419613.1 | J19: 467122.96 | K19: 427042.2 | L19: 454974.22 | M19: 464616.73 | N19: 506557.88 | O19: 468483.2 | P19: 503759.23 | Q19: 521613.42 | R19: 584244.87 | S19: 531276.81 | T19: 541241.58 | U19: 610003.89 | V19: 657924.48 | W19: 641229.27 | X19: 644503.62 | Y19: 737730.02 | Z19: 737939.16 | AA19: 681594.68 | AB19: 682108.76 | AC19: 711405.75 | AD19: 783565.48 | AE19: 690611.17 | AF19: 728462.84 | AG19: 720417.21 | AH19: 806736.18 | AI19: 712943.67 | AJ19: 778968.07 | AK19: 792170.03 | AL19: 826138.02 | AM19: 770466.39 | AN19: 779125.92 | AO19: 770718.99 | AP19: 890543.76 | AQ19: 743450.69 | AR19: 940663.84 | AS19: 881032.81 | AT19: 965118.85 | AU19: 785463.41 | AV19: 943017.85 | AW19: 892635.51 | AX19: 1046725.3 | AY19: 982233.65 | AZ19: 1121130.6 | BA19: 1053544.8 | BB19: 1182308.8 | BC19: 1110979.6 | BD19: 1245717.4 | BE19: 1161341.6 | BF19: 1394960.4 | BG19: 1206054.5 | BH19: 1365760.1 | BI19: 1295416 | BJ19: 1435091.3 | BK19: 1329051.7 | BL19: 1503829.7 | BM19: 1512491.7 | BN19: 1610446.5 | BO19: 1550698.6 | BP19: 1673797.5
A20: 21 | B20: Compensation of employees | C20: 97580.59 | D20: 98280.96 | E20: 96716.608 | F20: 122746.14 | G20: 106719.11 | H20: 114267.66 | I20: 110526.93 | J20: 133509.52 | K20: 118667.63 | L20: 126225.42 | M20: 123430.03 | N20: 147961.44 | O20: 132089.34 | P20: 141789.48 | Q20: 140293.05 | R20: 168027.08 | S20: 149258.24 | T20: 153808.35 | U20: 154547.12 | V20: 181166.41 | W20: 158347.29 | X20: 169381.13 | Y20: 166905.24 | Z20: 205831.55 | AA20: 167067.89 | AB20: 178758.3 | AC20: 172068.08 | AD20: 218394.41 | AE20: 177187.02 | AF20: 191061.6 | AG20: 181427.3 | AH20: 228578.9 | AI20: 189587.49 | AJ20: 195393.72 | AK20: 192888.25 | AL20: 235388.56 | AM20: 201934.83 | AN20: 207406.4 | AO20: 203203.9 | AP20: 245874.52 | AQ20: 200859.32 | AR20: 208436.3 | AS20: 207360.51 | AT20: 265230.32 | AU20: 206985.28 | AV20: 223816.06 | AW20: 217762.75 | AX20: 284363.86 | AY20: 225502.8 | AZ20: 255059.82 | BA20: 265497.54 | BB20: 321696.28 | BC20: 259804.15 | BD20: 281863.8 | BE20: 282242.89 | BF20: 357297.45 | BG20: 283832.95 | BH20: 312840.2 | BI20: 307434.29 | BJ20: 377702.26 | BK20: 309640.43 | BL20: 340514.97 | BM20: 341918.92 | BN20: 418070.4 | BO20: 347822.27 | BP20: 367878.92
A21: 22 | B21: Use of goods & services | C21: 43767.945 | D21: 50359.242 | E21: 52343.658 | F21: 59821.211 | G21: 45915.739 | H21: 55086.262 | I21: 56484.872 | J21: 68130.012 | K21: 52620.063 | L21: 61549.872 | M21: 63237.639 | N21: 73113.196 | O21: 52417.707 | P21: 67052.203 | Q21: 68223.358 | R21: 81957.663 | S21: 62936.922 | T21: 74190.418 | U21: 78224.602 | V21: 84669.19 | W21: 61418.493 | X21: 74518.032 | Y21: 77189.138 | Z21: 86589.883 | AA21: 65239.982 | AB21: 82982.66 | AC21: 79218.559 | AD21: 92798.414 | AE21: 64331.902 | AF21: 80430.67 | AG21: 79690.407 | AH21: 96762.951 | AI21: 74154.306 | AJ21: 87646.678 | AK21: 89511.879 | AL21: 99947.232 | AM21: 80131.576 | AN21: 94219.163 | AO21: 95216.919 | AP21: 106985.3 | AQ21: 81863.322 | AR21: 93150.58 | AS21: 95365.828 | AT21: 118299.98 | AU21: 82653.163 | AV21: 107825.41 | AW21: 109394.71 | AX21: 142759.46 | AY21: 102057.14 | AZ21: 136009.39 | BA21: 145156.71 | BB21: 159185.69 | BC21: 119663.73 | BD21: 148435.66 | BE21: 148899.25 | BF21: 192127.54 | BG21: 138909.84 | BH21: 174804.07 | BI21: 179704.62 | BJ21: 199422.48 | BK21: 141089.73 | BL21: 176445.22 | BM21: 191942.84 | BN21: 217054.61 | BO21: 173246.44 | BP21: 199403.45
A22: 23 | B22: Consumption of fixed capital 5/ | C22: 12295 | D22: 12613 | E22: 12821 | F22: 12930 | G22: 13769.897 | H22: 14168.894 | I22: 14391.892 | J22: 14514.891 | K22: 15287 | L22: 15653 | M22: 15940 | N22: 16057 | O22: 16987 | P22: 17419 | Q22: 17766 | R22: 17921 | S22: 18990 | T22: 19439 | U22: 19754 | V22: 19896 | W22: 21231 | X22: 21674 | Y22: 22186 | Z22: 22498 | AA22: 23484.347 | AB22: 23971.092 | AC22: 24320.813 | AD22: 24421.748 | AE22: 24845.506 | AF22: 25109.149 | AG22: 25651.161 | AH22: 25797.184 | AI22: 26068.571 | AJ22: 26364.951 | AK22: 26833.392 | AL22: 27444.086 | AM22: 28840.906 | AN22: 28340.459 | AO22: 28649.758 | AP22: 29208.878 | AQ22: 29484.849 | AR22: 29853.29 | AS22: 30669.18 | AT22: 31946.681 | AU22: 33508.742 | AV22: 35120.995 | AW22: 36292.456 | AX22: 36946.807 | AY22: 37497.797 | AZ22: 38852.452 | BA22: 39813.036 | BB22: 39980.716 | BC22: 41208.98 | BD22: 41559.922 | BE22: 41923.893 | BF22: 42088.204 | BG22: 44265.173 | BH22: 44881.393 | BI22: 43945.572 | BJ22: 44574.872 | BK22: 46770.634 | BL22: 47348.069 | BM22: 48164.467 | BN22: 48513.516 | BO22: 44514.106 | BP22: 45460.149
A23: 24 | B23: Interest 3/ | C23: 63802.838 | D23: 67622.946 | E23: 65488.505 | F23: 78306.26 | G23: 84421.746 | H23: 84899.377 | I23: 79812.133 | J23: 85468.948 | K23: 82484.589 | L23: 82844.235 | M23: 80619.68 | N23: 88412.791 | O23: 91850.888 | P23: 87370.857 | Q23: 88398.104 | R23: 103528.88 | S23: 91924.624 | T23: 91338.967 | U23: 117776.13 | V23: 133172.61 | W23: 190480.72 | X23: 147476.21 | Y23: 229241.08 | Z23: 147758.9 | AA23: 170998.39 | AB23: 145726.91 | AC23: 161448.52 | AD23: 145811.98 | AE23: 154579.91 | AF23: 146925.05 | AG23: 141438.34 | AH23: 149443.7 | AI23: 138489.89 | AJ23: 174633.16 | AK23: 169134.28 | AL23: 136133.07 | AM23: 155628.99 | AN23: 135344.12 | AO23: 116097.8 | AP23: 125088.23 | AQ23: 114689.18 | AR23: 83104.389 | AS23: 108485.42 | AT23: 134490.87 | AU23: 128992.54 | AV23: 129056.75 | AW23: 161377.44 | AX23: 194751.22 | AY23: 210210.41 | AZ23: 227123.99 | BA23: 161407.8 | BB23: 211931.18 | BC23: 235331.86 | BD23: 215902.61 | BE23: 216740.07 | BF23: 222391.59 | BG23: 235925.96 | BH23: 235544.48 | BI23: 237168.45 | BJ23: 263352.54 | BK23: 297707.16 | BL23: 299572.87 | BM23: 327121.36 | BN23: 336780.71 | BO23: 360911.73 | BP23: 375051.99
A24: 25 | B24: Subsidies | C24: 1700.7959 | D24: 1466.9442 | E24: 1578.6463 | F24: 2621.174 | G24: 3700.6878 | H24: 3741.7381 | I24: 2409.5156 | J24: 3150.9096 | K24: 6010.1655 | L24: 4447.87 | M24: 2638.2166 | N24: 2873.2512 | O24: 4297.9234 | P24: 4489.9098 | Q24: 8990.5245 | R24: 9388.3202 | S24: 9091.915 | T24: 5307.9436 | U24: 11734.231 | V24: 6226.6807 | W24: 1904.9502 | X24: 6674.2275 | Y24: 4709.3646 | Z24: 14161.121 | AA24: 13845.364 | AB24: 2487.6245 | AC24: 11242.161 | AD24: 3990.3357 | AE24: 10877.15 | AF24: 2879.4391 | AG24: 9945.806 | AH24: 3168.4846 | AI24: 8250.9214 | AJ24: 2999.0086 | AK24: 9405.8783 | AL24: 8078.8575 | AM24: 8471.7898 | AN24: 2617.4496 | AO24: 6460.053 | AP24: 3695.9799 | AQ24: 5165.0387 | AR24: 3613.8682 | AS24: 4234.1915 | AT24: 3973.9555 | AU24: 4319.8298 | AV24: 3234.5103 | AW24: 5453.0797 | AX24: 4838.9565 | AY24: 6363.7427 | AZ24: 5752.9088 | BA24: 9062.7107 | BB24: 5960.7426 | BC24: 7256.2548 | BD24: 6507.029 | BE24: 8571.5739 | BF24: 6886.9695 | BG24: 7903.9352 | BH24: 7804.6783 | BI24: 8248.3548 | BJ24: 9719.7526 | BK24: 10337.875 | BL24: 9867.4687 | BM24: 12381.194 | BN24: 12049.683 | BO24: 11264.138 | BP24: 13758.078
A25: 26 | B25: Grants | C25: 247.88405 | D25: 371.04073 | E25: 318.90279 | F25: 279.23571 | G25: 131.45448 | H25: 337.66512 | I25: 286.54966 | J25: 359.74292 | K25: 301.33515 | L25: 364.05089 | M25: 214.19397 | N25: 440.94177 | O25: 239.20782 | P25: 242.93638 | Q25: 468.33108 | R25: 948.34327 | S25: 736.72197 | T25: 1011.8033 | U25: 577.78203 | V25: 777.35708 | W25: 678.27203 | X25: 702.7146 | Y25: 661.44935 | Z25: 679.9923 | AA25: 1385.4014 | AB25: 530.1839 | AC25: 765.1381 | AD25: 1921.6941 | AE25: 1216.0905 | AF25: 867.18101 | AG25: 862.18113 | AH25: 671.10281 | AI25: 549.14276 | AJ25: 418.63883 | AK25: 1302.4972 | AL25: 1383.8028 | AM25: 118.81554 | AN25: 160.21606 | AO25: 311.6735 | AP25: 1868.9288 | AQ25: 592.81217 | AR25: 870.28884 | AS25: 132.354 | AT25: 2416.6521 | AU25: 1398.144 | AV25: 1010.6397 | AW25: 1236.2153 | AX25: 1552.5381 | AY25: 168.82167 | AZ25: 345.01515 | BA25: 350.23022 | BB25: 1516.9354 | BC25: 669.91428 | BD25: 994.52082 | BE25: 598.75819 | BF25: 2604.3081 | BG25: 761.45916 | BH25: 1170.5453 | BI25: 713.84034 | BJ25: 959.75874 | BK25: 504.44138 | BL25: 1330.9721 | BM25: 936.7956 | BN25: 1039.4827 | BO25: 1658.7366 | BP25: 755.07444
A26: 27 | B26: Social benefits | C26: 111818.43 | D26: 112337.11 | E26: 125918.63 | F26: 128768.04 | G26: 122350.76 | H26: 128947.1 | I26: 141360.5 | J26: 141146.74 | K26: 138639.68 | L26: 146515.17 | M26: 159953.22 | N26: 159249.28 | O26: 157079.19 | P26: 162893.22 | Q26: 179671.36 | R26: 180129.94 | S26: 180391.02 | T26: 174396.39 | U26: 202848.48 | V26: 208954.23 | W26: 189836.22 | X26: 198488.62 | Y26: 212315.26 | Z26: 232166.76 | AA26: 222138.91 | AB26: 220354.08 | AC26: 237815.39 | AD26: 264067.75 | AE26: 244043.41 | AF26: 253019.81 | AG26: 259417.02 | AH26: 275761.26 | AI26: 260733.58 | AJ26: 263262.56 | AK26: 274326.3 | AL26: 288982.71 | AM26: 278846.8 | AN26: 279458.2 | AO26: 295087.8 | AP26: 312868.03 | AQ26: 288274.66 | AR26: 493284.26 | AS26: 406522.32 | AT26: 375224.41 | AU26: 300329.2 | AV26: 402937.68 | AW26: 320350.11 | AX26: 328829.92 | AY26: 359887.98 | AZ26: 407019.13 | BA26: 378845.87 | BB26: 389094.12 | BC26: 392821.43 | BD26: 488522 | BE26: 405572.92 | BF26: 468118.52 | BG26: 433289.53 | BH26: 520875.7 | BI26: 445392.77 | BJ26: 460648.78 | BK26: 458197.2 | BL26: 554371.45 | BM26: 502151.16 | BN26: 491811.17 | BO26: 526369.26 | BP26: 593860.97
A27: 28 | B27: Other expense | C27: 4810.3932 | D27: 12194.375 | E27: 11940.593 | F27: 14194.112 | G27: 6733.7856 | H27: 14825.606 | I27: 14340.709 | J27: 20842.198 | K27: 13031.734 | L27: 17374.592 | M27: 18583.748 | N27: 18449.987 | O27: 13521.947 | P27: 22501.629 | Q27: 17802.698 | R27: 22343.646 | S27: 17947.366 | T27: 21748.711 | U27: 24541.546 | V27: 23061.999 | W27: 17332.316 | X27: 25588.672 | Y27: 24522.484 | Z27: 28252.964 | AA27: 17434.399 | AB27: 27297.905 | AC27: 24527.083 | AD27: 32159.143 | AE27: 13530.186 | AF27: 28169.938 | AG27: 21984.997 | AH27: 26552.601 | AI27: 15109.769 | AJ27: 28249.353 | AK27: 28767.55 | AL27: 28779.702 | AM27: 16492.698 | AN27: 31579.917 | AO27: 25691.09 | AP27: 64953.899 | AQ27: 22521.512 | AR27: 28350.861 | AS27: 28263.007 | AT27: 33535.982 | AU27: 27276.505 | AV27: 40015.812 | AW27: 40768.761 | AX27: 52682.482 | AY27: 40544.957 | AZ27: 50967.92 | BA27: 53410.883 | BB27: 52943.092 | BC27: 54223.329 | BD27: 61931.902 | BE27: 56792.237 | BF27: 103445.85 | BG27: 61165.661 | BH27: 67839.007 | BI27: 72808.104 | BJ27: 78710.863 | BK27: 64804.225 | BL27: 74378.71 | BM27: 87874.976 | BN27: 85126.868 | BO27: 84911.886 | BP27: 77628.878
A28: 31 | B28: Net acquisition of nonfinancial assets | C28: 7660.2742 | D28: 12054.462 | E28: 15660.173 | F28: 22089.394 | G28: 2370.614 | H28: 6567.1593 | I28: 9817.5615 | J28: 17352.55 | K28: 3300.0796 | L28: 8078.2426 | M28: 10741.103 | N28: 17347.707 | O28: 762.21104 | P28: 7054.1842 | Q28: 10384.208 | R28: 24624.472 | S28: 7540.0909 | T28: 14606.838 | U28: 16293.858 | V28: 15126.466 | W28: -1362.3925 | X28: -1559.2362 | Y28: 1240.8366 | Z28: 9783.7551 | AA28: -4763.4713 | AB28: -2447.7411 | AC28: -2404.2139 | AD28: 3667.8578 | AE28: -10144.843 | AF28: -10197.142 | AG28: -7369.0792 | AH28: -1325.3317 | AI28: -9960.0476 | AJ28: -7393.3628 | AK28: -3632.5786 | AL28: 5241.9024 | AM28: -11987.411 | AN28: -10020.037 | AO28: -10678.866 | AP28: 2325.7659 | AQ28: -9984.7659 | AR28: -6660.6741 | AS28: -8454.5829 | AT28: 8825.6379 | AU28: -14158.23 | AV28: -13299.976 | AW28: -11085.265 | AX28: 8992.2718 | AY28: -7651.9663 | AZ28: 2874.2846 | BA28: 15939.901 | BB28: 28768.567 | BC28: -3886.5856 | BD28: 4344.3624 | BE28: 16508.388 | BF28: 28228.565 | BG28: -1041.2902 | BH28: 16017.276 | BI28: 28876.464 | BJ28: 31800.826 | BK28: -8590.9194 | BL28: 2456.7875 | BM28: 10230.188 | BN28: 29649.616 | BO28: 4975.9626 | BP28: 18185.562
A29: 311 | B29: Fixed assets 6/ | C29: n.d. | D29: n.d. | E29: n.d. | F29: n.d. | G29: n.d. | H29: n.d. | I29: n.d. | J29: n.d. | K29: n.d. | L29: n.d. | M29: n.d. | N29: n.d. | O29: n.d. | P29: n.d. | Q29: n.d. | R29: n.d. | S29: n.d. | T29: n.d. | U29: n.d. | V29: n.d. | W29: n.d. | X29: n.d. | Y29: n.d. | Z29: n.d. | AA29: n.d. | AB29: n.d. | AC29: n.d. | AD29: n.d. | AE29: n.d. | AF29: n.d. | AG29: n.d. | AH29: n.d. | AI29: n.d. | AJ29: n.d. | AK29: n.d. | AL29: n.d. | AM29: n.d. | AN29: n.d. | AO29: n.d. | AP29: n.d. | AQ29: n.d. | AR29: n.d. | AS29: n.d. | AT29: n.d. | AU29: n.d. | AV29: n.d. | AW29: n.d. | AX29: n.d. | AY29: -7640.6712 | AZ29: 3896.266 | BA29: 16302.019 | BB29: 29574.721 | BC29: -4121.6267 | BD29: 6911.5268 | BE29: 15996.39 | BF29: 28735.759 | BG29: -1371.2484 | BH29: 16073.987 | BI29: 28322.028 | BJ29: 36413.923 | BK29: -8464.741 | BL29: 2804.5539 | BM29: 9861.0799 | BN29: 29936.269 | BO29: 4777.3109 | BP29: 18649.687
A30: 312 | B30: Inventories | C30: n.d. | D30: n.d. | E30: n.d. | F30: n.d. | G30: n.d. | H30: n.d. | I30: n.d. | J30: n.d. | K30: n.d. | L30: n.d. | M30: n.d. | N30: n.d. | O30: n.d. | P30: n.d. | Q30: n.d. | R30: n.d. | S30: n.d. | T30: n.d. | U30: n.d. | V30: n.d. | W30: n.d. | X30: n.d. | Y30: n.d. | Z30: n.d. | AA30: n.d. | AB30: n.d. | AC30: n.d. | AD30: n.d. | AE30: n.d. | AF30: n.d. | AG30: n.d. | AH30: n.d. | AI30: n.d. | AJ30: n.d. | AK30: n.d. | AL30: n.d. | AM30: n.d. | AN30: n.d. | AO30: n.d. | AP30: n.d. | AQ30: n.d. | AR30: n.d. | AS30: n.d. | AT30: n.d. | AU30: n.d. | AV30: n.d. | AW30: n.d. | AX30: n.d. | AY30: 283.64613 | AZ30: 402.07283 | BA30: 622.02447 | BB30: 917.30566 | BC30: 427.04873 | BD30: 538.20892 | BE30: 678.90476 | BF30: 1551.4575 | BG30: 507.03753 | BH30: 576.24794 | BI30: 729.61308 | BJ30: 970.17301 | BK30: 263.33842 | BL30: 481.35329 | BM30: 616.75143 | BN30: 1130.7801 | BO30: 562.96267 | BP30: 464.65912
A31: 313 | B31: Valuables | C31: n.d. | D31: n.d. | E31: n.d. | F31: n.d. | G31: n.d. | H31: n.d. | I31: n.d. | J31: n.d. | K31: n.d. | L31: n.d. | M31: n.d. | N31: n.d. | O31: n.d. | P31: n.d. | Q31: n.d. | R31: n.d. | S31: n.d. | T31: n.d. | U31: n.d. | V31: n.d. | W31: n.d. | X31: n.d. | Y31: n.d. | Z31: n.d. | AA31: n.d. | AB31: n.d. | AC31: n.d. | AD31: n.d. | AE31: n.d. | AF31: n.d. | AG31: n.d. | AH31: n.d. | AI31: n.d. | AJ31: n.d. | AK31: n.d. | AL31: n.d. | AM31: n.d. | AN31: n.d. | AO31: n.d. | AP31: n.d. | AQ31: n.d. | AR31: n.d. | AS31: n.d. | AT31: n.d. | AU31: n.d. | AV31: n.d. | AW31: n.d. | AX31: n.d. | AY31: 4.4099901 | AZ31: 5.2544791 | BA31: 3.8562148 | BB31: 4.7020931 | BC31: 4.2473913 | BD31: 6.2783198 | BE31: 3.419102 | BF31: 5.9558578 | BG31: 6.031366 | BH31: 5.0804975 | BI31: 3.6522211 | BJ31: 3.5047744 | BK31: 2.6063276 | BL31: 4.1290769 | BM31: 6.8933927 | BN31: 4.2261205 | BO31: 4.4573793 | BP31: 2.6060109
A32: 314 | B32: Nonproduced assets | C32: n.d. | D32: n.d. | E32: n.d. | F32: n.d. | G32: n.d. | H32: n.d. | I32: n.d. | J32: n.d. | K32: n.d. | L32: n.d. | M32: n.d. | N32: n.d. | O32: n.d. | P32: n.d. | Q32: n.d. | R32: n.d. | S32: n.d. | T32: n.d. | U32: n.d. | V32: n.d. | W32: n.d. | X32: n.d. | Y32: n.d. | Z32: n.d. | AA32: n.d. | AB32: n.d. | AC32: n.d. | AD32: n.d. | AE32: n.d. | AF32: n.d. | AG32: n.d. | AH32: n.d. | AI32: n.d. | AJ32: n.d. | AK32: n.d. | AL32: n.d. | AM32: n.d. | AN32: n.d. | AO32: n.d. | AP32: n.d. | AQ32: n.d. | AR32: n.d. | AS32: n.d. | AT32: n.d. | AU32: n.d. | AV32: n.d. | AW32: n.d. | AX32: n.d. | AY32: -299.35121 | AZ32: -1429.3087 | BA32: -987.99865 | BB32: -1728.1619 | BC32: -196.25506 | BD32: -3111.6517 | BE32: -170.32627 | BF32: -2064.6073 | BG32: -183.11066 | BH32: -638.03883 | BI32: -178.82941 | BJ32: -5586.7748 | BK32: -392.12319 | BL32: -833.2487 | BM32: -254.53669 | BN32: -1421.6592 | BO32: -368.76833 | BP32: -931.39002
B33: Net lending (+)/borrowing(-) (1-2M) | C33: -11819.961 | D33: -31954.597 | E33: -38570.771 | F33: -56147.329 | G33: 9262.1457 | H33: -33170.474 | I33: -35993.127 | J33: -60672.167 | K33: 13296.694 | L33: -40822.87 | M33: -36470.842 | N33: -50751.843 | O33: 1043.198 | P33: -41381.589 | Q33: -77481.116 | R33: -65890.408 | S33: -10084.025 | T33: -68889.276 | U33: -143860.71 | V33: -139467.65 | W33: -85703.613 | X33: -81415.686 | Y33: -219561.95 | Z33: -169238.36 | AA33: -47720.273 | AB33: -117276.53 | AC33: -176925.92 | AD33: -158548.32 | AE33: -72066.662 | AF33: -146789 | AG33: -146563.33 | AH33: -164486.06 | AI33: -55890.839 | AJ33: -147783.19 | AK33: -159363.66 | AL33: -132729.3 | AM33: -53651.348 | AN33: -112136.59 | AO33: -107032.63 | AP33: -91570.479 | AQ33: 6628.9976 | AR33: -448057.72 | AS33: -246768.73 | AT33: -201825.08 | AU33: 51229.91 | AV33: -161474.78 | AW33: -26776.268 | AX33: -101195.05 | AY33: 19134.995 | AZ33: -105586.3 | BA33: -121096.23 | BB33: -194257.05 | BC33: -68321.914 | BD33: -244965.57 | BE33: -183714.97 | BF33: -337779.93 | BG33: -54781.647 | BH33: -261695.77 | BI33: -229443.65 | BJ33: -190542.93 | BK33: -53052.195 | BL33: -281899.3 | BM33: -320019.07 | BN33: -281263.84 | BO33: -187954.27 | BP33: -315648.25
B34: Primary Net lending (+)/borrowing(-) ((1-1411)-(2M-24)) | C34: 36526.981 | D34: 17791.32 | E34: 10164.552 | F34: 1383.0812 | G34: 71773.404 | H34: 29300.485 | I34: 22386.766 | J34: 1449.078 | K34: 71138.07 | L34: 15311.605 | M34: 18034.637 | N34: 9193.0976 | O34: 68843.839 | P34: 21778.717 | Q34: -13981.377 | R34: 12453.663 | S34: 49272.373 | T34: -5997.0093 | U34: -53233.44 | V34: -33237.705 | W34: 65109.687 | X34: 922.70512 | Y34: -33383.26 | Z34: -75379.567 | AA34: 42802.72 | AB34: -31615.307 | AC34: -63747.484 | AD34: -59164.633 | AE34: 39522.628 | AF34: -42555.337 | AG34: -44978.115 | AH34: -55765.297 | AI34: 45542.349 | AJ34: -12170.794 | AK34: -41173.975 | AL34: -51109.012 | AM34: 50145.656 | AN34: -21168.062 | AO34: -29403.153 | AP34: -3684.4636 | AQ34: 80519.992 | AR34: -389057.1 | AS34: -164477.1 | AT34: -102411.4 | AU34: 135350.83 | AV34: -73420.584 | AW34: 83987.536 | AX34: 33945.176 | AY34: 162928.96 | AZ34: 40041.98 | BA34: -21974.02 | BB34: -51795.114 | BC34: 91526.342 | BD34: -106870.3 | BE34: -32261.413 | BF34: -180529.71 | BG34: 112247.68 | BH34: -93329.1 | BI34: -59044.354 | BJ34: 5781.6233 | BK34: 161745.69 | BL34: -65790.401 | BM34: -77853.887 | BN34: -25962.395 | BO34: 66376.823 | BP34: -46560.554
A35: Memo
A36: 1. | B36: Gross fixed capital formation (GFCF) | C36: n.d. | D36: n.d. | E36: n.d. | F36: n.d. | G36: n.d. | H36: n.d. | I36: n.d. | J36: n.d. | K36: n.d. | L36: n.d. | M36: n.d. | N36: n.d. | O36: n.d. | P36: n.d. | Q36: n.d. | R36: n.d. | S36: n.d. | T36: n.d. | U36: n.d. | V36: n.d. | W36: n.d. | X36: n.d. | Y36: n.d. | Z36: n.d. | AA36: n.d. | AB36: n.d. | AC36: n.d. | AD36: n.d. | AE36: n.d. | AF36: n.d. | AG36: n.d. | AH36: n.d. | AI36: n.d. | AJ36: n.d. | AK36: n.d. | AL36: n.d. | AM36: n.d. | AN36: n.d. | AO36: n.d. | AP36: n.d. | AQ36: n.d. | AR36: n.d. | AS36: n.d. | AT36: n.d. | AU36: n.d. | AV36: n.d. | AW36: n.d. | AX36: n.d. | AY36: 29857.125 | AZ36: 42748.718 | BA36: 56115.055 | BB36: 69555.437 | BC36: 37087.354 | BD36: 48471.449 | BE36: 57920.283 | BF36: 70823.963 | BG36: 42893.925 | BH36: 60955.379 | BI36: 72267.6 | BJ36: 80988.795 | BK36: 38305.893 | BL36: 50152.623 | BM36: 58025.547 | BN36: 78449.785 | BO36: 49291.417 | BP36: 64109.836
A37: 2. | B37: Gross operating balance - GOB (1-2+23) | C37: 8135.3129 | D37: -7287.1354 | E37: -10089.598 | F37: -21127.934 | G37: 25402.656 | H37: -12434.421 | I37: -11783.674 | J37: -28804.726 | K37: 31883.774 | L37: -17091.627 | M37: -9789.7387 | N37: -17347.136 | O37: 18792.409 | P37: -16908.405 | Q37: -49330.909 | R37: -23344.936 | S37: 16446.066 | T37: -34843.438 | U37: -107812.86 | V37: -104445.19 | W37: -65835.006 | X37: -61300.922 | Y37: -196135.12 | Z37: -136956.6 | AA37: -28999.397 | AB37: -95753.184 | AC37: -155009.32 | AD37: -130458.72 | AE37: -57365.999 | AF37: -131876.99 | AG37: -128281.25 | AH37: -140014.21 | AI37: -39782.316 | AJ37: -128811.61 | AK37: -136162.85 | AL37: -100043.31 | AM37: -36797.853 | AN37: -93816.17 | AO37: -89061.736 | AP37: -60035.836 | AQ37: 26129.081 | AR37: -424865.1 | AS37: -224554.13 | AT37: -161052.76 | AU37: 70580.421 | AV37: -139653.76 | AW37: -1569.0777 | AX37: -55255.97 | AY37: 48980.825 | AZ37: -63859.567 | BA37: -65343.298 | BB37: -125507.77 | BC37: -30999.519 | BD37: -199061.29 | BE37: -125282.69 | BF37: -267463.16 | BG37: -11557.764 | BH37: -200797.1 | BI37: -156621.62 | BJ37: -114167.23 | BK37: -14872.48 | BL37: -232094.44 | BM37: -261624.41 | BN37: -203100.71 | BO37: -138464.2 | BP37: -252002.54
A38: 3. | B38: Net operating balance - NOB (1-2) | C38: -4159.6871 | D38: -19900.135 | E38: -22910.598 | F38: -34057.934 | G38: 11632.76 | H38: -26603.315 | I38: -26175.566 | J38: -43319.617 | K38: 16596.774 | L38: -32744.627 | M38: -25729.739 | N38: -33404.136 | O38: 1805.4091 | P38: -34327.405 | Q38: -67096.909 | R38: -41265.936 | S38: -2543.9343 | T38: -54282.438 | U38: -127566.86 | V38: -124341.19 | W38: -87066.006 | X38: -82974.922 | Y38: -218321.12 | Z38: -159454.6 | AA38: -52483.744 | AB38: -119724.28 | AC38: -179330.13 | AD38: -154880.47 | AE38: -82211.505 | AF38: -156986.14 | AG38: -153932.41 | AH38: -165811.4 | AI38: -65850.886 | AJ38: -155176.56 | AK38: -162996.24 | AL38: -127487.4 | AM38: -65638.759 | AN38: -122156.63 | AO38: -117711.49 | AP38: -89244.713 | AQ38: -3355.7683 | AR38: -454718.39 | AS38: -255223.31 | AT38: -192999.44 | AU38: 37071.68 | AV38: -174774.76 | AW38: -37861.534 | AX38: -92202.777 | AY38: 11483.029 | AZ38: -102712.02 | BA38: -105156.33 | BB38: -165488.49 | BC38: -72208.499 | BD38: -240621.21 | BE38: -167206.58 | BF38: -309551.36 | BG38: -55822.937 | BH38: -245678.5 | BI38: -200567.19 | BJ38: -158742.1 | BK38: -61643.114 | BL38: -279442.51 | BM38: -309788.88 | BN38: -251614.22 | BO38: -182978.31 | BP38: -297462.69
A40: Source: STN, IBGE, IPEA e BCB
A41: n.d.: Data not available
A42: Obs.1: Data subject to change.
A43: Obs.2: The presented data are compiled according to the Government Finance Statistics Manual – GFSM 2014, produced by the IMF.
A44: 1/ The General Government includes the central government, state governments and municipalities. The consolidated General Government result excludes grants and interest transactions between government units.
A45: 2/ Revenue is compiled on a cash basis, except interest, which is compiled on accrual basis.
A46: 3/ Source: Central Bank. Until 2019, it includes nominal interest on transactions with foreign exchange reserves and transactions with foreign exchange derivatives carried out by the Central Bank, in accordance with the equalization of losses/gains (Law No. 11,803/2008). As of 2020, according to Law 13,820/2019, the result of these operations does not affect the nominal interest of the National Treasury.
A47: 4/ Expenditure compiled on a accrual basis, except Grants (263), compiled on a cash basis for the consolidation process. From 2010 to 2014, it includes payments from the Central Government to the Banco do Brasil, BNDES and FGTS, whose cashflow is recorded in 2015. In 2015, those payments are not recorded on a accrual basis.
A48: 5/ Source: IBGE. Consumption of Fixed Capital is an internal transaction that reflects the decrease in the value of fixed assets due to their use in the production process by an institutional unit. As a result, it is recorded as an expense and at the same time as a transaction that reduces the value of the respective fixed asset so that there is no impact on net lending/borrowing.
A49: 6/ The amount of fixed assets excludes the consumption of fixed assets.

Sheet 1.2.a
A1: Table 1.2. General Government Statement of Government Operations - Brazil - Time Series - Quarterly
A2: GDP %
A4: Statement of Government Operations - General Government 1/ | C4: 2010-I | D4: 2010-II | E4: 2010-III | F4: 2010-IV | G4: 2011-I | H4: 2011-II | I4: 2011-III | J4: 2011-IV | K4: 2012-I | L4: 2012-II | M4: 2012-III | N4: 2012-IV | O4: 2013-I | P4: 2013-II | Q4: 2013-III | R4: 2013-IV | S4: 2014-I | T4: 2014-II | U4: 2014-III | V4: 2014-IV | W4: 2015-I | X4: 2015-II | Y4: 2015-III | Z4: 2015-IV | AA4: 2016-I | AB4: 2016-II | AC4: 2016-III | AD4: 2016-IV | AE4: 2017-I | AF4: 2017-II | AG4: 2017-III | AH4: 2017-IV | AI4: 2018-I | AJ4: 2018-II | AK4: 2018-III | AL4: 2018-IV | AM4: 2019-I | AN4: 2019-II | AO4: 2019-III | AP4: 2019-IV | AQ4: 2020-I | AR4: 2020-II | AS4: 2020-III | AT4: 2020-IV | AU4: 2021-I | AV4: 2021-II | AW4: 2021-III | AX4: 2021-IV | AY4: 2022-I | AZ4: 2022-II | BA4: 2022-III | BB4: 2022-IV | BC4: 2023-I | BD4: 2023-II | BE4: 2023-III | BF4: 2023-IV | BG4: 2024-I | BH4: 2024-II | BI4: 2024-III | BJ4: 2024-IV | BK4: 2025-I | BL4: 2025-II | BM4: 2025-III | BN4: 2025-IV | BO4: 2026-I | BP4: 2026-II
A5: 1 | B5: Revenue 2/ | C5: 0.37439662 | D5: 0.35518429 | E5: 0.34492831 | F5: 0.36468625 | G5: 0.3889464 | H5: 0.35857789 | I5: 0.35370442 | J5: 0.36509438 | K5: 0.39278365 | L5: 0.35687638 | M5: 0.35668854 | N5: 0.37206063 | O5: 0.3787721 | P5: 0.35493644 | Q5: 0.33565103 | R5: 0.38419465 | S5: 0.38148636 | T5: 0.34236918 | U5: 0.32995598 | V5: 0.353712 | W5: 0.38043454 | X5: 0.37941902 | Y5: 0.34438348 | Z5: 0.37299198 | AA5: 0.41932374 | AB5: 0.36072251 | AC5: 0.33736088 | AD5: 0.38503292 | AE5: 0.38368535 | AF5: 0.35044235 | AG5: 0.34360833 | AH5: 0.37253522 | AI5: 0.38469728 | AJ5: 0.35972082 | AK5: 0.35589657 | AL5: 0.3838522 | AM5: 0.40102769 | AN5: 0.35963611 | AO5: 0.3472317 | AP5: 0.416431 | AQ5: 0.39617638 | AR5: 0.27725161 | AS5: 0.32436734 | AT5: 0.37491436 | AU5: 0.38139124 | AV5: 0.34862478 | AW5: 0.37231247 | AX5: 0.40514845 | AY5: 0.42841331 | AZ5: 0.40453875 | BA5: 0.36459904 | BB5: 0.38494266 | BC5: 0.40246567 | BD5: 0.36849377 | BE5: 0.35896543 | BF5: 0.37881154 | BG5: 0.41602208 | BH5: 0.3816605 | BI5: 0.36302124 | BJ5: 0.41660072 | BK5: 0.41901641 | BL5: 0.38257976 | BM5: 0.37169696 | BN5: 0.41455744 | BO5: 0.42071027 | BP5: 0.40176418
A6: 11 | B6: Taxes | C6: 0.25580346 | D6: 0.23435765 | E6: 0.21999598 | F6: 0.23441416 | G6: 0.26645208 | H6: 0.2364055 | I6: 0.22927913 | J6: 0.23442663 | K6: 0.26536127 | L6: 0.23432889 | M6: 0.21974029 | N6: 0.22897098 | O6: 0.25733259 | P6: 0.2298794 | Q6: 0.21348791 | R6: 0.23991099 | S6: 0.25441649 | T6: 0.22334803 | U6: 0.20880018 | V6: 0.22487022 | W6: 0.25599356 | X6: 0.23011443 | Y6: 0.21302323 | Z6: 0.22173763 | AA6: 0.25793797 | AB6: 0.22437269 | AC6: 0.20792474 | AD6: 0.23346776 | AE6: 0.25503391 | AF6: 0.22381944 | AG6: 0.21339735 | AH6: 0.23113073 | AI6: 0.25987768 | AJ6: 0.23230238 | AK6: 0.22128739 | AL6: 0.23194765 | AM6: 0.26548729 | AN6: 0.22957547 | AO6: 0.21931777 | AP6: 0.23129984 | AQ6: 0.26081775 | AR6: 0.18248662 | AS6: 0.21117441 | AT6: 0.24163268 | AU6: 0.25733334 | AV6: 0.22682821 | AW6: 0.23631338 | AX6: 0.25436259 | AY6: 0.28481776 | AZ6: 0.24349573 | BA6: 0.22546418 | BB6: 0.23542174 | BC6: 0.26164905 | BD6: 0.22982689 | BE6: 0.21865712 | BF6: 0.23631196 | BG6: 0.2826738 | BH6: 0.24627196 | BI6: 0.23722961 | BJ6: 0.25715095 | BK6: 0.28213755 | BL6: 0.24684093 | BM6: 0.23708975 | BN6: 0.2630938 | BO6: 0.28123494 | BP6: 0.25769559
A7: 111 | B7: Taxes on income, profits, and capital gains | C7: 0.073021501 | D7: 0.067639405 | E7: 0.057569965 | F7: 0.068515348 | G7: 0.080528305 | H7: 0.07268292 | I7: 0.063863374 | J7: 0.070740374 | K7: 0.083883944 | L7: 0.068856417 | M7: 0.052430743 | N7: 0.06621909 | O7: 0.080194148 | P7: 0.067020895 | Q7: 0.054192059 | R7: 0.070166773 | S7: 0.077238615 | T7: 0.067540733 | U7: 0.055838096 | V7: 0.064562982 | W7: 0.079636462 | X7: 0.069921407 | Y7: 0.054695223 | Z7: 0.063925434 | AA7: 0.078620431 | AB7: 0.070456114 | AC7: 0.05741042 | AD7: 0.082588926 | AE7: 0.083594064 | AF7: 0.070696845 | AG7: 0.057857467 | AH7: 0.067107976 | AI7: 0.083239532 | AJ7: 0.069812631 | AK7: 0.058106368 | AL7: 0.0697424 | AM7: 0.087387233 | AN7: 0.06918384 | AO7: 0.061751557 | AP7: 0.072485176 | AQ7: 0.085573366 | AR7: 0.064891869 | AS7: 0.053021959 | AT7: 0.073166325 | AU7: 0.084852105 | AV7: 0.07251366 | AW7: 0.068790043 | AX7: 0.083785807 | AY7: 0.10507079 | AZ7: 0.08905422 | BA7: 0.076865188 | BB7: 0.09131287 | BC7: 0.10227605 | BD7: 0.083787651 | BE7: 0.069693098 | BF7: 0.088802639 | BG7: 0.10723964 | BH7: 0.087387645 | BI7: 0.075066787 | BJ7: 0.093243699 | BK7: 0.10490104 | BL7: 0.089943721 | BM7: 0.07644595 | BN7: 0.096088249 | BO7: 0.10360656 | BP7: 0.092010062
A8: 112 | B8: Taxes on payroll & workforce | C8: 0.0038569155 | D8: 0.0032815187 | E8: 0.0029629712 | F8: 0.0028913166 | G8: 0.0040189521 | H8: 0.0031265283 | I8: 0.0033292213 | J8: 0.0031515849 | K8: 0.0041000635 | L8: 0.0033154227 | M8: 0.0033474185 | N8: 0.0031573926 | O8: 0.0041719482 | P8: 0.003356522 | Q8: 0.0033977843 | R8: 0.0031876541 | S8: 0.0041784146 | T8: 0.0034390191 | U8: 0.0034681532 | V8: 0.0032918565 | W8: 0.004282938 | X8: 0.003506109 | Y8: 0.0035031204 | Z8: 0.0031438686 | AA8: 0.0042301274 | AB8: 0.0034449972 | AC8: 0.0034095368 | AD8: 0.0031206106 | AE8: 0.0040824241 | AF8: 0.0033399213 | AG8: 0.0033645771 | AH8: 0.0030604972 | AI8: 0.003967957 | AJ8: 0.0030418062 | AK8: 0.0035675806 | AL8: 0.0033784253 | AM8: 0.0034622762 | AN8: 0.0031837291 | AO8: 0.0029555359 | AP8: 0.0035231807 | AQ8: 0.003156545 | AR8: 0.0029298692 | AS8: 0.0027624641 | AT8: 0.0033539609 | AU8: 0.0027915223 | AV8: 0.0026718165 | AW8: 0.0026449636 | AX8: 0.0034979862 | AY8: 0.0029372754 | AZ8: 0.0027344366 | BA8: 0.0027316901 | BB8: 0.003401613 | BC8: 0.0029932363 | BD8: 0.002897585 | BE8: 0.0028186915 | BF8: 0.0035302682 | BG8: 0.0029566834 | BH8: 0.0027781173 | BI8: 0.0028707706 | BJ8: 0.0034867393 | BK8: 0.0030156051 | BL8: 0.0028999019 | BM8: 0.0027690766 | BN8: 0.0035681187 | BO8: 0.0030707461 | BP8: 0.0028947871
A9: 113 | B9: Taxes on property | C9: 0.024126472 | D9: 0.011171401 | E9: 0.0089271711 | F9: 0.0077901699 | G9: 0.024137489 | H9: 0.010899192 | I9: 0.00905279 | J9: 0.0082526326 | K9: 0.024373329 | L9: 0.01130355 | M9: 0.0092689967 | N9: 0.0081835114 | O9: 0.024174065 | P9: 0.011716543 | Q9: 0.0095041587 | R9: 0.0083435298 | S9: 0.023839828 | T9: 0.011469749 | U9: 0.010201995 | V9: 0.0087303199 | W9: 0.024826001 | X9: 0.013182951 | Y9: 0.010298138 | Z9: 0.0099083732 | AA9: 0.027417789 | AB9: 0.012570243 | AC9: 0.010284308 | AD9: 0.0096336775 | AE9: 0.026589188 | AF9: 0.013024326 | AG9: 0.011441583 | AH9: 0.0095869928 | AI9: 0.026634407 | AJ9: 0.013888938 | AK9: 0.011666363 | AL9: 0.010214221 | AM9: 0.027679177 | AN9: 0.014143442 | AO9: 0.012044168 | AP9: 0.010763059 | AQ9: 0.028273871 | AR9: 0.011721929 | AS9: 0.012752899 | AT9: 0.011534219 | AU9: 0.026845697 | AV9: 0.013369011 | AW9: 0.012644471 | AX9: 0.011467069 | AY9: 0.026853201 | AZ9: 0.015872505 | BA9: 0.011528925 | BB9: 0.010498598 | BC9: 0.028673572 | BD9: 0.016407433 | BE9: 0.012311652 | BF9: 0.01140916 | BG9: 0.02971327 | BH9: 0.01564934 | BI9: 0.012472772 | BJ9: 0.011793382 | BK9: 0.028695879 | BL9: 0.015768427 | BM9: 0.01282213 | BN9: 0.012658508 | BO9: 0.027880503 | BP9: 0.015663786
A10: 114 | B10: Taxes on goods & services | C10: 0.14972278 | D10: 0.14697073 | E10: 0.14438795 | F10: 0.14988892 | G10: 0.15172741 | H10: 0.14395647 | I10: 0.14649871 | J10: 0.14596682 | K10: 0.14752476 | L10: 0.14469661 | M10: 0.14806592 | N10: 0.14431724 | O10: 0.14264275 | P10: 0.14107355 | Q10: 0.13878446 | R10: 0.15061315 | S10: 0.14203233 | T10: 0.13493477 | U10: 0.13300593 | V10: 0.14219936 | W10: 0.14063324 | X10: 0.13707059 | Y10: 0.13763741 | Z10: 0.13900122 | AA10: 0.14200239 | AB10: 0.13315905 | AC10: 0.13190294 | AD10: 0.13334949 | AE10: 0.13615531 | AF10: 0.13209428 | AG10: 0.13548951 | AH10: 0.14626962 | AI10: 0.14053218 | AJ10: 0.13980869 | AK10: 0.14155924 | AL10: 0.14301812 | AM10: 0.14117627 | AN10: 0.13742877 | AO10: 0.13654397 | AP10: 0.13873436 | AQ10: 0.13779119 | AR10: 0.097620354 | AS10: 0.13693603 | AT10: 0.14671492 | AU10: 0.13548189 | AV10: 0.13158029 | AW10: 0.145645 | AX10: 0.14870094 | AY10: 0.14345576 | AZ10: 0.13064598 | BA10: 0.12827969 | BB10: 0.12447925 | BC10: 0.12249851 | BD10: 0.12095746 | BE10: 0.12815398 | BF10: 0.12782829 | BG10: 0.13718477 | BH10: 0.13433989 | BI10: 0.13994818 | BJ10: 0.1409896 | BK10: 0.13803491 | BL10: 0.13114617 | BM10: 0.13826853 | BN10: 0.14377797 | BO10: 0.13920534 | BP10: 0.13750234
A11: 115 | B11: Taxes on international trade & transactions | C11: 0.0051352674 | D11: 0.0051888741 | E11: 0.0057415712 | F11: 0.0055820974 | G11: 0.0057831553 | H11: 0.0056221206 | I11: 0.006301619 | J11: 0.0065946811 | K11: 0.006133541 | L11: 0.0063162797 | M11: 0.0067289672 | N11: 0.006643534 | O11: 0.0065894623 | P11: 0.0065806818 | Q11: 0.0074454202 | R11: 0.007083644 | S11: 0.0070149096 | T11: 0.0060577896 | U11: 0.0061664195 | V11: 0.0062433879 | W11: 0.0069855349 | X11: 0.0063114507 | Y11: 0.0068898246 | Z11: 0.0058427093 | AA11: 0.0056672268 | AB11: 0.0047417114 | AC11: 0.0049175265 | AD11: 0.0047750467 | AE11: 0.0046129474 | AF11: 0.0046640579 | AG11: 0.0052442089 | AH11: 0.0051056253 | AI11: 0.0055035569 | AJ11: 0.005750375 | AK11: 0.0063876427 | AL11: 0.0055944663 | AM11: 0.0057823525 | AN11: 0.0056356516 | AO11: 0.0060225257 | AP11: 0.0057940707 | AQ11: 0.0060227654 | AR11: 0.0053225741 | AS11: 0.0057052509 | AT11: 0.0068632355 | AU11: 0.0073621167 | AV11: 0.0066934047 | AW11: 0.0065888983 | AX11: 0.0069107037 | AY11: 0.0065007155 | AZ11: 0.0051884398 | BA11: 0.0060586398 | BB11: 0.0057294516 | BC11: 0.0052077179 | BD11: 0.0057767444 | BE11: 0.0056797528 | BF11: 0.0047415771 | BG11: 0.0055794486 | BH11: 0.0061169781 | BI11: 0.0068710868 | BJ11: 0.0076375224 | BK11: 0.0074901164 | BL11: 0.0070827197 | BM11: 0.006784062 | BN11: 0.0070009971 | BO11: 0.0074717805 | BP11: 0.0096245987
A12: 116 | B12: Other taxes | C12: -5.9469027e-05 | D12: 0.00010572344 | E12: 0.00040635866 | F12: -0.00025368557 | G12: 0.00025676593 | H12: 0.00011826758 | I12: 0.00023341622 | J12: -0.00027946109 | K12: -0.00065436058 | L12: -0.00015938858 | M12: -0.00010175428 | N12: 0.0004502155 | O12: -0.00043978125 | P12: 0.0001312039 | Q12: 0.00016402427 | R12: 0.00051623523 | S12: 0.00011239109 | T12: -9.4031705e-05 | U12: 0.00011958828 | V12: -0.00015768274 | W12: -0.00037061276 | X12: 0.0001219144 | Y12: -4.8372364e-07 | Z12: -8.3978656e-05 | AA12: 2.6593101e-09 | AB12: 5.7995795e-07 | AC12: 1.7663658e-09 | AD12: 1.207242e-08 | AE12: -2.9320615e-08 | AF12: 9.5351248e-09 | AG12: 3.9950923e-09 | AH12: 1.420007e-08 | AI12: 5.0270217e-08 | AJ12: -5.5569855e-08 | AK12: 2.0088994e-07 | AL12: 1.8233663e-08 | AM12: -1.4995788e-08 | AN12: 3.9387162e-08 | AO12: 1.2128685e-08 | AP12: -9.3299468e-09 | AQ12: 6.9745453e-09 | AR12: 2.4756932e-08 | AS12: -4.1904903e-06 | AT12: 2.0910737e-08 | AU12: 8.7868562e-09 | AV12: 2.7316373e-08 | AW12: -3.665608e-09 | AX12: 8.5655533e-08 | AY12: 1.6945986e-08 | AZ12: 1.4807663e-07 | BA12: 5.5092904e-08 | BB12: -4.6726921e-08 | BC12: -3.6318038e-08 | BD12: 8.6052618e-09 | BE12: -5.4958477e-08 | BF12: 2.3360656e-08 | BG12: -2.7645106e-09 | BH12: -5.6428143e-09 | BI12: 1.8773475e-08 | BJ12: 2.6040278e-09 | BK12: 5.814582e-10 | BL12: -2.8928725e-09 | BM12: 7.3356465e-09 | BN12: -4.8275954e-08 | BO12: 4.2593539e-09 | BP12: 1.4742186e-08
A13: 12 | B13: Social contributions | C13: 0.070955029 | D13: 0.070256384 | E13: 0.069790403 | F13: 0.083470179 | G13: 0.07173016 | H13: 0.071608602 | I13: 0.072647482 | J13: 0.08610426 | K13: 0.074739389 | L13: 0.073389089 | M13: 0.071562262 | N13: 0.086194646 | O13: 0.07389756 | P13: 0.072104179 | Q13: 0.072058479 | R13: 0.08481921 | S13: 0.074423032 | T13: 0.071965195 | U13: 0.072814724 | V13: 0.084750006 | W13: 0.073749421 | X13: 0.073540085 | Y13: 0.071566168 | Z13: 0.084087312 | AA13: 0.074299043 | AB13: 0.073006018 | AC13: 0.071638627 | AD13: 0.08550167 | AE13: 0.072304501 | AF13: 0.073280167 | AG13: 0.074252134 | AH13: 0.087691461 | AI13: 0.072195947 | AJ13: 0.072620283 | AK13: 0.072758086 | AL13: 0.087716129 | AM13: 0.073553187 | AN13: 0.073610773 | AO13: 0.073203393 | AP13: 0.088457485 | AQ13: 0.072458635 | AR13: 0.057972841 | AS13: 0.075274001 | AT13: 0.092422671 | AU13: 0.068369689 | AV13: 0.066952246 | AW13: 0.070423312 | AX13: 0.084974125 | AY13: 0.072857481 | AZ13: 0.070770774 | BA13: 0.070615164 | BB13: 0.084748109 | BC13: 0.071686235 | BD13: 0.070147531 | BE13: 0.070511825 | BF13: 0.08365716 | BG13: 0.073983476 | BH13: 0.069963909 | BI13: 0.069929926 | BJ13: 0.084050955 | BK13: 0.073051985 | BL13: 0.070981098 | BM13: 0.072054052 | BN13: 0.0864682 | BO13: 0.074587186 | BP13: 0.072833467
A14: 13 | B14: Grants | C14: 1.7330177e-05 | D14: 1.6562248e-05 | E14: 1.8388399e-05 | F14: 2.0072155e-05 | G14: 4.9660216e-06 | H14: 8.483889e-06 | I14: 5.5929314e-06 | J14: 1.0482356e-05 | K14: 6.2570263e-06 | L14: 1.0966815e-05 | M14: 5.8897091e-06 | N14: 8.2624303e-06 | O14: 1.0534485e-05 | P14: 1.6863147e-05 | Q14: 1.4504103e-05 | R14: 1.7438539e-05 | S14: 1.9548779e-05 | T14: 5.3333068e-06 | U14: 5.7592894e-06 | V14: 7.6009924e-06 | W14: 3.7248471e-06 | X14: 4.7671693e-06 | Y14: 2.3331393e-06 | Z14: 1.5669061e-05 | AA14: 3.3989042e-06 | AB14: 8.2132214e-06 | AC14: 1.9087798e-06 | AD14: 2.957393e-06 | AE14: 5.262722e-06 | AF14: 1.5859952e-05 | AG14: 1.7112664e-06 | AH14: 2.7592481e-06 | AI14: 1.1808692e-05 | AJ14: 1.2487863e-05 | AK14: 9.8710999e-06 | AL14: 1.4456951e-05 | AM14: 1.1695325e-06 | AN14: 1.060945e-06 | AO14: 9.3692175e-07 | AP14: 2.5934091e-06 | AQ14: 2.240526e-05 | AR14: 2.3853183e-05 | AS14: 2.3239728e-05 | AT14: 2.4058205e-05 | AU14: 2.2624123e-06 | AV14: 9.5424462e-07 | AW14: 5.4601327e-07 | AX14: 2.8140378e-06 | AY14: 6.7337048e-07 | AZ14: 2.5701732e-06 | BA14: 2.565601e-06 | BB14: 2.9152656e-06 | BC14: 2.6743879e-06 | BD14: 5.3867608e-07 | BE14: 1.2338386e-06 | BF14: 4.7813201e-06 | BG14: 3.0233889e-06 | BH14: 2.2434017e-06 | BI14: 1.6352121e-05 | BJ14: 8.0714518e-06 | BK14: 2.8841343e-06 | BL14: 5.6663093e-06 | BM14: 1.3263959e-06 | BN14: 6.4485926e-06 | BO14: 1.4066519e-06 | BP14: 6.0983471e-06
A15: 14 | B15: Other revenue | C15: 0.047620794 | D15: 0.050553688 | E15: 0.055123534 | F15: 0.046781837 | G15: 0.050759194 | H15: 0.050555311 | I15: 0.051772216 | J15: 0.044553003 | K15: 0.052676727 | L15: 0.049147428 | M15: 0.065380099 | N15: 0.05688674 | O15: 0.047531416 | P15: 0.052936 | Q15: 0.050090143 | R15: 0.059447011 | S15: 0.052627286 | T15: 0.047050618 | U15: 0.048335317 | V15: 0.044084176 | W15: 0.050687828 | X15: 0.075759741 | Y15: 0.059791754 | Z15: 0.067151371 | AA15: 0.087083326 | AB15: 0.063335588 | AC15: 0.057795605 | AD15: 0.066060537 | AE15: 0.056341682 | AF15: 0.053326883 | AG15: 0.055957128 | AH15: 0.053710277 | AI15: 0.052611843 | AJ15: 0.054785668 | AK15: 0.061841221 | AL15: 0.064173959 | AM15: 0.061986047 | AN15: 0.056448804 | AO15: 0.054709607 | AP15: 0.096671085 | AQ15: 0.062877589 | AR15: 0.0367683 | AS15: 0.037895682 | AT15: 0.04083495 | AU15: 0.055685947 | AV15: 0.054843374 | AW15: 0.065575237 | AX15: 0.065808919 | AY15: 0.070737398 | AZ15: 0.090269677 | BA15: 0.068517121 | BB15: 0.064769903 | BC15: 0.069127711 | BD15: 0.068518815 | BE15: 0.069795246 | BF15: 0.05883764 | BG15: 0.059361776 | BH15: 0.065422385 | BI15: 0.055845344 | BJ15: 0.075390746 | BK15: 0.063823998 | BL15: 0.064752061 | BM15: 0.062551826 | BN15: 0.064988994 | BO15: 0.064886739 | BP15: 0.071229027
A16: 1411 | B16: Interest 3/ | C16: 0.017436757 | D16: 0.018934621 | E16: 0.016787853 | F16: 0.019648613 | G16: 0.021554183 | H16: 0.020638783 | I16: 0.019267805 | J16: 0.020113374 | K16: 0.021818306 | L16: 0.022575591 | M16: 0.021223313 | N16: 0.022385464 | O16: 0.019370153 | P16: 0.018305547 | Q16: 0.018386927 | R16: 0.017819968 | S16: 0.02349832 | T16: 0.020000186 | U16: 0.018568073 | V16: 0.017860272 | W16: 0.027231788 | X16: 0.044012939 | Y16: 0.028551641 | Z16: 0.034753407 | AA16: 0.053639574 | AB16: 0.038527104 | AC16: 0.030605498 | AD16: 0.028434621 | AE16: 0.027111898 | AF16: 0.026179322 | AG16: 0.024173407 | AH16: 0.023670057 | AI16: 0.022030244 | AJ16: 0.022502035 | AK16: 0.028817165 | AL16: 0.029950376 | AM16: 0.029490983 | AN16: 0.02429195 | AO16: 0.020455235 | AP16: 0.019333799 | AQ16: 0.021839467 | AR16: 0.013752177 | AS16: 0.01357667 | AT16: 0.017032268 | AU16: 0.020805972 | AV16: 0.018606746 | AW16: 0.022045697 | AX16: 0.025301975 | AY16: 0.028633605 | AZ16: 0.032371927 | BA16: 0.023945109 | BB16: 0.026299312 | BC16: 0.029245673 | BD16: 0.028526143 | BE16: 0.023573863 | BF16: 0.022734562 | BG16: 0.024918913 | BH16: 0.0228904 | BI16: 0.022138783 | BJ16: 0.021877954 | BK16: 0.027410533 | BL16: 0.026079677 | BM16: 0.026255824 | BN16: 0.02485799 | BO16: 0.032784165 | BP16: 0.030931904
A17: 14x | B17: Other | C17: 0.030184037 | D17: 0.031619067 | E17: 0.038335681 | F17: 0.027133224 | G17: 0.02920501 | H17: 0.029916528 | I17: 0.032504411 | J17: 0.024439629 | K17: 0.03085842 | L17: 0.026571837 | M17: 0.044156786 | N17: 0.034501276 | O17: 0.028161263 | P17: 0.034630453 | Q17: 0.031703217 | R17: 0.041627043 | S17: 0.029128966 | T17: 0.027050432 | U17: 0.029767244 | V17: 0.026223904 | W17: 0.023456039 | X17: 0.031746802 | Y17: 0.031240113 | Z17: 0.032397965 | AA17: 0.033443752 | AB17: 0.024808484 | AC17: 0.027190107 | AD17: 0.037625915 | AE17: 0.029229783 | AF17: 0.027147561 | AG17: 0.031783721 | AH17: 0.030040221 | AI17: 0.030581598 | AJ17: 0.032283634 | AK17: 0.033024056 | AL17: 0.034223582 | AM17: 0.032495064 | AN17: 0.032156854 | AO17: 0.034254372 | AP17: 0.077337286 | AQ17: 0.041038122 | AR17: 0.023016122 | AS17: 0.024319012 | AT17: 0.023802681 | AU17: 0.034879975 | AV17: 0.036236628 | AW17: 0.043529541 | AX17: 0.040506944 | AY17: 0.042103793 | AZ17: 0.05789775 | BA17: 0.044572012 | BB17: 0.038470591 | BC17: 0.039882039 | BD17: 0.039992672 | BE17: 0.046221383 | BF17: 0.036103078 | BG17: 0.034442863 | BH17: 0.042531986 | BI17: 0.033706562 | BJ17: 0.053512792 | BK17: 0.036413465 | BL17: 0.038672383 | BM17: 0.036296002 | BN17: 0.040131004 | BO17: 0.032102575 | BP17: 0.040297122
A18: 2M | B18: Expenditure (2+31) 4/ | C18: 0.38773145 | D18: 0.3890293 | E18: 0.3835789 | F18: 0.41778719 | G18: 0.37983488 | H18: 0.38910159 | I18: 0.38606262 | J18: 0.4173617 | K18: 0.38101118 | L18: 0.39138063 | M18: 0.38632881 | N18: 0.41196893 | O18: 0.37793191 | P18: 0.38622497 | Q18: 0.39286923 | R18: 0.43081661 | S18: 0.38876209 | T18: 0.39080356 | U18: 0.42834748 | V18: 0.44616502 | W18: 0.43927029 | X18: 0.43443074 | Y18: 0.48995956 | Z18: 0.48211253 | AA18: 0.45113091 | AB18: 0.43594558 | AC18: 0.4495402 | AD18: 0.48213453 | AE18: 0.42913397 | AF18: 0.44045666 | AG18: 0.43250812 | AH18: 0.46814216 | AI18: 0.41792444 | AJ18: 0.44494271 | AK18: 0.44604175 | AL18: 0.45677625 | AM18: 0.43155385 | AN18: 0.42102158 | AO18: 0.40414548 | AP18: 0.46401971 | AQ18: 0.39262784 | AR18: 0.53288674 | AS18: 0.45227162 | AT18: 0.47291361 | AU18: 0.35763707 | AV18: 0.42190121 | AW18: 0.38397537 | AX18: 0.44810083 | AY18: 0.42016379 | AZ18: 0.44648 | BA18: 0.41115335 | BB18: 0.45848351 | BC18: 0.42893659 | BD18: 0.45830436 | BE18: 0.42530181 | BF18: 0.49669791 | BG18: 0.43583581 | BH18: 0.47083163 | BI18: 0.43909833 | BJ18: 0.47879398 | BK18: 0.43655593 | BL18: 0.47066379 | BM18: 0.47059929 | BN18: 0.50036643 | BO18: 0.47852494 | BP18: 0.49390467
A19: 2 | B19: Expense | C19: 0.37908942 | D19: 0.3762617 | E19: 0.36788632 | F19: 0.3968963 | G19: 0.37750281 | H19: 0.38305845 | I19: 0.37723653 | J19: 0.40241298 | K19: 0.3780894 | L19: 0.38455275 | M19: 0.37759939 | N19: 0.3983277 | O19: 0.37731802 | P19: 0.38089132 | Q19: 0.38520071 | R19: 0.41339311 | S19: 0.38332184 | T19: 0.38053385 | U19: 0.41720352 | V19: 0.43613769 | W19: 0.44020558 | X19: 0.4354843 | Y19: 0.48913685 | Z19: 0.47580421 | AA19: 0.45430593 | AB19: 0.4375156 | AC19: 0.45106458 | AD19: 0.47988818 | AE19: 0.43553178 | AF19: 0.44670977 | AG19: 0.43697792 | AH19: 0.4689125 | AI19: 0.4238457 | AJ19: 0.44920623 | AK19: 0.44809654 | AL19: 0.45389624 | AM19: 0.43837436 | AN19: 0.42650672 | AO19: 0.40982388 | AP19: 0.46281102 | AQ19: 0.39797274 | AR19: 0.53668692 | AS19: 0.45665376 | AT19: 0.46862818 | AU19: 0.36420193 | AV19: 0.42793667 | AW19: 0.38880376 | AX19: 0.44428405 | AY19: 0.42346272 | AZ19: 0.44533827 | BA19: 0.4050254 | BB19: 0.44759245 | BC19: 0.43044242 | BD19: 0.45671161 | BE19: 0.41934091 | BF19: 0.48684604 | BG19: 0.43621243 | BH19: 0.46537385 | BI19: 0.4295237 | BJ19: 0.46841418 | BK19: 0.43939617 | BL19: 0.46989613 | BM19: 0.46743764 | BN19: 0.49132081 | BO19: 0.47699434 | BP19: 0.48859615
A20: 21 | B20: Compensation of employees | C20: 0.11008673 | D20: 0.10409519 | E20: 0.096916766 | F20: 0.11608629 | G20: 0.10498366 | H20: 0.10514988 | I20: 0.099364856 | J20: 0.11501461 | K20: 0.10506449 | L20: 0.1066881 | M20: 0.10031301 | N20: 0.11634828 | O20: 0.10638522 | P20: 0.10720673 | Q20: 0.10360351 | R20: 0.11889062 | S20: 0.1076914 | T20: 0.10813893 | U20: 0.10570032 | V20: 0.12009509 | W20: 0.10870583 | X20: 0.11444905 | Y20: 0.11066312 | Z20: 0.13271489 | AA20: 0.11135641 | AB20: 0.11465847 | AC20: 0.10909923 | AD20: 0.13375385 | AE20: 0.11174244 | AF20: 0.11716326 | AG20: 0.11004696 | AH20: 0.13286066 | AI20: 0.11270994 | AJ20: 0.11267738 | AK20: 0.10910859 | AL20: 0.12932704 | AM20: 0.11489541 | AN20: 0.11353777 | AO20: 0.10805211 | AP20: 0.12777972 | AQ20: 0.10752096 | AR20: 0.11892138 | AS20: 0.10747835 | AT20: 0.12878663 | AU20: 0.095974474 | AV20: 0.10156658 | AW20: 0.094850557 | AX20: 0.12069865 | AY20: 0.097219263 | AZ20: 0.10131549 | BA20: 0.10206804 | BB20: 0.12178615 | BC20: 0.10065956 | BD20: 0.10333842 | BE20: 0.10191316 | BF20: 0.12469805 | BG20: 0.10265826 | BH20: 0.10659826 | BI20: 0.10193661 | BJ20: 0.12328212 | BK20: 0.10236985 | BL20: 0.10639946 | BM20: 0.10567051 | BN20: 0.12754643 | BO20: 0.10699001 | BP20: 0.10738708
A21: 22 | B21: Use of goods & services | C21: 0.04937734 | D21: 0.05333846 | E21: 0.052451985 | F21: 0.056575485 | G21: 0.045169065 | H21: 0.050690754 | I21: 0.050780486 | J21: 0.058692043 | K21: 0.046588108 | L21: 0.052023108 | M21: 0.051393961 | N21: 0.057491972 | O21: 0.042217406 | P21: 0.050698032 | Q21: 0.050381537 | R21: 0.057990639 | S21: 0.045409655 | T21: 0.052161486 | U21: 0.053500609 | V21: 0.056127149 | W21: 0.042163957 | X21: 0.050351049 | Y21: 0.051178684 | Z21: 0.055830932 | AA21: 0.043484657 | AB21: 0.053226421 | AC21: 0.050228279 | AD21: 0.056833618 | AE21: 0.040570714 | AF21: 0.049321894 | AG21: 0.048337197 | AH21: 0.056243117 | AI21: 0.044084807 | AJ21: 0.050543065 | AK21: 0.050633023 | AL21: 0.054912947 | AM21: 0.045592681 | AN21: 0.051577165 | AO21: 0.050630863 | AP21: 0.055599709 | AQ21: 0.043821831 | AR21: 0.053146189 | AS21: 0.049429674 | AT21: 0.057442362 | AU21: 0.038324435 | AV21: 0.04893062 | AW21: 0.047648869 | AX21: 0.06059446 | AY21: 0.043999096 | AZ21: 0.054025983 | BA21: 0.055804136 | BB21: 0.060263711 | BC21: 0.046362996 | BD21: 0.054420276 | BE21: 0.053765014 | BF21: 0.06705318 | BG21: 0.050241673 | BH21: 0.059563348 | BI21: 0.059585025 | BJ21: 0.065091551 | BK21: 0.046645504 | BL21: 0.055133188 | BM21: 0.059320197 | BN21: 0.066219804 | BO21: 0.053290544 | BP21: 0.058207613
A22: 23 | B22: Consumption of fixed capital 5/ | C22: 0.013870754 | D22: 0.013359176 | E22: 0.012847533 | F22: 0.012228456 | G22: 0.013545973 | H22: 0.013038312 | I22: 0.01293846 | J22: 0.012504161 | K22: 0.013534617 | L22: 0.01323021 | M22: 0.012954622 | N22: 0.012626292 | O22: 0.01368139 | P22: 0.01317047 | Q22: 0.013119823 | R22: 0.01268033 | S22: 0.013701486 | T22: 0.01366709 | U22: 0.013510469 | V22: 0.013189045 | W22: 0.014575137 | X22: 0.014644893 | Y22: 0.014709975 | Z22: 0.014506132 | AA22: 0.015653112 | AB22: 0.015375446 | AC22: 0.015420535 | AD22: 0.014956897 | AE22: 0.015668741 | AF22: 0.015397494 | AG22: 0.015559027 | AH22: 0.01499452 | AI22: 0.01549779 | AJ22: 0.015203833 | AK22: 0.015178497 | AL22: 0.015078313 | AM22: 0.016409688 | AN22: 0.015514047 | AO22: 0.015234288 | AP22: 0.015179704 | AQ22: 0.015783382 | AR22: 0.017032514 | AS22: 0.015896339 | AT22: 0.015512198 | AU22: 0.015537259 | AV22: 0.015937728 | AW22: 0.015807844 | AX22: 0.015682126 | AY22: 0.016166132 | AZ22: 0.015433066 | BA22: 0.015305748 | BB22: 0.015135697 | BC22: 0.015966173 | BD22: 0.015236922 | BE22: 0.015138013 | BF22: 0.014688929 | BG22: 0.016010071 | BH22: 0.015293042 | BI22: 0.014571122 | BJ22: 0.01454925 | BK22: 0.015462783 | BL22: 0.014794677 | BM22: 0.014885295 | BN22: 0.014800679 | BO22: 0.013692523 | BP22: 0.013270216
A23: 24 | B23: Interest 3/ | C23: 0.071979948 | D23: 0.071623472 | E23: 0.065624035 | F23: 0.074057589 | G23: 0.083048894 | H23: 0.078124986 | I23: 0.071751935 | J23: 0.073629038 | K23: 0.073029197 | L23: 0.070021503 | M23: 0.065520547 | N23: 0.069522685 | O23: 0.073977029 | P23: 0.066060925 | Q23: 0.065280169 | R23: 0.073253744 | S23: 0.066324589 | T23: 0.064218216 | U23: 0.080551314 | V23: 0.088280031 | W23: 0.13076552 | X23: 0.099648122 | Y23: 0.15199363 | Z23: 0.095271142 | AA23: 0.11397621 | AB23: 0.093471601 | AC23: 0.10236593 | AD23: 0.089301338 | AE23: 0.097485336 | AF23: 0.090097744 | AG23: 0.085791168 | AH23: 0.086863611 | AI23: 0.082332372 | AJ23: 0.10070541 | AK23: 0.095671993 | AL23: 0.074794146 | AM23: 0.088548646 | AN23: 0.074089663 | AO23: 0.06173411 | AP23: 0.06500771 | AQ23: 0.061393672 | AR23: 0.047414429 | AS23: 0.056229772 | AT23: 0.065304095 | AU23: 0.059810975 | AV23: 0.058565292 | AW23: 0.070290902 | AX23: 0.082662439 | AY23: 0.090626374 | AZ23: 0.090218752 | BA23: 0.062051714 | BB23: 0.08023183 | BC23: 0.091177924 | BD23: 0.079155374 | BE23: 0.078261194 | BF23: 0.077615436 | BG23: 0.085330998 | BH23: 0.080260246 | BI23: 0.078638422 | BJ23: 0.085958339 | BK23: 0.098424602 | BL23: 0.093606428 | BM23: 0.10109731 | BN23: 0.10274628 | BO23: 0.11101632 | BP23: 0.10948096
A24: 25 | B24: Subsidies | C24: 0.0019187736 | D24: 0.0015537276 | E24: 0.0015819134 | F24: 0.0024789567 | G24: 0.0036405079 | H24: 0.0034431729 | I24: 0.0021661795 | J24: 0.0027144179 | K24: 0.0053212068 | L24: 0.0037594232 | M24: 0.0021441092 | N24: 0.0022593579 | O24: 0.0034615626 | P24: 0.0033948115 | Q24: 0.0066393162 | R24: 0.0066428772 | S24: 0.0065599129 | T24: 0.0037318866 | U24: 0.008025461 | V24: 0.0041276624 | W24: 0.0013077533 | X24: 0.0045097052 | Y24: 0.0031224482 | Z24: 0.0091307271 | AA24: 0.009228404 | AB24: 0.0015956026 | AC24: 0.0071280569 | AD24: 0.002443848 | AE24: 0.0068596406 | AF24: 0.0017657367 | AG24: 0.006032751 | AH24: 0.0018416703 | AI24: 0.0049051807 | AJ24: 0.0017294333 | AK24: 0.0053205012 | AL24: 0.0044386809 | AM24: 0.0048202173 | AN24: 0.0014328362 | AO24: 0.0034350834 | AP24: 0.0019207818 | AQ24: 0.0027648701 | AR24: 0.0020618586 | AS24: 0.0021946509 | AT24: 0.0019296147 | AU24: 0.0020030091 | AV24: 0.0014678042 | AW24: 0.0023751888 | AX24: 0.0020539021 | AY24: 0.0027435507 | AZ24: 0.0022851846 | BA24: 0.003484074 | BB24: 0.0022565877 | BC24: 0.0028113926 | BD24: 0.0023856418 | BE24: 0.0030950511 | BF24: 0.0024035763 | BG24: 0.0028587387 | BH24: 0.0026593933 | BI24: 0.0027349237 | BJ24: 0.0031725298 | BK24: 0.0034177924 | BL24: 0.0030832516 | BM24: 0.003826425 | BN24: 0.0036761608 | BO24: 0.0034648449 | BP24: 0.0040161034
A25: 26 | B25: Grants | C25: 0.0002796534 | D25: 0.00039299123 | E25: 0.00031956277 | F25: 0.00026408519 | G25: 0.00012931679 | H25: 0.00031072174 | I25: 0.00025761112 | J25: 0.00030990816 | K25: 0.00026679243 | L25: 0.00030770265 | M25: 0.00017407792 | N25: 0.000346731 | O25: 0.00019265882 | P25: 0.0001836837 | Q25: 0.0003458528 | R25: 0.00067101757 | S25: 0.0005315527 | T25: 0.00071137438 | U25: 0.00039516584 | V25: 0.00051530948 | W25: 0.00046563553 | X25: 0.00047481685 | Y25: 0.00043856051 | Z25: 0.00043844156 | AA25: 0.00092341692 | AB25: 0.00034006853 | AC25: 0.00048513341 | AD25: 0.0011769256 | AE25: 0.00076692371 | AF25: 0.00053177487 | AG25: 0.00052296657 | AH25: 0.00039007609 | AI25: 0.0003264659 | AJ25: 0.00024141576 | AK25: 0.00073676669 | AL25: 0.00076028806 | AM25: 6.76028e-05 | AN25: 8.7704984e-05 | AO25: 0.00016572998 | AP25: 0.00097127269 | AQ25: 0.00031733521 | AR25: 0.00049653513 | AS25: 6.860125e-05 | AT25: 0.0011734423 | AU25: 0.00064828833 | AV25: 0.00045862313 | AW25: 0.00053845622 | AX25: 0.00065897705 | AY25: 7.2782767e-05 | AZ25: 0.00013704777 | BA25: 0.00013464272 | BB25: 0.00057427372 | BC25: 0.00025955428 | BD25: 0.00036461655 | BE25: 0.00021620151 | BF25: 0.00090891258 | BG25: 0.00027540874 | BH25: 0.0003988557 | BI25: 0.00023668948 | BJ25: 0.00031326551 | BK25: 0.00016677275 | BL25: 0.00041588393 | BM25: 0.00028951797 | BN25: 0.00031712913 | BO25: 0.00051022679 | BP25: 0.00022041284
A26: 27 | B26: Social benefits | C26: 0.12614932 | D26: 0.1189829 | E26: 0.12617922 | F26: 0.12178146 | G26: 0.12036111 | H26: 0.118658 | I26: 0.12708456 | J26: 0.12159385 | K26: 0.1227471 | L26: 0.12383737 | M26: 0.12999584 | N26: 0.12522438 | O26: 0.12651213 | P26: 0.12316323 | Q26: 0.13268358 | R26: 0.12745423 | S26: 0.13015403 | T26: 0.12261387 | U26: 0.13873535 | V26: 0.13851562 | W26: 0.13032307 | X26: 0.13411667 | Y26: 0.14077131 | Z26: 0.14969516 | AA26: 0.1480631 | AB26: 0.14133867 | AC26: 0.1507861 | AD26: 0.16172611 | AE26: 0.15390522 | AF26: 0.15515743 | AG26: 0.15735258 | AH26: 0.16028524 | AI26: 0.15500636 | AJ26: 0.15181519 | AK26: 0.1551746 | AL26: 0.1587727 | AM26: 0.15865622 | AN26: 0.15298015 | AO26: 0.15691066 | AP26: 0.16259591 | AQ26: 0.15431481 | AR26: 0.28143871 | AS26: 0.21070719 | AT26: 0.18219594 | AU26: 0.13925598 | AV26: 0.18285106 | AW26: 0.13953436 | AX26: 0.13957234 | AY26: 0.1551557 | AZ26: 0.16167714 | BA26: 0.14564374 | BB26: 0.14730128 | BC26: 0.15219631 | BD26: 0.17910456 | BE26: 0.14644556 | BF26: 0.16337499 | BG26: 0.15671454 | BH26: 0.177485 | BI26: 0.14767978 | BJ26: 0.15035588 | BK26: 0.15148402 | BL26: 0.1732224 | BM26: 0.1551905 | BN26: 0.15004353 | BO26: 0.161911 | BP26: 0.17335322
A27: 28 | B27: Other expense | C27: 0.0054269036 | D27: 0.012915786 | E27: 0.011965305 | F27: 0.01342398 | G27: 0.0066242819 | H27: 0.013642623 | I27: 0.012892446 | J27: 0.017954954 | K27: 0.011537877 | L27: 0.014685331 | M27: 0.015103227 | N27: 0.014507999 | O27: 0.010890624 | P27: 0.017013436 | Q27: 0.013146924 | R27: 0.015809654 | S27: 0.012949214 | T27: 0.015290992 | U27: 0.016784843 | V27: 0.015287784 | W27: 0.01189868 | X27: 0.017289996 | Y27: 0.016259133 | Z27: 0.018216785 | AA27: 0.011620617 | AB27: 0.017509318 | AC27: 0.01555132 | AD27: 0.0196956 | AE27: 0.0085327699 | AF27: 0.017274439 | AG27: 0.01333527 | AH27: 0.015433604 | AI27: 0.0089827724 | AJ27: 0.016290508 | AK27: 0.016272567 | AL27: 0.015812126 | AM27: 0.0093838949 | AN27: 0.017287381 | AO27: 0.013661039 | AP27: 0.033756208 | AQ27: 0.012055874 | AR27: 0.016175317 | AS27: 0.01464918 | AT27: 0.016283908 | AU27: 0.012647509 | AV27: 0.018158971 | AW27: 0.017757581 | AX27: 0.022361156 | AY27: 0.017479831 | AZ27: 0.020245603 | BA27: 0.020533312 | BB27: 0.020042928 | BC27: 0.021008505 | BD27: 0.022705806 | BE27: 0.020506721 | BF27: 0.036102962 | BG27: 0.022122733 | BH27: 0.023115699 | BI27: 0.02414113 | BJ27: 0.025691247 | BK27: 0.021424846 | BL27: 0.023240841 | BM27: 0.027157882 | BN27: 0.025970812 | BO27: 0.026118866 | BP27: 0.022660549
A28: 31 | B28: Net acquisition of nonfinancial assets | C28: 0.0086420315 | D28: 0.012767596 | E28: 0.015692582 | F28: 0.020890887 | G28: 0.0023320635 | H28: 0.0060431448 | I28: 0.0088260896 | J28: 0.014948722 | K28: 0.0029217841 | L28: 0.0068278824 | M28: 0.0087294186 | N28: 0.013641229 | O28: 0.00061388745 | P28: 0.0053336542 | Q28: 0.0076685223 | R28: 0.017423494 | S28: 0.0054402553 | T28: 0.010269714 | U28: 0.011143953 | V28: 0.010027324 | W28: -0.00093528603 | X28: -0.0010535595 | Y28: 0.00082271138 | Z28: 0.0063083139 | AA28: -0.0031750149 | AB28: -0.0015700208 | AC28: -0.0015243843 | AD28: 0.0022463491 | AE28: -0.0063978135 | AF28: -0.0062531162 | AG28: -0.0044698057 | AH28: -0.00077034431 | AI28: -0.0059212579 | AJ28: -0.0042635183 | AK28: -0.0020547936 | AL28: 0.0028800028 | AM28: -0.0068205099 | AN28: -0.0054851378 | AO28: -0.0056784044 | AP28: 0.0012086886 | AQ28: -0.0053448933 | AR28: -0.0038001851 | AS28: -0.004382149 | AT28: 0.0042854231 | AU28: -0.0065648567 | AV28: -0.0060354608 | AW28: -0.0048283904 | AX28: 0.0038167828 | AY28: -0.0032989325 | AZ28: 0.0011417304 | BA28: 0.0061279453 | BB28: 0.010891058 | BC28: -0.0015058344 | BD28: 0.0015927534 | BE28: 0.0059609011 | BF28: 0.0098518673 | BG28: -0.00037661957 | BH28: 0.0054577824 | BI28: 0.0095746276 | BJ28: 0.010379798 | BK28: -0.0028402335 | BL28: 0.00076766334 | BM28: 0.0031616537 | BN28: 0.0090456118 | BO28: 0.0015306044 | BP28: 0.0053085248
A29: 311 | B29: Fixed assets 6/ | C29: n.d. | D29: n.d. | E29: n.d. | F29: n.d. | G29: n.d. | H29: n.d. | I29: n.d. | J29: n.d. | K29: n.d. | L29: n.d. | M29: n.d. | N29: n.d. | O29: n.d. | P29: n.d. | Q29: n.d. | R29: n.d. | S29: n.d. | T29: n.d. | U29: n.d. | V29: n.d. | W29: n.d. | X29: n.d. | Y29: n.d. | Z29: n.d. | AA29: n.d. | AB29: n.d. | AC29: n.d. | AD29: n.d. | AE29: n.d. | AF29: n.d. | AG29: n.d. | AH29: n.d. | AI29: n.d. | AJ29: n.d. | AK29: n.d. | AL29: n.d. | AM29: n.d. | AN29: n.d. | AO29: n.d. | AP29: n.d. | AQ29: n.d. | AR29: n.d. | AS29: n.d. | AT29: n.d. | AU29: n.d. | AV29: n.d. | AW29: n.d. | AX29: n.d. | AY29: -0.0032940629 | AZ29: 0.0015476844 | BA29: 0.0062671581 | BB29: 0.011196248 | BC29: -0.0015968996 | BD29: 0.002533941 | BE29: 0.0057760273 | BF29: 0.01002888 | BG29: -0.00049596067 | BH29: 0.0054771061 | BI29: 0.0093907921 | BJ29: 0.011885514 | BK29: -0.0027985177 | BL29: 0.0008763286 | BM29: 0.0030475803 | BN29: 0.0091330649 | BO29: 0.0014694992 | BP29: 0.005444007
A30: 312 | B30: Inventories | C30: n.d. | D30: n.d. | E30: n.d. | F30: n.d. | G30: n.d. | H30: n.d. | I30: n.d. | J30: n.d. | K30: n.d. | L30: n.d. | M30: n.d. | N30: n.d. | O30: n.d. | P30: n.d. | Q30: n.d. | R30: n.d. | S30: n.d. | T30: n.d. | U30: n.d. | V30: n.d. | W30: n.d. | X30: n.d. | Y30: n.d. | Z30: n.d. | AA30: n.d. | AB30: n.d. | AC30: n.d. | AD30: n.d. | AE30: n.d. | AF30: n.d. | AG30: n.d. | AH30: n.d. | AI30: n.d. | AJ30: n.d. | AK30: n.d. | AL30: n.d. | AM30: n.d. | AN30: n.d. | AO30: n.d. | AP30: n.d. | AQ30: n.d. | AR30: n.d. | AS30: n.d. | AT30: n.d. | AU30: n.d. | AV30: n.d. | AW30: n.d. | AX30: n.d. | AY30: 0.00012228614 | AZ30: 0.00015971236 | BA30: 0.00023913147 | BB30: 0.00034726893 | BC30: 0.00016545748 | BD30: 0.00019732104 | BE30: 0.00024514109 | BF30: 0.00054146407 | BG30: 0.00018338812 | BH30: 0.00019635273 | BI30: 0.00024191928 | BJ30: 0.00031666473 | BK30: 8.7061994e-05 | BL30: 0.00015040669 | BM30: 0.00019060788 | BN30: 0.00034498249 | BO30: 0.00017316712 | BP30: 0.00013563807
A31: 313 | B31: Valuables | C31: n.d. | D31: n.d. | E31: n.d. | F31: n.d. | G31: n.d. | H31: n.d. | I31: n.d. | J31: n.d. | K31: n.d. | L31: n.d. | M31: n.d. | N31: n.d. | O31: n.d. | P31: n.d. | Q31: n.d. | R31: n.d. | S31: n.d. | T31: n.d. | U31: n.d. | V31: n.d. | W31: n.d. | X31: n.d. | Y31: n.d. | Z31: n.d. | AA31: n.d. | AB31: n.d. | AC31: n.d. | AD31: n.d. | AE31: n.d. | AF31: n.d. | AG31: n.d. | AH31: n.d. | AI31: n.d. | AJ31: n.d. | AK31: n.d. | AL31: n.d. | AM31: n.d. | AN31: n.d. | AO31: n.d. | AP31: n.d. | AQ31: n.d. | AR31: n.d. | AS31: n.d. | AT31: n.d. | AU31: n.d. | AV31: n.d. | AW31: n.d. | AX31: n.d. | AY31: 1.9012446e-06 | AZ31: 2.0871971e-06 | BA31: 1.4824856e-06 | BB31: 1.7800946e-06 | BC31: 1.6456264e-06 | BD31: 2.3017912e-06 | BE31: 1.2345802e-06 | BF31: 2.0786151e-06 | BG31: 2.1814576e-06 | BH31: 1.7311464e-06 | BI31: 1.2109743e-06 | BJ31: 1.1439593e-06 | BK31: 8.6167481e-07 | BL31: 1.2901974e-06 | BM31: 2.1304125e-06 | BN31: 1.2893201e-06 | BO31: 1.3710883e-06 | BP31: 7.6071741e-07
A32: 314 | B32: Nonproduced assets | C32: n.d. | D32: n.d. | E32: n.d. | F32: n.d. | G32: n.d. | H32: n.d. | I32: n.d. | J32: n.d. | K32: n.d. | L32: n.d. | M32: n.d. | N32: n.d. | O32: n.d. | P32: n.d. | Q32: n.d. | R32: n.d. | S32: n.d. | T32: n.d. | U32: n.d. | V32: n.d. | W32: n.d. | X32: n.d. | Y32: n.d. | Z32: n.d. | AA32: n.d. | AB32: n.d. | AC32: n.d. | AD32: n.d. | AE32: n.d. | AF32: n.d. | AG32: n.d. | AH32: n.d. | AI32: n.d. | AJ32: n.d. | AK32: n.d. | AL32: n.d. | AM32: n.d. | AN32: n.d. | AO32: n.d. | AP32: n.d. | AQ32: n.d. | AR32: n.d. | AS32: n.d. | AT32: n.d. | AU32: n.d. | AV32: n.d. | AW32: n.d. | AX32: n.d. | AY32: -0.00012905695 | AZ32: -0.00056775351 | BA32: -0.00037982681 | BB32: -0.00065423876 | BC32: -7.6037852e-05 | BD32: -0.0011408104 | BE32: -6.1501952e-05 | BF32: -0.0007205551 | BG32: -6.6228472e-05 | BH32: -0.00021740757 | BI32: -5.929483e-05 | BJ32: -0.0018235248 | BK32: -0.00012963937 | BL32: -0.00026036215 | BM32: -7.8664912e-05 | BN32: -0.00043372493 | BO32: -0.00011343301 | BP32: -0.0002718809
B33: Net lending (+)/borrowing(-) (1-2M) | C33: -0.013334833 | D33: -0.033845009 | E33: -0.038650595 | F33: -0.053100937 | G33: 0.0091115263 | H33: -0.030523696 | I33: -0.032358195 | J33: -0.052267325 | K33: 0.011772464 | L33: -0.034504256 | M33: -0.029640275 | N33: -0.039908302 | O33: 0.00084019537 | P33: -0.031288535 | Q33: -0.0572182 | R33: -0.04662196 | S33: -0.0072757308 | T33: -0.048434381 | U33: -0.098391498 | V33: -0.092453012 | W33: -0.058835756 | X33: -0.055011721 | Y33: -0.14557608 | Z33: -0.10912054 | AA33: -0.031807177 | AB33: -0.075223067 | AC33: -0.11217932 | AD33: -0.097101605 | AE33: -0.045448616 | AF33: -0.09001431 | AG33: -0.088899791 | AH33: -0.095606933 | AI33: -0.033227157 | AJ33: -0.08522189 | AK33: -0.090145176 | AL33: -0.072924052 | AM33: -0.030526153 | AN33: -0.061385468 | AO33: -0.056913775 | AP33: -0.047588708 | AQ33: 0.0035485343 | AR33: -0.25563512 | AS33: -0.12790428 | AT33: -0.097999245 | AU33: 0.023754171 | AV33: -0.07327643 | AW33: -0.011662894 | AX33: -0.042952385 | AY33: 0.008249521 | AZ33: -0.041941251 | BA33: -0.046554311 | BB33: -0.07354085 | BC33: -0.026470917 | BD33: -0.089810592 | BE33: -0.066336384 | BF33: -0.11788637 | BG33: -0.019813727 | BH33: -0.089171129 | BI33: -0.076077096 | BJ33: -0.062193262 | BK33: -0.017539522 | BL33: -0.088084035 | BM33: -0.098902332 | BN33: -0.085808987 | BO33: -0.057814668 | BP33: -0.092140487
B34: Primary Net lending (+)/borrowing(-) ((1-1411)-(2M-24)) | C34: 0.041208358 | D34: 0.018843842 | E34: 0.010185587 | F34: 0.0013080392 | G34: 0.070606237 | H34: 0.026962506 | I34: 0.020125935 | J34: 0.001248339 | K34: 0.062983355 | L34: 0.012941656 | M34: 0.014656958 | N34: 0.0072289181 | O34: 0.055447071 | P34: 0.016466843 | Q34: -0.010324957 | R34: 0.0088118162 | S34: 0.035550538 | T34: -0.004216352 | U34: -0.036408257 | V34: -0.022033252 | W34: 0.044697971 | X34: 0.00062346212 | Y34: -0.02213409 | Z34: -0.048602808 | AA34: 0.028529462 | AB34: -0.02027857 | AC34: -0.040418892 | AD34: -0.036234889 | AE34: 0.024924822 | AF34: -0.026095888 | AG34: -0.027282029 | AH34: -0.032413378 | AI34: 0.02707497 | AJ34: -0.0070185118 | AK34: -0.023290348 | AL34: -0.028080282 | AM34: 0.02853151 | AN34: -0.011587756 | AO34: -0.0156349 | AP34: -0.0019147968 | AQ34: 0.043102739 | AR34: -0.22197287 | AS34: -0.085251178 | AT34: -0.049727419 | AU34: 0.062759173 | AV34: -0.033317885 | AW34: 0.03658231 | AX34: 0.014408079 | AY34: 0.070242289 | AZ34: 0.015905574 | BA34: -0.0084477058 | BB34: -0.019608332 | BC34: 0.035461334 | BD34: -0.039181361 | BE34: -0.011649054 | BF34: -0.063005494 | BG34: 0.040598357 | BH34: -0.031801283 | BI34: -0.019577456 | BJ34: 0.0018871234 | BK34: 0.053474548 | BL34: -0.020557284 | BM34: -0.024060851 | BN34: -0.0079207012 | BO34: 0.020417488 | BP34: -0.013591433
A35: Memo
A36: 1. | B36: Gross fixed capital formation (GFCF) | C36: n.d. | D36: n.d. | E36: n.d. | F36: n.d. | G36: n.d. | H36: n.d. | I36: n.d. | J36: n.d. | K36: n.d. | L36: n.d. | M36: n.d. | N36: n.d. | O36: n.d. | P36: n.d. | Q36: n.d. | R36: n.d. | S36: n.d. | T36: n.d. | U36: n.d. | V36: n.d. | W36: n.d. | X36: n.d. | Y36: n.d. | Z36: n.d. | AA36: n.d. | AB36: n.d. | AC36: n.d. | AD36: n.d. | AE36: n.d. | AF36: n.d. | AG36: n.d. | AH36: n.d. | AI36: n.d. | AJ36: n.d. | AK36: n.d. | AL36: n.d. | AM36: n.d. | AN36: n.d. | AO36: n.d. | AP36: n.d. | AQ36: n.d. | AR36: n.d. | AS36: n.d. | AT36: n.d. | AU36: n.d. | AV36: n.d. | AW36: n.d. | AX36: n.d. | AY36: 0.012872069 | AZ36: 0.016980751 | BA36: 0.021572906 | BB36: 0.026331945 | BC36: 0.014369274 | BD36: 0.017770863 | BE36: 0.02091404 | BF36: 0.024717809 | BG36: 0.015514111 | BH36: 0.020770148 | BI36: 0.023961914 | BJ36: 0.026434764 | BK36: 0.012664265 | BL36: 0.015671005 | BM36: 0.017932875 | BN36: 0.023933743 | BO36: 0.015162022 | BP36: 0.018714223
A37: 2. | B37: Gross operating balance - GOB (1-2+23) | C37: 0.0091779522 | D37: -0.0077182372 | E37: -0.010110479 | F37: -0.019981594 | G37: 0.024989563 | H37: -0.011442239 | I37: -0.010593645 | J37: -0.024814442 | K37: 0.028228866 | L37: -0.014446165 | M37: -0.0079562339 | N37: -0.01364078 | O37: 0.015135472 | P37: -0.01278441 | Q37: -0.036429855 | R37: -0.016518135 | S37: 0.01186601 | T37: -0.024497577 | U37: -0.073737076 | V37: -0.069236643 | W37: -0.045195905 | X37: -0.041420387 | Y37: -0.13004339 | Z37: -0.088306097 | AA37: -0.01932908 | AB37: -0.061417642 | AC37: -0.098283172 | AD37: -0.079898359 | AE37: -0.036177688 | AF37: -0.080869932 | AG37: -0.077810569 | AH37: -0.081382757 | AI37: -0.023650625 | AJ37: -0.074281576 | AK37: -0.077021473 | AL37: -0.054965736 | AM37: -0.020936975 | AN37: -0.051356559 | AO37: -0.047357892 | AP37: -0.031200316 | AQ37: 0.013987023 | AR37: -0.2424028 | AS37: -0.11639009 | AT37: -0.078201624 | AU37: 0.032726573 | AV37: -0.063374163 | AW37: -0.00068344055 | AX37: -0.023453476 | AY37: 0.021116721 | AZ37: -0.025366454 | BA37: -0.025120617 | BB37: -0.047514095 | BC37: -0.012010578 | BD37: -0.072980917 | BE37: -0.04523747 | BF37: -0.093345571 | BG37: -0.0041802755 | BH37: -0.068420305 | BI37: -0.051931346 | BJ37: -0.037264214 | BK37: -0.0049169727 | BL37: -0.072521695 | BM37: -0.080855383 | BN37: -0.061962696 | BO37: -0.042591541 | BP37: -0.073561747
A38: 3. | B38: Net operating balance - NOB (1-2) | C38: -0.0046928016 | D38: -0.021077413 | E38: -0.022958012 | F38: -0.03221005 | G38: 0.01144359 | H38: -0.024480552 | I38: -0.023532105 | J38: -0.037318603 | K38: 0.014694248 | L38: -0.027676374 | M38: -0.020910856 | N38: -0.026267073 | O38: 0.0014540828 | P38: -0.02595488 | Q38: -0.049549678 | R38: -0.029198465 | S38: -0.0018354755 | T38: -0.038164667 | U38: -0.087247544 | V38: -0.082425688 | W38: -0.059771042 | X38: -0.05606528 | Y38: -0.14475337 | Z38: -0.10281223 | AA38: -0.034982192 | AB38: -0.076793088 | AC38: -0.11370371 | AD38: -0.094855256 | AE38: -0.05184643 | AF38: -0.096267426 | AG38: -0.093369596 | AH38: -0.096377277 | AI38: -0.039148415 | AJ38: -0.089485408 | AK38: -0.092199969 | AL38: -0.070044049 | AM38: -0.037346663 | AN38: -0.066870606 | AO38: -0.06259218 | AP38: -0.046380019 | AQ38: -0.0017963589 | AR38: -0.25943531 | AS38: -0.13228643 | AT38: -0.093713822 | AU38: 0.017189314 | AV38: -0.079311891 | AW38: -0.016491285 | AX38: -0.039135602 | AY38: 0.0049505885 | AZ38: -0.040799521 | BA38: -0.040426365 | BB38: -0.062649792 | BC38: -0.027976752 | BD38: -0.088217838 | BE38: -0.060375483 | BF38: -0.1080345 | BG38: -0.020190347 | BH38: -0.083713347 | BI38: -0.066502468 | BJ38: -0.051813464 | BK38: -0.020379755 | BL38: -0.087316372 | BM38: -0.095740678 | BN38: -0.076763375 | BO38: -0.056284064 | BP38: -0.086831963
A39: 4. | B39: GDP (Current Prices - R$ Million) 7/ | C39: 886397.39 | D39: 944145.04 | E39: 997934.74 | F39: 1057369.8 | G39: 1016530.6 | H39: 1086712.2 | I39: 1112334.2 | J39: 1160804.9 | K39: 1129474.1 | L39: 1183125.6 | M39: 1230448.8 | N39: 1271711.4 | O39: 1241613.6 | P39: 1322580 | Q39: 1354134.1 | R39: 1413291.3 | S39: 1385981.1 | T39: 1422321.8 | U39: 1462125.5 | V39: 1508524.7 | W39: 1456658.7 | X39: 1479969.8 | Y39: 1508228.3 | Z39: 1550930.3 | AA39: 1500298.9 | AB39: 1559050.2 | AC39: 1577170.5 | AD39: 1632808.5 | AE39: 1585673.4 | AF39: 1630729.6 | AG39: 1648635.3 | AH39: 1720440.8 | AI39: 1682083.1 | AJ39: 1734099 | AK39: 1767855.7 | AL39: 1820103.2 | AM39: 1757553.5 | AN39: 1826761.2 | AO39: 1880610.2 | AP39: 1924206 | AQ39: 1868094.5 | AR39: 1752723.6 | AS39: 1929323.4 | AT39: 2059455.4 | AU39: 2156670.1 | AV39: 2203638.8 | AW39: 2295851.1 | AX39: 2355982.1 | AY39: 2319528 | AZ39: 2517481 | BA39: 2601182 | BB39: 2641485 | BC39: 2581018 | BD39: 2727580 | BE39: 2769445 | BF39: 2865301 | BG39: 2764833 | BH39: 2934759 | BI39: 3015936 | BJ39: 3063723 | BK39: 3024723 | BL39: 3200345 | BM39: 3235708 | BN39: 3277790 | BO39: 3250979 | BP39: 3425728
A40: Source: STN, IBGE, IPEA e BCB
A41: n.d.: Data not available
A42: Obs.1: Data subject to change.
A43: Obs.2: The presented data are compiled according to the Government Finance Statistics Manual – GFSM 2014, produced by the IMF.
A44: 1/ The General Government includes the central government, state governments and municipalities. The consolidated General Government result excludes grants and interest transactions between government units.
A45: 2/ Revenue is compiled on a cash basis, except interest, which is compiled on accrual basis.
A46: 3/ Source: Central Bank. Until 2019, it includes nominal interest on transactions with foreign exchange reserves and transactions with foreign exchange derivatives carried out by the Central Bank, in accordance with the equalization of losses/gains (Law No. 11,803/2008). As of 2020, according to Law 13,820/2019, the result of these operations does not affect the nominal interest of the National Treasury.
A47: 4/ Expenditure compiled on a accrual basis, except Grants (263), compiled on a cash basis for the consolidation process. From 2010 to 2014, it includes payments from the Central Government to the Banco do Brasil, BNDES and FGTS, whose cashflow is recorded in 2015. In 2015, those payments are not recorded on a accrual basis.
A48: 5/ Source: IBGE. Consumption of Fixed Capital is an internal transaction that reflects the decrease in the value of fixed assets due to their use in the production process by an institutional unit. As a result, it is recorded as an expense and at the same time as a transaction that reduces the value of the respective fixed asset so that there is no impact on net lending/borrowing.
A49: 6/ The amount of fixed assets excludes the consumption of fixed assets.
A50: 7/ Source: IBGE. System os National Accounts (SNA).

Sheet 1.3
A1: Table 1.3. General Government Revenue - Brazil - Time Series - Quarterly
A2: R$ Million - Current Prices
A4: Revenue - General Government 1/ | C4: ='1.2'!C4 -> 2010-I | D4: ='1.2'!D4 -> 2010-II | E4: ='1.2'!E4 -> 2010-III | F4: ='1.2'!F4 -> 2010-IV | G4: ='1.2'!G4 -> 2011-I | H4: ='1.2'!H4 -> 2011-II | I4: ='1.2'!I4 -> 2011-III | J4: ='1.2'!J4 -> 2011-IV | ... BP4: ='1.2'!BP4 -> 2026-II
A5: 1 | B5: Revenue 2/ | C5: 331864.19 | D5: 335345.48 | E5: 344215.94 | F5: 385608.24 | G5: 395375.94 | H5: 389670.98 | I5: 393437.54 | J5: 423803.34 | K5: 443638.97 | L5: 422229.59 | M5: 438886.99 | N5: 473153.75 | O5: 470288.61 | P5: 469431.83 | Q5: 454516.52 | R5: 542978.94 | S5: 528732.87 | T5: 486959.14 | U5: 482437.04 | V5: 533583.29 | W5: 554163.26 | X5: 561528.69 | Y5: 519408.9 | Z5: 578484.56 | AA5: 629110.93 | AB5: 562384.48 | AC5: 532075.62 | AD5: 628685.02 | AE5: 608399.66 | AF5: 571476.7 | AG5: 566484.8 | AH5: 640924.78 | AI5: 647092.78 | AJ5: 623791.51 | AK5: 629173.78 | AL5: 698650.62 | AM5: 704827.63 | AN5: 656969.3 | AO5: 653007.5 | AP5: 801299.05 | AQ5: 740094.92 | AR5: 485945.45 | AS5: 625809.5 | AT5: 772119.42 | AU5: 822535.09 | AV5: 768243.09 | AW5: 854773.98 | AX5: 954522.48 | AY5: 993716.67 | AZ5: 1018418.6 | BA5: 948388.45 | BB5: 1016820.3 | BC5: 1038771.1 | BD5: 1005096.2 | BE5: 994135.01 | BF5: 1085409.1 | BG5: 1150231.6 | BH5: 1120081.6 | BI5: 1094848.8 | BJ5: 1276349.2 | BK5: 1267408.6 | BL5: 1224387.2 | BM5: 1202702.8 | BN5: 1358832.2 | BO5: 1367720.3 | BP5: 1376334.8
A6: 11 | B6: Taxes | C6: 226743.52 | D6: 221267.62 | E6: 219541.64 | F6: 247862.46 | G6: 270856.71 | H6: 256904.74 | I6: 255035.03 | J6: 272123.58 | K6: 299718.7 | L6: 277240.52 | M6: 270379.18 | N6: 291185.01 | O6: 319507.66 | P6: 304033.89 | Q6: 289091.26 | R6: 339064.1 | S6: 352616.44 | T6: 317672.77 | U6: 305292.06 | V6: 339222.28 | W6: 372895.24 | X6: 340562.4 | Y6: 321287.65 | Z6: 343899.61 | AA6: 386984.04 | AB6: 349808.28 | AC6: 327932.76 | AD6: 381208.13 | AE6: 404400.49 | AF6: 364988.97 | AG6: 351814.4 | AH6: 397646.72 | AI6: 437135.85 | AJ6: 402835.33 | AK6: 391204.18 | AL6: 422168.67 | AM6: 466608.12 | AN6: 419379.57 | AO6: 412451.24 | AP6: 445068.55 | AQ6: 487232.21 | AR6: 319848.61 | AS6: 407423.74 | AT6: 497631.74 | AU6: 554983.13 | AV6: 499847.44 | AW6: 542540.31 | AX6: 599273.7 | AY6: 660642.77 | AZ6: 612995.86 | BA6: 586473.38 | BB6: 621862.98 | BC6: 675320.91 | BD6: 626871.22 | BE6: 605558.88 | BF6: 677104.88 | BG6: 781545.86 | BH6: 722748.85 | BI6: 715469.33 | BJ6: 787839.27 | BK6: 853387.93 | BL6: 789976.14 | BM6: 767153.21 | BN6: 862366.22 | BO6: 914288.88 | BP6: 882795.01
A7: 111 | B7: Taxes on income, profits, and capital gains | C7: 64726.068 | D7: 63861.408 | E7: 57451.068 | F7: 72446.062 | G7: 81859.49 | H7: 78985.418 | I7: 71037.417 | J7: 82115.773 | K7: 94744.745 | L7: 81465.792 | M7: 64513.346 | N7: 84211.572 | O7: 99570.149 | P7: 88640.495 | Q7: 73383.315 | R7: 99166.087 | S7: 107051.26 | T7: 96064.656 | U7: 81642.302 | V7: 97394.852 | W7: 116003.14 | X7: 103481.57 | Y7: 82492.88 | Z7: 99143.892 | AA7: 117954.15 | AB7: 109844.62 | AC7: 90546.02 | AD7: 134851.9 | AE7: 132552.88 | AF7: 115287.44 | AG7: 95385.86 | AH7: 115455.3 | AI7: 140015.81 | AJ7: 121062.01 | AK7: 102723.67 | AL7: 126938.37 | AM7: 153587.74 | AN7: 126382.35 | AO7: 116130.61 | AP7: 139476.41 | AQ7: 159859.14 | AR7: 113737.51 | AS7: 102296.51 | AT7: 150682.79 | AU7: 182998 | AV7: 159793.91 | AW7: 157931.69 | AX7: 197397.86 | AY7: 243714.65 | AZ7: 224192.31 | BA7: 199940.34 | BB7: 241201.58 | BC7: 263976.33 | BD7: 228537.52 | BE7: 193011.2 | BF7: 254446.29 | BG7: 296499.69 | BH7: 256461.68 | BI7: 226396.63 | BJ7: 285672.87 | BK7: 317296.58 | BL7: 287850.94 | BM7: 247356.77 | BN7: 314957.1 | BO7: 336822.76 | BP7: 315201.45
A8: 1111 | B8: Payable by individuals (IRPF) | C8: 21584.211 | D8: 24470.705 | E8: 18389.056 | F8: 23492.899 | G8: 26899.258 | H8: 30017.579 | I8: 21134.689 | J8: 26408.481 | K8: 30817.693 | L8: 33428.806 | M8: 23638.189 | N8: 30415.205 | O8: 32420.914 | P8: 36553.513 | Q8: 27177.142 | R8: 30529.246 | S8: 37451.222 | T8: 39996.412 | U8: 30386.296 | V8: 32793.327 | W8: 40368.301 | X8: 44528.294 | Y8: 29752.588 | Z8: 34263.367 | AA8: 41476.04 | AB8: 46535.453 | AC8: 32608.064 | AD8: 41251.929 | AE8: 46743.07 | AF8: 51574.928 | AG8: 36666.814 | AH8: 42721.087 | AI8: 50142.342 | AJ8: 55279.212 | AK8: 39164.475 | AL8: 51651.938 | AM8: 55035.913 | AN8: 61451.686 | AO8: 43392.141 | AP8: 59505.797 | AQ8: 60081.592 | AR8: 54467.066 | AS8: 44128.633 | AT8: 68163.355 | AU8: 63480.641 | AV8: 64530.112 | AW8: 58429.253 | AX8: 75567.81 | AY8: 73879.631 | AZ8: 78644.209 | BA8: 63252.977 | BB8: 88148.998 | BC8: 82584.407 | BD8: 83657.87 | BE8: 69186.507 | BF8: 98072.662 | BG8: 92975.374 | BH8: 99427.372 | BI8: 81115.476 | BJ8: 108226.61 | BK8: 106937.5 | BL8: 109887.83 | BM8: 94703.547 | BN8: 120486.43 | BO8: 111657.75 | BP8: 107842.07
A9: 1112 | B9: Payable by corporations and other entreprises | C9: 34480.822 | D9: 27792.357 | E9: 30983.843 | F9: 34822.964 | G9: 43527.6 | H9: 34104.645 | I9: 39428.531 | J9: 36704.845 | K9: 52107.746 | L9: 31740.542 | M9: 30299.376 | N9: 36446.663 | O9: 53918.19 | P9: 36153.883 | Q9: 32733.376 | R9: 48272.508 | S9: 54424.834 | T9: 37996.147 | U9: 36890.217 | V9: 42272.351 | W9: 56954.417 | X9: 34982.575 | Y9: 35826.967 | Z9: 36319.894 | AA9: 56449.695 | AB9: 38647.577 | AC9: 39745.895 | AD9: 63128.623 | AE9: 63696.642 | AF9: 37343.267 | AG9: 39550.249 | AH9: 43950.955 | AI9: 66679.39 | AJ9: 42932.199 | AK9: 42327.85 | AL9: 42896.839 | AM9: 72068.236 | AN9: 37181.416 | AO9: 50917.358 | AP9: 47365.13 | AQ9: 72947.551 | AR9: 36198.641 | AS9: 37585.497 | AT9: 53319.784 | AU9: 95182.55 | AV9: 68068.848 | AW9: 75050.96 | AX9: 84247.61 | AY9: 137756.95 | AZ9: 101901.75 | BA9: 101402.58 | BB9: 96368.342 | BC9: 136682.87 | BD9: 93698.949 | BE9: 82505.364 | BF9: 86263.557 | BG9: 145507.58 | BH9: 95602.818 | BI9: 91205.142 | BJ9: 103421.63 | BK9: 152348.2 | BL9: 103570.63 | BM9: 95178.258 | BN9: 104982.22 | BO9: 159107.12 | BP9: 122550.94
A10: 1112.1 | B10: Revenue tax on corporations - IRPJ | C10: 21940.566 | D10: 17432.568 | E10: 20382.686 | F10: 22838.524 | G10: 28087.248 | H10: 22246.879 | I10: 22176.46 | J10: 23990.208 | K10: 33543.08 | L10: 20503.974 | M10: 16018.823 | N10: 23667.879 | O10: 35439.624 | P10: 22899.811 | Q10: 19767.295 | R10: 30948.97 | S10: 35404.424 | T10: 23679.77 | U10: 22593.186 | V10: 27324.963 | W10: 36194.882 | X10: 22052.805 | Y10: 23604.253 | Z10: 23058.293 | AA10: 34875.413 | AB10: 23460.919 | AC10: 24587.238 | AD10: 48257.099 | AE10: 39571.919 | AF10: 23483.62 | AG10: 24539.572 | AH10: 26220.04 | AI10: 41431.517 | AJ10: 27223.3 | AK10: 24676.601 | AL10: 25731.494 | AM10: 45573.259 | AN10: 20363.004 | AO10: 31371.207 | AP10: 29822.867 | AQ10: 46238.083 | AR10: 21773.722 | AS10: 22656.889 | AT10: 32010.789 | AU10: 62848.92 | AV10: 45016.828 | AW10: 47773.25 | AX10: 54419.034 | AY10: 86383.966 | AZ10: 67375.963 | BA10: 65553.077 | BB10: 61951.403 | BC10: 88818.772 | BD10: 59923.461 | BE10: 50726.589 | BF10: 54618.059 | BG10: 92569.816 | BH10: 60126.875 | BI10: 55332.734 | BJ10: 64519.201 | BK10: 96405.883 | BL10: 65376.694 | BM10: 58013.716 | BN10: 63824.549 | BO10: 99656.049 | BP10: 76904.197
A11: 1112.2 | B11: Social contribution on net profit - CSLL | C11: 12521.659 | D11: 10330.152 | E11: 10583.331 | F11: 11918.259 | G11: 15428.661 | H11: 11828.561 | I11: 17211.046 | J11: 12640.295 | K11: 18547.348 | L11: 11190.582 | M11: 14192.76 | N11: 12709.948 | O11: 18461.205 | P11: 13204.006 | Q11: 12877.221 | R11: 17272.861 | S11: 19005.967 | T11: 14307.269 | U11: 14320.494 | V11: 14947.335 | W11: 20754.479 | X11: 12923.168 | Y11: 12218.641 | Z11: 13250.602 | AA11: 21555.841 | AB11: 15183.196 | AC11: 15155.178 | AD11: 14865.776 | AE11: 24114.554 | AF11: 13853.72 | AG11: 15003.027 | AH11: 17714.925 | AI11: 25241.124 | AJ11: 15705.109 | AK11: 17643.678 | AL11: 17160.828 | AM11: 26485.951 | AN11: 16810.695 | AO11: 19538.956 | AP11: 17538.707 | AQ11: 26703.966 | AR11: 14421.62 | AS11: 14919.328 | AT11: 21307.22 | AU11: 32324.267 | AV11: 23049.077 | AW11: 27273.715 | AX11: 29821.751 | AY11: 51356.259 | AZ11: 34521.235 | BA11: 35841.743 | BB11: 34374.108 | BC11: 47855.205 | BD11: 33753.505 | BE11: 31770.226 | BF11: 31624.015 | BG11: 52928.363 | BH11: 35463.236 | BI11: 35851.833 | BJ11: 38853.821 | BK11: 55911.715 | BL11: 38185.144 | BM11: 37148.512 | BN11: 41151.321 | BO11: 59433.771 | BP11: 45534.657
A12: 1112.3 | B12: Other taxes payable by corporations | C12: 18.596974 | D12: 29.636259 | E12: 17.826217 | F12: 66.181185 | G12: 11.691753 | H12: 29.204473 | I12: 41.024151 | J12: 74.341835 | K12: 17.317359 | L12: 45.986112 | M12: 87.792415 | N12: 68.836598 | O12: 17.360525 | P12: 50.065511 | Q12: 88.860699 | R12: 50.67691 | S12: 14.443503 | T12: 9.1073303 | U12: -23.463221 | V12: 0.05263153 | W12: 5.0568546 | X12: 6.6025942 | Y12: 4.072503 | Z12: 10.999438 | AA12: 18.440967 | AB12: 3.4624518 | AC12: 3.4792581 | AD12: 5.7486559 | AE12: 10.169478 | AF12: 5.9264763 | AG12: 7.6497747 | AH12: 15.990338 | AI12: 6.7484941 | AJ12: 3.7903604 | AK12: 7.5714829 | AL12: 4.5164858 | AM12: 9.0267038 | AN12: 7.7168196 | AO12: 7.1945722 | AP12: 3.55608 | AQ12: 5.5021097 | AR12: 3.2982965 | AS12: 9.2799087 | AT12: 1.774852 | AU12: 9.3620273 | AV12: 2.9437272 | AW12: 3.9949813 | AX12: 6.8244852 | AY12: 16.726358 | AZ12: 4.5562984 | BA12: 7.7599474 | BB12: 42.830676 | BC12: 8.8891478 | BD12: 21.982831 | BE12: 8.5483409 | BF12: 21.483059 | BG12: 9.4037696 | BH12: 12.707684 | BI12: 20.575796 | BJ12: 48.607297 | BK12: 30.599561 | BL12: 8.7925456 | BM12: 16.029752 | BN12: 6.3508652 | BO12: 17.297845 | BP12: 112.08809
A13: 1113 | B13: Other taxes on income, profits, and capital gains | C13: 8661.0353 | D13: 11598.347 | E13: 8078.1697 | F13: 14130.199 | G13: 11432.631 | H13: 14863.195 | I13: 10474.197 | J13: 19002.448 | K13: 11819.306 | L13: 16296.444 | M13: 10575.78 | N13: 17349.703 | O13: 13231.045 | P13: 15933.098 | Q13: 13472.796 | R13: 20364.333 | S13: 15175.202 | T13: 18072.097 | U13: 14365.789 | V13: 22329.174 | W13: 18680.423 | X13: 23970.702 | Y13: 16913.326 | Z13: 28560.631 | AA13: 20028.411 | AB13: 24661.585 | AC13: 18192.061 | AD13: 30471.346 | AE13: 22113.172 | AF13: 26369.242 | AG13: 19168.797 | AH13: 28783.254 | AI13: 23194.075 | AJ13: 22850.601 | AK13: 21231.35 | AL13: 32389.593 | AM13: 26483.591 | AN13: 27749.253 | AO13: 21821.11 | AP13: 32605.486 | AQ13: 26829.994 | AR13: 23071.804 | AS13: 20582.379 | AT13: 29199.646 | AU13: 24334.806 | AV13: 27194.953 | AW13: 24451.48 | AX13: 37582.439 | AY13: 32078.066 | AZ13: 43646.344 | BA13: 35284.787 | BB13: 56684.236 | BC13: 44709.054 | BD13: 51180.703 | BE13: 41319.33 | BF13: 70110.071 | BG13: 58016.732 | BH13: 61431.489 | BI13: 54076.008 | BJ13: 74024.63 | BK13: 58010.88 | BL13: 74392.478 | BM13: 57474.966 | BN13: 89488.454 | BO13: 66057.883 | BP13: 84808.437
A14: 112 | B14: Taxes on payroll & workforce | C14: 3418.7599 | D14: 3098.2296 | E14: 2956.8519 | F14: 3057.1909 | G14: 4085.388 | H14: 3397.6365 | I14: 3703.2068 | J14: 3658.3752 | K14: 4630.9157 | L14: 3922.5615 | M14: 4118.8272 | N14: 4015.2922 | O14: 5179.9479 | P14: 4439.2688 | Q14: 4601.0556 | R14: 4505.0836 | S14: 5791.2035 | T14: 4891.3918 | U14: 5070.8751 | V14: 4965.8468 | W14: 6238.7787 | X14: 5188.9355 | Y14: 5283.5052 | Z14: 4875.9211 | AA14: 6346.4553 | AB14: 5370.9235 | AC14: 5377.4208 | AD14: 5095.3595 | AE14: 6473.3913 | AF14: 5446.5085 | AG14: 5546.9605 | AH14: 5265.4041 | AI14: 6674.4333 | AJ14: 5274.793 | AK14: 6306.9678 | AL14: 6149.0829 | AM14: 6085.1358 | AN14: 5815.9127 | AO14: 5558.2111 | AP14: 6779.3255 | AQ14: 5896.7244 | AR14: 5135.2509 | AS14: 5329.6867 | AT14: 6907.333 | AU14: 6020.3926 | AV14: 5887.7185 | AW14: 6072.4424 | AX14: 8241.1927 | AY14: 6813.0924 | AZ14: 6883.8922 | BA14: 7105.6232 | BB14: 8985.3098 | BC14: 7725.5968 | BD14: 7903.395 | BE14: 7806.2111 | BF14: 10115.281 | BG14: 8174.7358 | BH14: 8153.1048 | BI14: 8658.0605 | BJ14: 10682.403 | BK14: 9121.3702 | BL14: 9280.6866 | BM14: 8959.9232 | BN14: 11695.544 | BO14: 9982.9312 | BP14: 9916.7531
A15: 112.1 | B15: Education-Salary (social contribution for education) | C15: 3076.9654 | D15: 2534.863 | E15: 2677.0022 | F15: 2760.3685 | G15: 3669.2995 | H15: 2952.1093 | I15: 3272.0142 | J15: 3221.9589 | K15: 4199.8294 | L15: 3407.4153 | M15: 3531.9264 | N15: 3635.3379 | O15: 4702.7828 | P15: 3831.1901 | Q15: 3953.5846 | R15: 4072.9721 | S15: 5247.7337 | T15: 4208.201 | U15: 4348.4701 | V15: 4470.6173 | W15: 5639.977 | X15: 4472.69 | Y15: 4512.2063 | Z15: 4414.0413 | AA15: 5747.7569 | AB15: 4569.6316 | AC15: 4573.9027 | AD15: 4581.8147 | AE15: 5847.9784 | AF15: 4680.043 | AG15: 4720.0336 | AH15: 4762.0948 | AI15: 6045.1787 | AJ15: 4772.8315 | AK15: 5616.7586 | AL15: 5544.6031 | AM15: 5526.1989 | AN15: 5266.7234 | AO15: 5037.1068 | AP15: 6147.4665 | AQ15: 5351.1115 | AR15: 4681.7983 | AS15: 4805.2249 | AT15: 6247.6748 | AU15: 5473.56 | AV15: 5351.4477 | AW15: 5519.5083 | AX15: 7488.4685 | AY15: 6183.846 | AZ15: 6250.3014 | BA15: 6417.9951 | BB15: 8171.4646 | BC15: 7016.3569 | BD15: 7176.7452 | BE15: 7093.4918 | BF15: 9153.9513 | BG15: 7436.796 | BH15: 7395.2668 | BI15: 7848.0272 | BJ15: 10004.259 | BK15: 8276.9372 | BL15: 8401.5874 | BM15: 8113.6082 | BN15: 10602.118 | BO15: 9039.9259 | BP15: 8979.3429
A16: 112.2 | B16: Other taxes on payroll & workforce | C16: 341.79449 | D16: 563.36661 | E16: 279.84967 | F16: 296.82243 | G16: 416.08847 | H16: 445.5272 | I16: 431.19261 | J16: 436.41626 | K16: 431.08626 | L16: 515.14624 | M16: 586.90086 | N16: 379.95433 | O16: 477.16504 | P16: 608.0787 | Q16: 647.47098 | R16: 432.11149 | S16: 543.46978 | T16: 683.19081 | U16: 722.40502 | V16: 495.2295 | W16: 598.80172 | X16: 716.24552 | Y16: 771.29889 | Z16: 461.87981 | AA16: 598.69842 | AB16: 801.29192 | AC16: 803.5182 | AD16: 513.54477 | AE16: 625.41284 | AF16: 766.46549 | AG16: 826.92686 | AH16: 503.30929 | AI16: 629.25455 | AJ16: 501.9615 | AK16: 690.20916 | AL16: 604.47983 | AM16: 558.9369 | AN16: 549.18928 | AO16: 521.10425 | AP16: 631.85899 | AQ16: 545.61289 | AR16: 453.45255 | AS16: 524.46178 | AT16: 659.6582 | AU16: 546.83261 | AV16: 536.27086 | AW16: 552.93412 | AX16: 752.72426 | AY16: 629.24646 | AZ16: 633.59084 | BA16: 687.62812 | BB16: 813.84519 | BC16: 709.23985 | BD16: 726.64977 | BE16: 712.71927 | BF16: 961.32962 | BG16: 737.93981 | BH16: 757.83793 | BI16: 810.03331 | BJ16: 678.14473 | BK16: 844.43298 | BL16: 879.09921 | BM16: 846.31509 | BN16: 1093.426 | BO16: 943.0053 | BP16: 937.41019
A17: 113 | B17: Taxes on property | C17: 21385.642 | D17: 10547.423 | E17: 8908.7342 | F17: 8237.0906 | G17: 24536.498 | H17: 11844.286 | I17: 10069.728 | J17: 9579.6963 | K17: 27529.045 | L17: 13373.52 | M17: 11405.026 | N17: 10407.065 | O17: 30014.849 | P17: 15496.065 | Q17: 12869.905 | R17: 11791.838 | S17: 33041.551 | T17: 16313.675 | U17: 14916.597 | V17: 13169.903 | W17: 36163.01 | X17: 19510.369 | Y17: 15531.943 | Z17: 15367.196 | AA17: 41134.878 | AB17: 19597.639 | AC17: 16220.107 | AD17: 15729.95 | AE17: 42161.769 | AF17: 21239.154 | AG17: 18862.997 | AH17: 16493.853 | AI17: 44801.286 | AJ17: 24084.794 | AK17: 20624.447 | AL17: 18590.937 | AM17: 48647.635 | AN17: 25836.691 | AO17: 22650.387 | AP17: 20710.343 | AQ17: 52818.264 | AR17: 20545.302 | AS17: 24604.467 | AT17: 23754.21 | AU17: 57897.312 | AV17: 29460.471 | AW17: 29029.823 | AX17: 27016.209 | AY17: 62286.751 | AZ17: 39958.73 | BA17: 29988.833 | BB17: 27731.888 | BC17: 74007.006 | BD17: 44752.587 | BE17: 34096.444 | BF17: 32690.678 | BG17: 82152.23 | BH17: 45927.042 | BI17: 37617.082 | BJ17: 36131.655 | BK17: 86797.086 | BL17: 50464.407 | BM17: 41488.667 | BN17: 41491.932 | BO17: 90638.929 | BP17: 53659.871
A18: 1131 | B18: Recurrent taxes on immovable property | C18: 9427.9982 | D18: 5329.2996 | E18: 5347.8579 | F18: 5040.6432 | G18: 10884.769 | H18: 6194.4074 | I18: 6089.2885 | J18: 5929.915 | K18: 12241.071 | L18: 6856.5202 | M18: 6694.3032 | N18: 6415.9201 | O18: 13550.369 | P18: 8341.5356 | Q18: 7771.167 | R18: 7117.3425 | S18: 14751.323 | T18: 8746.58 | U18: 8772.6163 | V18: 7992.2851 | W18: 16358.404 | X18: 9662.5551 | Y18: 9006.6136 | Z18: 8839.9168 | AA18: 16996.707 | AB18: 10307.463 | AC18: 9777.1857 | AD18: 9206.8112 | AE18: 18432.98 | AF18: 11416.382 | AG18: 11231.945 | AH18: 10022.966 | AI18: 20010.7 | AJ18: 13333.551 | AK18: 12846.581 | AL18: 11434.551 | AM18: 21967.639 | AN18: 14149.157 | AO18: 14135.203 | AP18: 12806.457 | AQ18: 24023.597 | AR18: 11859.639 | AS18: 15301.192 | AT18: 13817.32 | AU18: 27282.633 | AV18: 17086.234 | AW18: 18423.24 | AX18: 16500.734 | AY18: 29511.772 | AZ18: 20049.796 | BA18: 18133.744 | BB18: 15451.822 | BC18: 31847.324 | BD18: 21461.076 | BE18: 20027.319 | BF18: 17747.008 | BG18: 35748.839 | BH18: 23325.863 | BI18: 21929.337 | BJ18: 18961.384 | BK18: 37190.128 | BL18: 25289.056 | BM18: 25227.626 | BN18: 22134.7 | BO18: 39051.744 | BP18: 27714.824
A19: 1131.1 | B19: Urban real estate property tax - IPTU | C19: n.d. | D19: n.d. | E19: n.d. | F19: n.d. | G19: n.d. | H19: n.d. | I19: n.d. | J19: n.d. | K19: n.d. | L19: n.d. | M19: n.d. | N19: n.d. | O19: n.d. | P19: n.d. | Q19: n.d. | R19: n.d. | S19: n.d. | T19: n.d. | U19: n.d. | V19: n.d. | W19: n.d. | X19: n.d. | Y19: n.d. | Z19: n.d. | AA19: n.d. | AB19: n.d. | AC19: n.d. | AD19: n.d. | AE19: n.d. | AF19: n.d. | AG19: n.d. | AH19: n.d. | AI19: n.d. | AJ19: n.d. | AK19: n.d. | AL19: n.d. | AM19: n.d. | AN19: n.d. | AO19: n.d. | AP19: n.d. | AQ19: 20853.696 | AR19: 9451.7313 | AS19: 9767.7494 | AT19: 8213.0278 | AU19: 22776.046 | AV19: 11787.405 | AW19: 11184.115 | AX19: 10151.227 | AY19: 25001.868 | AZ19: 14904.787 | BA19: 11193.769 | BB19: 9589.4172 | BC19: 26948.76 | BD19: 16152.631 | BE19: 12145.065 | BF19: 11136.305 | BG19: 30401.468 | BH19: 16988.98 | BI19: 12704.325 | BJ19: 11224.083 | BK19: 31016.443 | BL19: 18603.25 | BM19: 15450.761 | BN19: 13260.5 | BO19: 32583.787 | BP19: 20224.047
A20: 1131.2 | B20: Tax on the transfer of immovable property - ITBI | C20: n.d. | D20: n.d. | E20: n.d. | F20: n.d. | G20: n.d. | H20: n.d. | I20: n.d. | J20: n.d. | K20: n.d. | L20: n.d. | M20: n.d. | N20: n.d. | O20: n.d. | P20: n.d. | Q20: n.d. | R20: n.d. | S20: n.d. | T20: n.d. | U20: n.d. | V20: n.d. | W20: n.d. | X20: n.d. | Y20: n.d. | Z20: n.d. | AA20: n.d. | AB20: n.d. | AC20: n.d. | AD20: n.d. | AE20: n.d. | AF20: n.d. | AG20: n.d. | AH20: n.d. | AI20: n.d. | AJ20: n.d. | AK20: n.d. | AL20: n.d. | AM20: n.d. | AN20: n.d. | AO20: n.d. | AP20: n.d. | AQ20: 3023.2268 | AR20: 2290.1293 | AS20: 4211.7231 | AT20: 5074.2481 | AU20: 4345.4179 | AV20: 5144.6463 | AW20: 5613.5408 | AX20: 5754.7377 | AY20: 4311.1977 | AZ20: 4940.8057 | BA20: 4979.9557 | BB20: 5210.4372 | BC20: 4696.3581 | BD20: 5111.9166 | BE20: 5617.7172 | BF20: 5802.5615 | BG20: 5107.9691 | BH20: 6127.5291 | BI20: 6787.0082 | BJ20: 6959.7302 | BK20: 5749.0899 | BL20: 6475.6543 | BM20: 7034.3672 | BN20: 7993.1178 | BO20: 6274.6561 | BP20: 7309.1445
A21: 1131.3 | B21: Rural Land Tax - ITR | C21: 11.301066 | D21: 10.733999 | E21: 323.60311 | F21: 134.03409 | G21: 16.572058 | H21: 20.018998 | I21: 368.31481 | J21: 145.86925 | K21: 26.846823 | L21: 18.89358 | M21: 411.53895 | N21: 161.78046 | O21: 23.959665 | P21: 33.232149 | Q21: 504.74915 | R21: 202.3313 | S21: 20.797416 | T21: 19.249584 | U21: 618.29074 | V21: 242.48518 | W21: 29.960122 | X21: 32.041129 | Y21: 741.30701 | Z21: 301.6635 | AA21: 40.883007 | AB21: 32.602453 | AC21: 750.31994 | AD21: 302.61066 | AE21: 36.532932 | AF21: 35.717813 | AG21: 865.73804 | AH21: 335.20935 | AI21: 24.472767 | AJ21: 31.429503 | AK21: 971.52804 | AL21: 391.39245 | AM21: 52.887193 | AN21: 44.549825 | AO21: 1088.4428 | AP21: 443.85879 | AQ21: 51.979953 | AR21: 19.918652 | AS21: 1248.7938 | AT21: 440.24993 | AU21: 62.896837 | AV21: 52.597001 | AW21: 1549.882 | AX21: 501.55593 | AY21: 86.544246 | AZ21: 88.261366 | BA21: 1873.6186 | BB21: 545.58301 | BC21: 101.63072 | BD21: 93.982292 | BE21: 2158.283 | BF21: 686.81751 | BG21: 123.24556 | BH21: 105.10529 | BI21: 2342.7948 | BJ21: 678.9254 | BK21: 339.03424 | BL21: 123.02797 | BM21: 2655.6879 | BN21: 800.67319 | BO21: 116.32039 | BP21: 101.82731
A22: 1131.4 | B22: Other recurrent taxes on immovable property | C22: 43.14273 | D22: 44.59717 | E22: 33.234119 | F22: 40.921056 | G22: 51.639899 | H22: 53.380798 | I22: 39.779739 | J22: 48.980655 | K22: 54.026595 | L22: 55.847955 | M22: 41.618282 | N22: 51.244446 | O22: 45.324129 | P22: 46.85211 | Q22: 34.914516 | R22: 42.990122 | S22: 43.502346 | T22: 44.968909 | U22: 33.511142 | V22: 41.262153 | W22: 50.081768 | X22: 51.770139 | Y22: 38.579465 | Z22: 47.502762 | AA22: 54.419307 | AB22: 56.253906 | AC22: 41.920799 | AD22: 51.616935 | AE22: 65.294667 | AF22: 67.4959 | AG22: 50.298411 | AH22: 61.932259 | AI22: 105.23294 | AJ22: 108.78058 | AK22: 81.064038 | AL22: 99.81387 | AM22: 115.41526 | AN22: 119.30617 | AO22: 88.90778 | AP22: 109.47184 | AQ22: 94.694578 | AR22: 97.859914 | AS22: 72.926075 | AT22: 89.793887 | AU22: 98.272752 | AV22: 101.58575 | AW22: 75.702403 | AX22: 93.212107 | AY22: 112.16267 | AZ22: 115.94138 | BA22: 86.400318 | BB22: 106.38443 | BC22: 100.57521 | BD22: 102.54657 | BE22: 106.25399 | BF22: 121.32356 | BG22: 116.1562 | BH22: 104.24835 | BI22: 95.209203 | BJ22: 98.645984 | BK22: 85.561365 | BL22: 87.123168 | BM22: 86.80965 | BN22: 80.409101 | BO22: 76.981223 | BP22: 79.805121
A23: 1132 | B23: Recurrent taxes on net wealth | C23: 0 | D23: 0 | E23: 0 | F23: 0 | G23: 0 | H23: 0 | I23: 0 | J23: 0 | K23: 0 | L23: 0 | M23: 0 | N23: 0 | O23: 0 | P23: 0 | Q23: 0 | R23: 0 | S23: 0 | T23: 0 | U23: 0 | V23: 0 | W23: 0 | X23: 0 | Y23: 0 | Z23: 0 | AA23: 0 | AB23: 0 | AC23: 0 | AD23: 0 | AE23: 0 | AF23: 0 | AG23: 0 | AH23: 0 | AI23: 0 | AJ23: 0 | AK23: 0 | AL23: 0 | AM23: 0 | AN23: 0 | AO23: 0 | AP23: 0 | AQ23: 0 | AR23: 0 | AS23: 0 | AT23: 0 | AU23: 0 | AV23: 0 | AW23: 0 | AX23: 0 | AY23: 0 | AZ23: 0 | BA23: 0 | BB23: 0 | BC23: 0 | BD23: 0 | BE23: 0 | BF23: 0 | BG23: 0 | BH23: 0 | BI23: 0 | BJ23: 0 | BK23: 0 | BL23: 0 | BM23: 0 | BN23: 0 | BO23: 0 | BP23: 0
A24: 1133 | B24: Estate, inheritance, and gift taxes | C24: 390.29307 | D24: 817.69969 | E24: 542.03931 | F24: 768.34651 | G24: 517.70656 | H24: 623.49723 | I24: 663.20758 | J24: 963.81333 | K24: 664.80091 | L24: 859.69636 | M24: 864.12585 | N24: 1020.0607 | O24: 719.4353 | P24: 1017.4099 | Q24: 999.57668 | R24: 1405.7592 | S24: 815.10898 | T24: 1018.0026 | U24: 1300.205 | V24: 1564.8429 | W24: 1061.5311 | X24: 1358.3182 | Y24: 1654.0714 | Z24: 2386.7585 | AA24: 1411.9976 | AB24: 1494.0167 | AC24: 1796.1376 | AD24: 2642.8013 | AE24: 1241.8221 | AF24: 1620.4525 | AG24: 2208.7201 | AH24: 2106.6847 | AI24: 1295.369 | AJ24: 1744.4113 | AK24: 1864.2709 | AL24: 2425.9816 | AM24: 1515.6541 | AN24: 2041.0587 | AO24: 2181.3012 | AP24: 2838.534 | AQ24: 1506.8865 | AR24: 1557.146 | AS24: 2262.7506 | AT24: 3255.356 | AU24: 2284.4058 | AV24: 2915.2382 | AW24: 3245.2283 | AX24: 3884.7169 | AY24: 2413.6491 | AZ24: 3347.5028 | BA24: 3291.3743 | BB24: 3821.2898 | BC24: 2884.2311 | BD24: 3297.7935 | BE24: 3655.0073 | BF24: 4874.3074 | BG24: 2924.7688 | BH24: 3649.4364 | BI24: 4539.4126 | BJ24: 6410.0396 | BK24: 3516.3257 | BL24: 3796.7887 | BM24: 4143.8213 | BN24: 7707.6281 | BO24: 3763.9209 | BP24: 3886.6618
A25: 1133.1 | B25: Causa Mortis Transfer of Real Estate Property Tax - ITCD | C25: 390.29307 | D25: 817.69969 | E25: 542.03931 | F25: 768.34651 | G25: 517.70656 | H25: 623.49723 | I25: 663.20758 | J25: 963.81333 | K25: 664.80091 | L25: 859.69636 | M25: 864.12585 | N25: 1020.0607 | O25: 719.4353 | P25: 1017.4099 | Q25: 999.57668 | R25: 1405.7592 | S25: 815.10898 | T25: 1018.0026 | U25: 1300.205 | V25: 1564.8429 | W25: 1061.5311 | X25: 1358.3182 | Y25: 1654.0714 | Z25: 2386.7585 | AA25: 1411.9976 | AB25: 1494.0167 | AC25: 1796.1376 | AD25: 2642.8013 | AE25: 1241.8221 | AF25: 1620.4525 | AG25: 2208.7201 | AH25: 2106.6847 | AI25: 1295.369 | AJ25: 1744.4113 | AK25: 1864.2709 | AL25: 2425.9816 | AM25: 1515.6541 | AN25: 2041.0587 | AO25: 2181.3012 | AP25: 2838.534 | AQ25: 1506.8865 | AR25: 1557.146 | AS25: 2262.7506 | AT25: 3255.356 | AU25: 2284.4058 | AV25: 2915.2382 | AW25: 3245.2283 | AX25: 3884.7169 | AY25: 2413.6491 | AZ25: 3347.5028 | BA25: 3291.3743 | BB25: 3821.2898 | BC25: 2884.2311 | BD25: 3297.7935 | BE25: 3655.0073 | BF25: 4874.3074 | BG25: 2924.7688 | BH25: 3649.4364 | BI25: 4539.4126 | BJ25: 6410.0396 | BK25: 3516.3257 | BL25: 3796.7887 | BM25: 4143.8213 | BN25: 7707.6281 | BO25: 3763.9209 | BP25: 3886.6618
A26: 1135 | B26: Capital levies | C26: 12.68362 | D26: 12.328478 | E26: 8.1204504 | F26: 15.019883 | G26: 10.753262 | H26: 11.609922 | I26: 13.804654 | J26: 15.402334 | K26: 16.75929 | L26: 17.553155 | M26: 16.846901 | N26: 17.345353 | O26: 1.3517718 | P26: 4.0813211 | Q26: 5.183237 | R26: 7.3647518 | S26: 7.5360606 | T26: 7.5287824 | U26: 2.9090979 | V26: 10.014119 | W26: 6.0229773 | X26: 6.2425418 | Y26: 2.0372601 | Z26: 11.331132 | AA26: 6.4829068 | AB26: 6.6393845 | AC26: 8.9848523 | AD26: 11.195714 | AE26: 6.7935738 | AF26: 10.862947 | AG26: 11.405462 | AH26: 10.928736 | AI26: 6.3258393 | AJ26: 6.4169785 | AK26: 6.4578176 | AL26: 6.646409 | AM26: 6.6638234 | AN26: 6.6187081 | AO26: 7.0682418 | AP26: 5.9909086 | AQ26: 6.4568628 | AR26: 6.404033 | AS26: 5.7399279 | AT26: 5.4022814 | AU26: 5.3997278 | AV26: 5.3977656 | AW26: 4.6908001 | AX26: 4.3438025 | AY26: 4.3397676 | AZ26: 4.3452138 | BA26: 5.3777681 | BB26: 5.8931589 | BC26: 5.8779823 | BD26: 5.7909629 | BE26: 4.8402332 | BF26: 4.345887 | BG26: 4.3472026 | BH26: 4.3411662 | BI26: 4.4484695 | BJ26: 4.507617 | BK26: 4.840951 | BL26: 5.0132464 | BM26: 4.2447288 | BN26: 3.856025 | BO26: 3.8718623 | BP26: 3.8630356
A27: 1136 | B27: Other recurrent taxes on property | C27: 11554.667 | D27: 4388.0954 | E27: 3010.7165 | F27: 2413.081 | G27: 13123.269 | H27: 5014.7712 | I27: 3303.4274 | J27: 2670.5657 | K27: 14606.414 | L27: 5639.7502 | M27: 3829.7501 | N27: 2953.7385 | O27: 15743.693 | P27: 6133.0382 | Q27: 4093.9786 | R27: 3261.3713 | S27: 17467.583 | T27: 6541.5632 | U27: 4840.8662 | V27: 3602.761 | W27: 18737.051 | X27: 8483.2533 | Y27: 4869.2206 | Z27: 4129.1896 | AA27: 22719.69 | AB27: 7789.5196 | AC27: 4637.7986 | AD27: 3869.142 | AE27: 22480.173 | AF27: 8191.4558 | AG27: 5410.9262 | AH27: 4353.2733 | AI27: 23488.891 | AJ27: 9000.4151 | AK27: 5907.137 | AL27: 4723.7579 | AM27: 25157.678 | AN27: 9639.8569 | AO27: 6326.8144 | AP27: 5059.3612 | AQ27: 27281.324 | AR27: 7122.1126 | AS27: 7034.7847 | AT27: 6676.1318 | AU27: 28324.873 | AV27: 9453.6011 | AW27: 7356.6634 | AX27: 6626.4142 | AY27: 30356.989 | AZ27: 16557.086 | BA27: 8558.3372 | BB27: 8452.8836 | BC27: 39269.572 | BD27: 19987.927 | BE27: 10409.278 | BF27: 10065.017 | BG27: 43474.275 | BH27: 18947.401 | BI27: 11143.884 | BJ27: 10755.724 | BK27: 46085.791 | BL27: 21373.549 | BM27: 12112.975 | BN27: 11645.747 | BO27: 47819.392 | BP27: 22054.523
A28: 1136.1 | B28: Tax on Property of Motor Vehicles - IPVA | C28: 11554.667 | D28: 4388.0954 | E28: 3010.7165 | F28: 2413.081 | G28: 13123.269 | H28: 5014.7712 | I28: 3303.4274 | J28: 2670.5657 | K28: 14606.414 | L28: 5639.7502 | M28: 3829.7501 | N28: 2953.7385 | O28: 15743.693 | P28: 6133.0382 | Q28: 4093.9786 | R28: 3261.3713 | S28: 17467.583 | T28: 6541.5632 | U28: 4840.8662 | V28: 3602.761 | W28: 18737.051 | X28: 8483.2533 | Y28: 4869.2206 | Z28: 4129.1896 | AA28: 22719.69 | AB28: 7789.5196 | AC28: 4637.7986 | AD28: 3869.142 | AE28: 22480.173 | AF28: 8191.4558 | AG28: 5410.9262 | AH28: 4353.2733 | AI28: 23488.891 | AJ28: 9000.4151 | AK28: 5907.137 | AL28: 4723.7579 | AM28: 25157.678 | AN28: 9639.8569 | AO28: 6326.8144 | AP28: 5059.3612 | AQ28: 27281.324 | AR28: 7122.1126 | AS28: 7034.7847 | AT28: 6676.1318 | AU28: 28324.873 | AV28: 9453.6011 | AW28: 7356.6634 | AX28: 6626.4142 | AY28: 30356.989 | AZ28: 16557.086 | BA28: 8558.3372 | BB28: 8452.8836 | BC28: 39269.572 | BD28: 19987.927 | BE28: 10409.278 | BF28: 10065.017 | BG28: 43474.275 | BH28: 18947.401 | BI28: 11143.884 | BJ28: 10755.724 | BK28: 46085.791 | BL28: 21373.549 | BM28: 12112.975 | BN28: 11645.747 | BO28: 47819.392 | BP28: 22054.523
A29: 1136.2 | B29: Other recurrent taxes on property | C29: 0 | D29: 0 | E29: 0 | F29: 0 | G29: 0 | H29: 0 | I29: 0 | J29: 0 | K29: 0 | L29: 0 | M29: 0 | N29: 0 | O29: 0 | P29: 0 | Q29: 0 | R29: 0 | S29: 0 | T29: 0 | U29: 0 | V29: 0 | W29: 0 | X29: 0 | Y29: 0 | Z29: 0 | AA29: 0 | AB29: 0 | AC29: 0 | AD29: 0 | AE29: 0 | AF29: 0 | AG29: 0 | AH29: 0 | AI29: 0 | AJ29: 0 | AK29: 0 | AL29: 0 | AM29: 0 | AN29: 0 | AO29: 0 | AP29: 0 | AQ29: 0 | AR29: 0 | AS29: 0 | AT29: 0 | AU29: 0 | AV29: 0 | AW29: 0 | AX29: 0 | AY29: 0 | AZ29: 0 | BA29: 0 | BB29: 0 | BC29: 0 | BD29: 0 | BE29: 0 | BF29: 0 | BG29: 0 | BH29: 0 | BI29: 0 | BJ29: 0 | BK29: 0 | BL29: 0 | BM29: 0 | BN29: 0 | BO29: 0 | BP29: 0
A30: 114 | B30: Taxes on goods and services | C30: 132713.88 | D30: 138761.69 | E30: 144089.75 | F30: 158488.02 | G30: 154235.57 | H30: 156439.25 | I30: 162955.53 | J30: 169439 | K30: 166625.4 | L30: 171194.27 | M30: 182187.53 | N30: 183529.88 | O30: 177107.18 | P30: 186581.05 | Q30: 187932.78 | R30: 212860.25 | S30: 196854.13 | T30: 191920.67 | U30: 194471.35 | V30: 214511.24 | W30: 204854.63 | X30: 202860.34 | Y30: 207588.63 | Z30: 215581.21 | AA30: 213046.03 | AB30: 207601.63 | AC30: 208033.43 | AD30: 217734.17 | AE30: 215897.86 | AF30: 215410.04 | AG30: 223372.79 | AH30: 251648.22 | AI30: 236386.8 | AJ30: 242442.11 | AK30: 250256.31 | AL30: 260307.74 | AM30: 248124.84 | AN30: 251049.55 | AO30: 256785.99 | AP30: 266953.5 | AQ30: 257406.98 | AR30: 171101.5 | AS30: 264193.89 | AT30: 302152.84 | AU30: 292189.75 | AV30: 289955.43 | AW30: 334379.24 | AX30: 350336.75 | AY30: 332749.65 | AZ30: 328898.76 | BA30: 333678.81 | BB30: 328810.07 | BC30: 316170.86 | BD30: 329921.16 | BE30: 354915.41 | BF30: 366266.52 | BG30: 379292.97 | BH30: 394255.19 | BI30: 422074.75 | BJ30: 431953.09 | BK30: 417517.36 | BL30: 419712.98 | BM30: 447396.58 | BN30: 471274 | BO30: 452553.65 | BP30: 471045.63
A31: 1141 | B31: General taxes on goods and services | C31: 121783.99 | D31: 130933.61 | E31: 135507.95 | F31: 150109.99 | G31: 141903.45 | H31: 146688.71 | I31: 153362.41 | J31: 160341.08 | K31: 154448.75 | L31: 160793 | M31: 173920.34 | N31: 175737.41 | O31: 165694.05 | P31: 175813.07 | Q31: 178649.53 | R31: 204217.26 | S31: 182313.73 | T31: 182625.63 | U31: 184929.05 | V31: 205066.33 | W31: 190013.29 | X31: 191812.92 | Y31: 195590.91 | Z31: 203858.69 | AA31: 195379.3 | AB31: 194442.88 | AC31: 195713.87 | AD31: 205141.98 | AE31: 199635.64 | AF31: 203323.61 | AG31: 211053.24 | AH31: 240054.11 | AI31: 221442.11 | AJ31: 227275.9 | AK31: 234380.06 | AL31: 248226.8 | AM31: 232230.03 | AN31: 235320.38 | AO31: 242654.76 | AP31: 253402.29 | AQ31: 242136.42 | AR31: 160328.41 | AS31: 249251.53 | AT31: 287888.87 | AU31: 273492.48 | AV31: 273254.58 | AW31: 316571.1 | AX31: 331605.46 | AY31: 310236.64 | AZ31: 311453.78 | BA31: 317079.2 | BB31: 310402.82 | BC31: 294846.75 | BD31: 312124.72 | BE31: 336037.73 | BF31: 346970.36 | BG31: 355580.67 | BH31: 372952.06 | BI31: 398374.07 | BJ31: 406823.58 | BK31: 389334.76 | BL31: 393973.69 | BM31: 421354.75 | BN31: 444336.47 | BO31: 421580.25 | BP31: 442997.89
A32: 11411 | B32: Value-added taxes | C32: 69696.8 | D32: 74991.736 | E32: 77991.513 | F32: 82737.706 | G32: 80048.406 | H32: 81872.998 | I32: 86247.261 | J32: 90449.707 | K32: 87004.129 | L32: 90827.547 | M32: 92022.23 | N32: 99697.737 | O32: 93205.763 | P32: 99808.458 | Q32: 102414.83 | R32: 110758.11 | S32: 105097.65 | T32: 104745.86 | U32: 106072.91 | V32: 118025.62 | W32: 107878.88 | X32: 109239.2 | Y32: 111357.35 | Z32: 116545.05 | AA32: 111543.85 | AB32: 110569.06 | AC32: 112992.66 | AD32: 120533 | AE32: 117393.72 | AF32: 119228.38 | AG32: 122823.07 | AH32: 131371.23 | AI32: 127081.25 | AJ32: 130305.96 | AK32: 133626.3 | AL32: 142282.31 | AM32: 133999.45 | AN32: 136837.66 | AO32: 140618.8 | AP32: 149112.42 | AQ32: 142822.27 | AR32: 114412.73 | AS32: 146830.08 | AT32: 174939.93 | AU32: 164355.59 | AV32: 171124.05 | AW32: 192431.46 | AX32: 200430.81 | AY32: 190530.5 | AZ32: 192579.4 | BA32: 189779.99 | BB32: 181130.89 | BC32: 172640.32 | BD32: 185548.98 | BE32: 194970.97 | BF32: 204867.11 | BG32: 203075.26 | BH32: 214724.94 | BI32: 233906.19 | BJ32: 236534.53 | BK32: 225737.21 | BL32: 230947.5 | BM32: 237399.48 | BN32: 251427.23 | BO32: 237912.12 | BP32: 254222
A33: 11411.1 | B33: Taxes on Industrialized Products - IPI | C33: 7798.9087 | D33: 8809.0209 | E33: 9441.2656 | F33: 11235.045 | G33: 10159.682 | H33: 9539.4758 | I33: 10877.546 | J33: 10603.646 | K33: 10636.024 | L33: 11173.205 | M33: 10076.008 | N33: 11418.646 | O33: 9138.9149 | P33: 10983.952 | Q33: 11150.699 | R33: 11914.757 | S33: 11690.895 | T33: 11681.746 | U33: 11746.946 | V33: 14084.583 | W33: 12054.381 | X33: 11446.141 | Y33: 12104.592 | Z33: 12443.594 | AA33: 10593.21 | AB33: 9628.4295 | AC33: 9939.2203 | AD33: 11690.552 | AE33: 10159.381 | AF33: 10605.744 | AG33: 11969.369 | AH33: 14306.93 | AI33: 13160.329 | AJ33: 13125.797 | AK33: 13473.362 | AL33: 14225.863 | AM33: 13237.61 | AN33: 12611.993 | AO33: 13227.171 | AP33: 13363.127 | AQ33: 11949.78 | AR33: 9987.5904 | AS33: 14875.342 | AT33: 19081.641 | AU33: 16923.616 | AV33: 17420.108 | AW33: 17292.329 | AX33: 18777.505 | AY33: 17801.033 | AZ33: 13235.546 | BA33: 14002.44 | BB33: 13905.283 | BC33: 13323.496 | BD33: 13907.565 | BE33: 14347.109 | BF33: 16494.471 | BG33: 17145.221 | BH33: 19117.224 | BI33: 25121.207 | BJ33: 21684.885 | BK33: 20860.481 | BL33: 20800.076 | BM33: 22142.339 | BN33: 22925.581 | BO33: 21134.205 | BP33: 26312.709
A34: 11411.2 | B34: Tax on Merchandise and Services Circulation - ICMS | C34: 61897.891 | D34: 66182.716 | E34: 68550.247 | F34: 71502.661 | G34: 69888.725 | H34: 72333.522 | I34: 75369.716 | J34: 79846.061 | K34: 76368.105 | L34: 79654.343 | M34: 81946.222 | N34: 88279.091 | O34: 84066.848 | P34: 88824.506 | Q34: 91264.128 | R34: 98843.356 | S34: 93406.758 | T34: 93064.11 | U34: 94325.962 | V34: 103941.04 | W34: 95824.494 | X34: 97793.055 | Y34: 99252.756 | Z34: 104101.46 | AA34: 100950.64 | AB34: 100940.63 | AC34: 103053.44 | AD34: 108842.45 | AE34: 107234.34 | AF34: 108622.63 | AG34: 110853.71 | AH34: 117064.3 | AI34: 113920.92 | AJ34: 117180.16 | AK34: 120152.93 | AL34: 128056.45 | AM34: 120761.84 | AN34: 124225.67 | AO34: 127391.63 | AP34: 135749.3 | AQ34: 130872.49 | AR34: 104425.14 | AS34: 131954.74 | AT34: 155858.29 | AU34: 147431.97 | AV34: 153703.94 | AW34: 175139.13 | AX34: 181653.31 | AY34: 172729.47 | AZ34: 179343.85 | BA34: 175777.55 | BB34: 167225.61 | BC34: 159316.82 | BD34: 171641.41 | BE34: 180623.86 | BF34: 188372.64 | BG34: 185930.04 | BH34: 195607.71 | BI34: 208784.99 | BJ34: 214849.64 | BK34: 204876.73 | BL34: 210147.42 | BM34: 215257.14 | BN34: 228501.65 | BO34: 216777.91 | BP34: 227909.3
A35: 11412 | B35: Sales taxes | C35: 0 | D35: 0 | E35: 0 | F35: 0 | G35: 0 | H35: 0 | I35: 0 | J35: 0 | K35: 0 | L35: 0 | M35: 0 | N35: 0 | O35: 0 | P35: 0 | Q35: 0 | R35: 0 | S35: 0 | T35: 0 | U35: 0 | V35: 0 | W35: 0 | X35: 0 | Y35: 0 | Z35: 0 | AA35: 0 | AB35: 0 | AC35: 0 | AD35: 0 | AE35: 0 | AF35: 0 | AG35: 0 | AH35: 0 | AI35: 0 | AJ35: 0 | AK35: 0 | AL35: 0 | AM35: 0 | AN35: 0 | AO35: 0 | AP35: 0 | AQ35: 0 | AR35: 0 | AS35: 0 | AT35: 0 | AU35: 0 | AV35: 0 | AW35: 0 | AX35: 0 | AY35: 0 | AZ35: 0 | BA35: 0 | BB35: 0 | BC35: 0 | BD35: 0 | BE35: 0 | BF35: 0 | BG35: 0 | BH35: 0 | BI35: 0 | BJ35: 0 | BK35: 0 | BL35: 0 | BM35: 0 | BN35: 0 | BO35: 0 | BP35: 0
A36: 11413 | B36: Turnover and other general taxes on goods and services | C36: 46365.438 | D36: 49559.744 | E36: 50833.643 | F36: 59666.616 | G36: 55255.509 | H36: 56519.886 | I36: 58645.911 | J36: 61379.256 | K36: 59531.163 | L36: 61859.833 | M36: 74589.22 | N36: 68494.643 | O36: 65691.986 | P36: 68345.149 | Q36: 69045.718 | R36: 85940.25 | S36: 70378.172 | T36: 70499.675 | U36: 71206.017 | V36: 79156.591 | W36: 74081.157 | X36: 73648.063 | Y36: 75539.4 | Z36: 78300.424 | AA36: 75510.233 | AB36: 75476.245 | AC36: 74404.696 | AD36: 76003.374 | AE36: 74163.051 | AF36: 75205.944 | AG36: 79579.115 | AH36: 99618.975 | AI36: 85747.709 | AJ36: 87765.255 | AK36: 91507.492 | AL36: 96391.285 | AM36: 88921.272 | AN36: 88576.834 | AO36: 91475.603 | AP36: 93154.355 | AQ36: 88814.288 | AR36: 41385.088 | AS36: 99738.95 | AT36: 108713.55 | AU36: 100231.76 | AV36: 90663.692 | AW36: 111077.93 | AX36: 115607.33 | AY36: 106312.4 | AZ36: 103856.2 | BA36: 111962.61 | BB36: 114021.53 | BC36: 107448.12 | BD36: 111576.42 | BE36: 125316.19 | BF36: 125888.74 | BG36: 136762.79 | BH36: 142068.03 | BI36: 147123.82 | BJ36: 152098.6 | BK36: 146865.12 | BL36: 143018.8 | BM36: 160186.37 | BN36: 166998.61 | BO36: 158569.11 | BP36: 164116.67
A37: 11413.1 | B37: Contribution for the Financing of Social Security - COFINS | C37: 31881.814 | D37: 34085.88 | E37: 34758.177 | F37: 38309.422 | G37: 38013.879 | H37: 38981.589 | I37: 40326.263 | J37: 41329.027 | K37: 40167.553 | L37: 41951.35 | M37: 52348.476 | N37: 45562.639 | O37: 44795.124 | P37: 46597.664 | Q37: 46650.407 | R37: 60195.308 | S37: 47129.305 | T37: 47377.494 | U37: 47563.148 | V37: 52746.112 | W37: 49678.089 | X37: 49059.42 | Y37: 50823.244 | Z37: 50315.248 | AA37: 50504.933 | AB37: 50689.168 | AC37: 49799.38 | AD37: 50523.797 | AE37: 49756.776 | AF37: 50276.416 | AG37: 53199.219 | AH37: 68437.443 | AI37: 58336.094 | AJ37: 59127.453 | AK37: 61701.85 | AL37: 65121.536 | AM37: 58696.366 | AN37: 57577.487 | AO37: 60422.156 | AP37: 60675.881 | AQ37: 57333.822 | AR37: 21655.702 | AS37: 66517.364 | AT37: 73095.588 | AU37: 65410.127 | AV37: 58420.693 | AW37: 72227.271 | AX37: 73646.69 | AY37: 66302.989 | AZ37: 64320.359 | BA37: 71227.927 | BB37: 70052.079 | BC37: 65666.198 | BD37: 67679.237 | BE37: 77860.186 | BF37: 75664.408 | BG37: 84962.189 | BH37: 88833.714 | BI37: 90701.95 | BJ37: 94582.623 | BK37: 91039.507 | BL37: 87009.735 | BM37: 99401.288 | BN37: 104388.25 | BO37: 98707.402 | BP37: 101969.93
A38: 11413.2 | B38: Social Integration Program - PIS | C38: 7017.1891 | D38: 7473.1845 | E38: 7625.9512 | F38: 11669.744 | G38: 8245.9839 | H38: 8326.481 | I38: 8551.4692 | J38: 8666.3279 | K38: 9058.613 | L38: 9115.0245 | M38: 11083.163 | N38: 9692.5872 | O38: 9863.3904 | P38: 9841.9555 | Q38: 9982.3972 | R38: 11766.193 | S38: 10383.25 | T38: 9935.4087 | U38: 9862.9595 | V38: 10989.423 | W38: 11004.677 | X38: 10878.554 | Y38: 10927.029 | Z38: 10963.803 | AA38: 11135.854 | AB38: 10610.39 | AC38: 10490.511 | AD38: 10713.336 | AE38: 10668.628 | AF38: 10574.383 | AG38: 11400.663 | AH38: 14407.816 | AI38: 12386.301 | AJ38: 12462.529 | AK38: 13205.238 | AL38: 13623.832 | AM38: 13150.992 | AN38: 12782.551 | AO38: 12749.33 | AP38: 12707.444 | AQ38: 12100.978 | AR38: 4678.847 | AS38: 14059.815 | AT38: 15786.493 | AU38: 14398.652 | AV38: 12393.371 | AW38: 15051.493 | AX38: 15770.03 | AY38: 15395.641 | AZ38: 13810.065 | BA38: 14631.454 | BB38: 14570.344 | BC38: 13784.464 | BD38: 14633.898 | BE38: 16219.496 | BF38: 16935.124 | BG38: 19089.93 | BH38: 19066.537 | BI38: 20103.158 | BJ38: 19136.781 | BK38: 19119.47 | BL38: 18658.174 | BM38: 20934.605 | BN38: 19756.557 | BO38: 18392.111 | BP38: 19945.373
A39: 11413.3 | B39: Tax on services - ISS | C39: 7160.6246 | D39: 7692.5645 | E39: 8126.8733 | F39: 9338.7566 | G39: 8617.7997 | H39: 8835.8426 | I39: 9369.3695 | J39: 10983.562 | K39: 9874.6097 | L39: 10382.786 | M39: 10737.671 | N39: 12811.175 | O39: 10567.886 | P39: 11474.81 | Q39: 11972.379 | R39: 13533.823 | S39: 12393.99 | T39: 12730.509 | U39: 13305.542 | V39: 14933.515 | W39: 12926.465 | X39: 13236.768 | Y39: 13330.799 | Z39: 16562.165 | AA39: 13402.622 | AB39: 13723.789 | AC39: 13664.544 | AD39: 14328.041 | AE39: 13251.909 | AF39: 13907.958 | AG39: 14536.189 | AH39: 16343.161 | AI39: 14592.069 | AJ39: 15765.722 | AK39: 16209.815 | AL39: 17256.781 | AM39: 16677.581 | AN39: 17833.769 | AO39: 17913.444 | AP39: 19381.195 | AQ39: 18978.45 | AR39: 14669.97 | AS39: 18779.564 | AT39: 19430.293 | AU39: 20026.579 | AV39: 19451.432 | AW39: 23407.839 | AX39: 25808.207 | AY39: 24227.859 | AZ39: 25272.169 | BA39: 25728.595 | BB39: 28981.167 | BC39: 27604.633 | BD39: 28874.374 | BE39: 30856.208 | BF39: 32919.464 | BG39: 32308.02 | BH39: 33775.472 | BI39: 35930.559 | BJ39: 38062.847 | BK39: 36373.253 | BL39: 37025.683 | BM39: 39540.989 | BN39: 42549.284 | BO39: 41108.372 | BP39: 41853.399
A40: 11413.4 | B40: Other turnover and other general taxes on goods and services | C40: 305.8107 | D40: 308.11452 | E40: 322.64179 | F40: 348.69363 | G40: 377.84624 | H40: 375.97263 | I40: 398.80982 | J40: 400.33796 | K40: 430.38705 | L40: 410.67261 | M40: 419.90962 | N40: 428.24113 | O40: 465.5855 | P40: 430.71919 | Q40: 440.53518 | R40: 444.92626 | S40: 471.62697 | T40: 456.2634 | U40: 474.36732 | V40: 487.5412 | W40: 471.92686 | X40: 473.32169 | Y40: 458.32686 | Z40: 459.20822 | AA40: 466.82361 | AB40: 452.89814 | AC40: 450.26115 | AD40: 438.19977 | AE40: 485.73868 | AF40: 447.18659 | AG40: 443.04471 | AH40: 430.55533 | AI40: 433.24488 | AJ40: 409.55055 | AK40: 390.58864 | AL40: 389.13498 | AM40: 396.33193 | AN40: 383.027 | AO40: 390.67304 | AP40: 389.83503 | AQ40: 401.03741 | AR40: 380.56857 | AS40: 382.20607 | AT40: 401.17218 | AU40: 396.40248 | AV40: 398.196 | AW40: 391.32439 | AX40: 382.40763 | AY40: 385.91562 | AZ40: 453.6043 | BA40: 374.63393 | BB40: 417.93543 | BC40: 392.82796 | BD40: 388.91108 | BE40: 380.29923 | BF40: 369.74243 | BG40: 402.64693 | BH40: 392.30418 | BI40: 388.15376 | BJ40: 316.35286 | BK40: 332.88901 | BL40: 325.20434 | BM40: 309.48837 | BN40: 304.52637 | BO40: 361.22714 | BP40: 347.964
A41: 11414 | B41: Taxes on financial and capital transactions (IOF) | C41: 5721.7483 | D41: 6382.1347 | E41: 6682.7939 | F41: 7705.6664 | G41: 6599.5381 | H41: 8295.8293 | I41: 8469.2354 | J41: 8512.1179 | K41: 7913.455 | L41: 8105.6155 | M41: 7308.8917 | N41: 7545.0315 | O41: 6796.2986 | P41: 7659.4599 | Q41: 7188.9809 | R41: 7518.9002 | S41: 6837.9054 | T41: 7380.1028 | U41: 7650.1262 | V41: 7884.1166 | W41: 8053.2581 | X41: 8925.6592 | Y41: 8694.1637 | Z41: 9013.2161 | AA41: 8325.2223 | AB41: 8397.5732 | AC41: 8316.514 | AD41: 8605.6032 | AE41: 8078.8647 | AF41: 8889.2837 | AG41: 8651.0518 | AH41: 9063.9081 | AI41: 8613.155 | AJ41: 9204.6855 | AK41: 9246.2704 | AL41: 9553.1989 | AM41: 9309.3084 | AN41: 9905.8867 | AO41: 10560.352 | AP41: 11135.509 | AQ41: 10499.861 | AR41: 4530.5879 | AS41: 2682.5036 | AT41: 4235.3907 | AU41: 8905.136 | AV41: 11466.831 | AW41: 13061.718 | AX41: 15567.316 | AY41: 13393.73 | AZ41: 15018.186 | BA41: 15336.597 | BB41: 15250.408 | BC41: 14758.315 | BD41: 14999.319 | BE41: 15750.571 | BF41: 16214.511 | BG41: 15742.624 | BH41: 16159.102 | BI41: 17344.057 | BJ41: 18190.445 | BK41: 16732.426 | BL41: 20007.39 | BM41: 23768.892 | BN41: 25910.631 | BO41: 25099.022 | BP41: 24659.217
A42: 1142 | B42: Excise (CIDE-Fuel) | C42: 1959.7179 | D42: 1674.9973 | E42: 2065.7307 | F42: 2057.7056 | G42: 2058.4317 | H42: 2432.4755 | I42: 2537.1465 | J42: 1930.477 | K42: 1258.5386 | L42: 1381.1621 | M42: 239.38398 | N42: 6.3027407 | O42: 238.17699 | P42: -2.7270382 | Q42: 357.18124 | R42: 141.80832 | S42: 1.1983976 | T42: 2.4562538 | U42: 13.945997 | V42: 6.9087306 | W42: -5.3996392 | X42: 483.69275 | Y42: 1406.5716 | Z42: 1386.3174 | AA42: 1423.367 | AB42: 1724.2588 | AC42: 1359.9538 | AD42: 1493.6593 | AE42: 1366.1421 | AF42: 1463.2257 | AG42: 1530.7411 | AH42: 1461.2589 | AI42: 1284.2008 | AJ42: 1280.9982 | AK42: 645.79256 | AL42: 717.13899 | AM42: 715.10021 | AN42: 682.52008 | AO42: 666.80214 | AP42: 711.25222 | AQ42: 642.98433 | AR42: 412.76687 | AS42: 610.60036 | AT42: 319.24036 | AU42: 260.43247 | AV42: 357.6821 | AW42: 580.80089 | AX42: 725.40276 | AY42: 830.56907 | AZ42: 675.6878 | BA42: 146.18263 | BB42: 7.8750986 | BC42: -173.75078 | BD42: 2.1916001 | BE42: 626.28824 | BF42: 739.94344 | BG42: 730.09213 | BH42: 708.3254 | BI42: 1179.3208 | BJ42: 778.67194 | BK42: 694.28121 | BL42: 798.07359 | BM42: 830.34177 | BN42: 927.06314 | BO42: 743.55861 | BP42: 817.16426
A43: 1143 | B43: Profits of fiscal monopolies | C43: 0 | D43: 0 | E43: 0 | F43: 0 | G43: 0 | H43: 0 | I43: 0 | J43: 0 | K43: 0 | L43: 0 | M43: 0 | N43: 0 | O43: 0 | P43: 0 | Q43: 0 | R43: 0 | S43: 0 | T43: 0 | U43: 0 | V43: 0 | W43: 0 | X43: 0 | Y43: 0 | Z43: 0 | AA43: 0 | AB43: 0 | AC43: 0 | AD43: 0 | AE43: 0 | AF43: 0 | AG43: 0 | AH43: 0 | AI43: 0 | AJ43: 0 | AK43: 0 | AL43: 0 | AM43: 0 | AN43: 0 | AO43: 0 | AP43: 0 | AQ43: 0 | AR43: 0 | AS43: 0 | AT43: 0 | AU43: 0 | AV43: 0 | AW43: 0 | AX43: 0 | AY43: 0 | AZ43: 0 | BA43: 0 | BB43: 0 | BC43: 0 | BD43: 0 | BE43: 0 | BF43: 0 | BG43: 0 | BH43: 0 | BI43: 0 | BJ43: 0 | BK43: 0 | BL43: 0 | BM43: 0 | BN43: 0 | BO43: 0 | BP43: 0
A44: 1144 | B44: Taxes on specific services | C44: 3342.3294 | D44: 2984.8834 | E44: 3295.2927 | F44: 3117.9352 | G44: 3769.0007 | H44: 3551.5786 | I44: 3374.1539 | J44: 3452.9785 | K44: 4104.53 | L44: 3877.915 | M44: 3901.9948 | N44: 3859.3267 | O44: 4781.7435 | P44: 4358.8999 | Q44: 4479.1382 | R44: 4256.2665 | S44: 5444.5488 | T44: 4557.7221 | U44: 4657.9131 | V44: 4808.8792 | W44: 5681.5469 | X44: 5324.0504 | Y44: 5450.7745 | Z44: 5556.079 | AA44: 6157.8261 | AB44: 5667.8951 | AC44: 5328.4973 | AD44: 5007.9606 | AE44: 5762.4275 | AF44: 5286.1719 | AG44: 5724.71 | AH44: 5311.0535 | AI44: 6195.045 | AJ44: 5837.8403 | AK44: 6324.3557 | AL44: 5900.5102 | AM44: 6200.9565 | AN44: 6413.7482 | AO44: 6506.2258 | AP44: 6392.7541 | AQ44: 7420.7715 | AR44: 5928.7727 | AS44: 6819.5667 | AT44: 7562.5123 | AU44: 9150.9308 | AV44: 9263.748 | AW44: 9650.8502 | AX44: 10974.978 | AY44: 11339.824 | AZ44: 8235.671 | BA44: 8248.2589 | BB44: 8746.9376 | BC44: 8979.9797 | BD44: 8416.6383 | BE44: 8755.3184 | BF44: 8798.3259 | BG44: 10349.213 | BH44: 10904.088 | BI44: 12484.777 | BJ44: 14250.45 | BK44: 13116.34 | BL44: 12208.38 | BM44: 12559.191 | BN44: 13448.806 | BO44: 14500.528 | BP44: 14084.165
A45: 1144.1 | B45: Lottery tax | C45: n.d. | D45: n.d. | E45: n.d. | F45: n.d. | G45: n.d. | H45: n.d. | I45: n.d. | J45: n.d. | K45: n.d. | L45: n.d. | M45: n.d. | N45: n.d. | O45: n.d. | P45: n.d. | Q45: n.d. | R45: n.d. | S45: n.d. | T45: n.d. | U45: n.d. | V45: n.d. | W45: n.d. | X45: n.d. | Y45: n.d. | Z45: n.d. | AA45: n.d. | AB45: n.d. | AC45: n.d. | AD45: n.d. | AE45: n.d. | AF45: n.d. | AG45: n.d. | AH45: n.d. | AI45: n.d. | AJ45: n.d. | AK45: n.d. | AL45: n.d. | AM45: n.d. | AN45: n.d. | AO45: n.d. | AP45: n.d. | AQ45: 1314.8742 | AR45: 79.280126 | AS45: 813.64511 | AT45: 697.9242 | AU45: 858.83578 | AV45: 743.5428 | AW45: 771.68546 | AX45: 714.07689 | AY45: 1097.8726 | AZ45: 894.48287 | BA45: 909.34001 | BB45: 945.47877 | BC45: 1182.3577 | BD45: 909.89921 | BE45: 985.09342 | BF45: 833.41754 | BG45: 1356.3695 | BH45: 1119.6934 | BI45: 1013.9134 | BJ45: 2954.8935 | BK45: 1672.2887 | BL45: 1131.3736 | BM45: 1235.7244 | BN45: 312.95237 | BO45: 329.75464 | BP45: 922.38825
A46: 1144.2 | B46: Compulsory Insurance for Personal Injury from Vehicles accidents - DPVAT | C46: 980.05495 | D46: 674.85105 | E46: 654.94832 | F46: 520.57298 | G46: 1134.289 | H46: 791.45337 | I46: 748.41163 | J46: 594.70927 | K46: 1212.0139 | L46: 847.62678 | M46: 794.11038 | N46: 664.42772 | O46: 1426.041 | P46: 988.01907 | Q46: 887.01926 | R46: 686.81556 | S46: 1532.305 | T46: 1042.8164 | U46: 928.45579 | V46: 641.5762 | W46: 1551.9772 | X46: 1121.8388 | Y46: 917.69715 | Z46: 650.1882 | AA46: 1673.8381 | AB46: 1088.4411 | AC46: 854.34365 | AD46: 626.20222 | AE46: 1218.0276 | AF46: 855.5319 | AG46: 809.28939 | AH46: 418.66886 | AI46: 933.20762 | AJ46: 565.78575 | AK46: 477.80851 | AL46: 335.42823 | AM46: 458.36299 | AN46: 231.65585 | AO46: 194.09483 | AP46: 143.11738 | AQ46: 119.45435 | AR46: -10.320233 | AS46: 37.905086 | AT46: 26.429291 | AU46: 6.8622642 | AV46: 3.5590168 | AW46: 3.6651598 | AX46: -0.99425817 | AY46: 0.96715277 | AZ46: 0.3845992 | BA46: 0.80339607 | BB46: 0.37916331 | BC46: 0.35902867 | BD46: 0.295321 | BE46: 0.23223186 | BF46: 0.21310502 | BG46: 0.12811021 | BH46: 0.109619 | BI46: 0.10263911 | BJ46: 0.08442172 | BK46: 0.05547957 | BL46: 0.04115791 | BM46: 0.03761058 | BN46: 0.04147358 | BO46: 0.04000233 | BP46: 0.01826292
A47: 1144.3 | B47: Contribution for License, Acquisition or Transfer of Technology - CIDE - Transfers abroad | C47: 312.11024 | D47: 287.05972 | E47: 281.61294 | F47: 330.71173 | G47: 376.64039 | H47: 350.09759 | I47: 333.53938 | J47: 446.84372 | K47: 496.04304 | L47: 465.59571 | M47: 491.12866 | N47: 509.67589 | O47: 532.52271 | P47: 532.49546 | Q47: 568.00633 | R47: 591.38179 | S47: 654.15332 | T47: 580.98559 | U47: 576.14853 | V47: 687.45394 | W47: 718.43541 | X47: 662.30423 | Y47: 691.69243 | Z47: 910.9944 | AA47: 763.40282 | AB47: 834.522 | AC47: 644.20846 | AD47: 697.8155 | AE47: 697.25166 | AF47: 742.50598 | AG47: 775.14305 | AH47: 796.27904 | AI47: 976.98093 | AJ47: 855.28695 | AK47: 1163.3991 | AL47: 1101.3184 | AM47: 1404.1372 | AN47: 1216.9349 | AO47: 1204.0189 | AP47: 1302.0617 | AQ47: 1511.066 | AR47: 1275.9315 | AS47: 1429.6529 | AT47: 1683.0359 | AU47: 1977.8237 | AV47: 1812.8506 | AW47: 1853.3546 | AX47: 1940.7202 | AY47: 2054.3086 | AZ47: 1768.2086 | BA47: 1983.9855 | BB47: 2118.876 | BC47: 2475.6406 | BD47: 2184.1344 | BE47: 2507.0604 | BF47: 2698.2086 | BG47: 3042.7563 | BH47: 3445.4752 | BI47: 5230.9551 | BJ47: 4866.3888 | BK47: 4644.4712 | BL47: 4175.195 | BM47: 4078.4832 | BN47: 5052.9873 | BO47: 5071.3146 | BP47: 5200.6982
A48: 1144.4 | B48: Public Lighting Service Contribution | C48: n.d. | D48: n.d. | E48: n.d. | F48: n.d. | G48: n.d. | H48: n.d. | I48: n.d. | J48: n.d. | K48: n.d. | L48: n.d. | M48: n.d. | N48: n.d. | O48: n.d. | P48: n.d. | Q48: n.d. | R48: n.d. | S48: n.d. | T48: n.d. | U48: n.d. | V48: n.d. | W48: n.d. | X48: n.d. | Y48: n.d. | Z48: n.d. | AA48: n.d. | AB48: n.d. | AC48: n.d. | AD48: n.d. | AE48: n.d. | AF48: n.d. | AG48: n.d. | AH48: n.d. | AI48: n.d. | AJ48: n.d. | AK48: n.d. | AL48: n.d. | AM48: n.d. | AN48: n.d. | AO48: n.d. | AP48: n.d. | AQ48: 2817.024 | AR48: 2452.8 | AS48: 2619.3296 | AT48: 2697.6586 | AU48: 2870.1744 | AV48: 2923.0043 | AW48: 2940.9902 | AX48: 3169.9927 | AY48: 3176.9479 | AZ48: 3501.8937 | BA48: 2935.6811 | BB48: 3387.6613 | BC48: 3277.5582 | BD48: 3592.9796 | BE48: 3501.5362 | BF48: 3821.1011 | BG48: 3911.9655 | BH48: 4172.2497 | BI48: 3918.0581 | BJ48: 4140.0502 | BK48: 4104.5482 | BL48: 4322.9168 | BM48: 4136.2632 | BN48: 4452.5094 | BO48: 4513.6923 | BP48: 5099.2204
A49: 1144.5 | B49: Other taxes on specific services | C49: 530.85787 | D49: 597.47501 | E49: 699.72926 | F49: 690.25477 | G49: 618.0058 | H49: 603.13065 | I49: 684.45945 | J49: 734.35201 | K49: 636.1355 | L49: 761.14211 | M49: 829.37672 | N49: 854.48827 | O49: 805.20177 | P49: 884.93478 | Q49: 1008.7334 | R49: 938.7679 | S49: 931.2879 | T49: 829.16662 | U49: 838.65999 | V49: 879.31904 | W49: 915.36191 | X49: 837.86507 | Y49: 919.47504 | Z49: 668.98744 | AA49: 773.35629 | AB49: 696.88459 | AC49: 829.64093 | AD49: 786.51377 | AE49: 775.64354 | AF49: 514.93373 | AG49: 953.09285 | AH49: 950.51034 | AI49: 836.4581 | AJ49: 1070.0805 | AK49: 1214.2427 | AL49: 948.38899 | AM49: 524.86223 | AN49: 765.69483 | AO49: 1159.6499 | AP49: 3695.5628 | AQ49: 1658.353 | AR49: 2131.0812 | AS49: 1919.0339 | AT49: 2457.4643 | AU49: 3437.2347 | AV49: 3780.7913 | AW49: 4081.1548 | AX49: 5151.1825 | AY49: 5009.7281 | AZ49: 2070.7013 | BA49: 2418.4489 | BB49: 2294.5424 | BC49: 2044.0642 | BD49: 1729.3297 | BE49: 1761.3962 | BF49: 1445.3856 | BG49: 2037.994 | BH49: 2166.5599 | BI49: 2321.7482 | BJ49: 2289.0328 | BK49: 2694.9768 | BL49: 2578.8538 | BM49: 3108.6821 | BN49: 3630.3153 | BO49: 4585.7267 | BP49: 2861.8396
A50: 1145 | B50: Taxes on use of goods and on permission to use goods or perform activities | C50: 5618.3705 | D50: 3153.6704 | E50: 3205.1187 | F50: 3189.9007 | G50: 6494.83 | H50: 3753.3077 | I50: 3665.5095 | J50: 3698.314 | K50: 5999.4743 | L50: 5101.9974 | M50: 4100.8064 | N50: 3897.5206 | O50: 5901.1757 | P50: 5937.1056 | Q50: 4410.2343 | R50: 4211.4835 | S50: 8191.4025 | T50: 4701.195 | U50: 4838.7217 | V50: 4599.4719 | W50: 8213.6145 | X50: 5192.006 | Y50: 5109.2085 | Z50: 4748.5528 | AA50: 8958.4914 | AB50: 5729.4314 | AC50: 5595.9514 | AD50: 6064.9561 | AE50: 8087.8418 | AF50: 5301.5886 | AG50: 5035.0775 | AH50: 4798.723 | AI50: 6891.7247 | AJ50: 7591.6215 | AK50: 8875.4839 | AL50: 5439.2374 | AM50: 8413.4555 | AN50: 8199.8348 | AO50: 6919.942 | AP50: 6422.4858 | AQ50: 7176.3836 | AR50: 4410.2553 | AS50: 6715.5586 | AT50: 6345.4264 | AU50: 8671.1071 | AV50: 6809.7113 | AW50: 7537.0051 | AX50: 6980.6207 | AY50: 9476.3783 | AZ50: 8319.9087 | BA50: 8177.1398 | BB50: 9615.5984 | BC50: 11450.392 | BD50: 9340.4913 | BE50: 9461.9044 | BF50: 9727.3681 | BG50: 11571.806 | BH50: 9648.7302 | BI50: 9962.8741 | BJ50: 10067.496 | BK50: 13322.395 | BL50: 12701.031 | BM50: 12601.273 | BN50: 12524.352 | BO50: 14659.359 | BP50: 13094.799
A51: 11451 | B51: Motor vehicle taxes | C51: 0 | D51: 0 | E51: 0 | F51: 0 | G51: 0 | H51: 0 | I51: 0 | J51: 0 | K51: 0 | L51: 0 | M51: 0 | N51: 0 | O51: 0 | P51: 0 | Q51: 0 | R51: 0 | S51: 0 | T51: 0 | U51: 0 | V51: 0 | W51: 0 | X51: 0 | Y51: 0 | Z51: 0 | AA51: 0 | AB51: 0 | AC51: 0 | AD51: 0 | AE51: 0 | AF51: 0 | AG51: 0 | AH51: 0 | AI51: 0 | AJ51: 0 | AK51: 0 | AL51: 0 | AM51: 0 | AN51: 0 | AO51: 0 | AP51: 0 | AQ51: 0 | AR51: 0 | AS51: 0 | AT51: 0 | AU51: 0 | AV51: 0 | AW51: 0 | AX51: 0 | AY51: 0 | AZ51: 0 | BA51: 0 | BB51: 0 | BC51: 0 | BD51: 0 | BE51: 0 | BF51: 0 | BG51: 0 | BH51: 0 | BI51: 0 | BJ51: 0 | BK51: 0 | BL51: 0 | BM51: 0 | BN51: 0 | BO51: 0 | BP51: 0
A52: 11452 | B52: Other taxes on use of goods and on permission to use goods or perform activities | C52: 5618.3705 | D52: 3153.6704 | E52: 3205.1187 | F52: 3189.9007 | G52: 6494.83 | H52: 3753.3077 | I52: 3665.5095 | J52: 3698.314 | K52: 5999.4743 | L52: 5101.9974 | M52: 4100.8064 | N52: 3897.5206 | O52: 5901.1757 | P52: 5937.1056 | Q52: 4410.2343 | R52: 4211.4835 | S52: 8191.4025 | T52: 4701.195 | U52: 4838.7217 | V52: 4599.4719 | W52: 8213.6145 | X52: 5192.006 | Y52: 5109.2085 | Z52: 4748.5528 | AA52: 8958.4914 | AB52: 5729.4314 | AC52: 5595.9514 | AD52: 6064.9561 | AE52: 8087.8418 | AF52: 5301.5886 | AG52: 5035.0775 | AH52: 4798.723 | AI52: 6891.7247 | AJ52: 7591.6215 | AK52: 8875.4839 | AL52: 5439.2374 | AM52: 8413.4555 | AN52: 8199.8348 | AO52: 6919.942 | AP52: 6422.4858 | AQ52: 7176.3836 | AR52: 4410.2553 | AS52: 6715.5586 | AT52: 6345.4264 | AU52: 8671.1071 | AV52: 6809.7113 | AW52: 7537.0051 | AX52: 6980.6207 | AY52: 9476.3783 | AZ52: 8319.9087 | BA52: 8177.1398 | BB52: 9615.5984 | BC52: 11450.392 | BD52: 9340.4913 | BE52: 9461.9044 | BF52: 9727.3681 | BG52: 11571.806 | BH52: 9648.7302 | BI52: 9962.8741 | BJ52: 10067.496 | BK52: 13322.395 | BL52: 12701.031 | BM52: 12601.273 | BN52: 12524.352 | BO52: 14659.359 | BP52: 13094.799
A53: 1146 | B53: Other taxes on goods and services | C53: 9.4745127 | D53: 14.521158 | E53: 15.65658 | F53: 12.488951 | G53: 9.8503198 | H53: 13.178412 | I53: 16.314798 | J53: 16.150644 | K53: 814.10709 | L53: 40.199226 | M53: 25.005958 | N53: 29.317945 | O53: 492.03973 | P53: 474.70725 | Q53: 36.695202 | R53: 33.427928 | S53: 903.24603 | T53: 33.65946 | U53: 31.720275 | V53: 29.654493 | W53: 951.57222 | X53: 47.674248 | Y53: 31.159959 | Z53: 31.567009 | AA53: 1127.0391 | AB53: 37.163939 | AC53: 35.15506 | AD53: 25.613537 | AE53: 1045.8098 | AF53: 35.450948 | AG53: 29.020065 | AH53: 23.067318 | AI53: 573.71533 | AJ53: 455.74349 | AK53: 30.615157 | AL53: 24.059088 | AM53: 565.29815 | AN53: 433.06335 | AO53: 38.256815 | AP53: 24.716993 | AQ53: 30.418332 | AR53: 21.298637 | AS53: 796.63395 | AT53: 36.792326 | AU53: 614.79567 | AV53: 269.71169 | AW53: 39.476054 | AX53: 50.284578 | AY53: 866.23956 | AZ53: 213.71087 | BA53: 28.032055 | BB53: 36.8373 | BC53: 1067.4873 | BD53: 37.116068 | BE53: 34.175549 | BF53: 30.526745 | BG53: 1061.1897 | BH53: 41.9802 | BI53: 73.706528 | BJ53: 32.896963 | BK53: 1049.5875 | BL53: 31.805064 | BM53: 51.033827 | BN53: 37.304667 | BO53: 1069.9546 | BP53: 51.610205
A54: 115 | B54: Taxes on international trade and transactions | C54: 4551.8876 | D54: 4899.0497 | E54: 5729.7134 | F54: 5902.3414 | G54: 5878.7546 | H54: 6109.6272 | I54: 7009.5065 | J54: 7655.1381 | K54: 6927.676 | L54: 7472.9524 | M54: 8279.6498 | N54: 8448.658 | O54: 8181.5663 | P54: 8703.478 | Q54: 10082.097 | R54: 10011.252 | S54: 9722.5319 | T54: 8616.1261 | U54: 9016.0789 | V54: 9418.3048 | W54: 10175.54 | X54: 9340.7564 | Y54: 10391.428 | Z54: 9061.6348 | AA54: 8502.5341 | AB54: 7392.566 | AC54: 7755.7776 | AD54: 7796.7366 | AE54: 7314.6281 | AF54: 7605.8171 | AG54: 8645.7877 | AH54: 8783.9259 | AI54: 9257.4398 | AJ54: 9971.7195 | AK54: 11292.431 | AL54: 10182.506 | AM54: 10162.794 | AN54: 10294.99 | AO54: 11326.024 | AP54: 11148.986 | AQ54: 11251.095 | AR54: 9329.0013 | AS54: 11007.274 | AT54: 14134.527 | AU54: 15877.657 | AV54: 14749.846 | AW54: 15127.129 | AX54: 16281.494 | AY54: 15078.592 | AZ54: 13061.799 | BA54: 15759.625 | BB54: 15134.26 | BC54: 13441.214 | BD54: 15756.532 | BE54: 15729.763 | BF54: 13586.046 | BG54: 15426.244 | BH54: 17951.857 | BI54: 20722.758 | BJ54: 23399.253 | BK54: 22655.527 | BL54: 22667.146 | BM54: 21951.244 | BN54: 22947.798 | BO54: 24290.601 | BP54: 32971.257
A55: 1151 | B55: Customs and other import duties | C55: 4544.1147 | D55: 4880.2997 | E55: 5723.7978 | F55: 5890.9075 | G55: 5866.5361 | H55: 6099.2875 | I55: 7001.2025 | J55: 7644.2221 | K55: 6900.1509 | L55: 7454.9459 | M55: 8255.1059 | N55: 8425.1509 | O55: 8155.1019 | P55: 8669.8278 | Q55: 10037.082 | R55: 9970.2828 | S55: 9679.5707 | T55: 8546.1493 | U55: 8992.0868 | V55: 9393.1107 | W55: 10153.117 | X55: 9323.7447 | Y55: 10362.008 | Z55: 9031.1495 | AA55: 8465.4405 | AB55: 7356.917 | AC55: 7732.3914 | AD55: 7753.5964 | AE55: 7327.3379 | AF55: 7572.6339 | AG55: 8613.926 | AH55: 8770.4519 | AI55: 9224.5308 | AJ55: 9939.6841 | AK55: 11277.446 | AL55: 10133.638 | AM55: 10150.374 | AN55: 10263.987 | AO55: 11306.178 | AP55: 11121.332 | AQ55: 11237.559 | AR55: 9316.7898 | AS55: 10997.766 | AT55: 14119.22 | AU55: 15862.65 | AV55: 14692.769 | AW55: 15089.42 | AX55: 16231.423 | AY55: 15055.684 | AZ55: 13046.561 | BA55: 15758.842 | BB55: 15120.252 | BC55: 13419.483 | BD55: 13280.592 | BE55: 13788.553 | BF55: 13585.087 | BG55: 15425.629 | BH55: 17950.642 | BI55: 20720.41 | BJ55: 23397.593 | BK55: 22660.747 | BL55: 22661.742 | BM55: 21952.448 | BN55: 22948.521 | BO55: 24279.033 | BP55: 28138.153
A56: 1152 | B56: Taxes on exports | C56: 7.7729095 | D56: 18.749981 | E56: 5.9156061 | F56: 11.433933 | G56: 12.218497 | H56: 10.339705 | I56: 8.3039901 | J56: 10.916046 | K56: 27.525036 | L56: 18.006436 | M56: 24.543915 | N56: 23.507038 | O56: 26.464438 | P56: 33.650135 | Q56: 45.01507 | R56: 40.969284 | S56: 42.961137 | T56: 69.976811 | U56: 23.992127 | V56: 25.194091 | W56: 22.422906 | X56: 17.011687 | Y56: 29.420137 | Z56: 30.485365 | AA56: 37.093599 | AB56: 35.648917 | AC56: 23.386207 | AD56: 43.140261 | AE56: -12.709802 | AF56: 33.183198 | AG56: 31.861668 | AH56: 13.474077 | AI56: 32.908975 | AJ56: 32.035373 | AK56: 14.984986 | AL56: 48.867917 | AM56: 12.420497 | AN56: 31.002319 | AO56: 19.8451 | AP56: 27.653979 | AQ56: 13.536234 | AR56: 12.211502 | AS56: 9.5082436 | AT56: 15.307829 | AU56: 15.007131 | AV56: 57.076874 | AW56: 37.709078 | AX56: 50.071191 | AY56: 22.907455 | AZ56: 15.238166 | BA56: 0.78247124 | BB56: 14.008145 | BC56: 21.731018 | BD56: 2475.9408 | BE56: 1941.2095 | BF56: 0.95906781 | BG56: 0.61435536 | BH56: 1.2142887 | BI56: 2.3483468 | BJ56: 1.6601615 | BK56: -5.2191812 | BL56: 5.4046362 | BM56: -1.204496 | BN56: -0.72226547 | BO56: 11.568221 | BP56: 4833.1041
A57: 1153 | B57: Profits of export or import monopolies | C57: 0 | D57: 0 | E57: 0 | F57: 0 | G57: 0 | H57: 0 | I57: 0 | J57: 0 | K57: 0 | L57: 0 | M57: 0 | N57: 0 | O57: 0 | P57: 0 | Q57: 0 | R57: 0 | S57: 0 | T57: 0 | U57: 0 | V57: 0 | W57: 0 | X57: 0 | Y57: 0 | Z57: 0 | AA57: 0 | AB57: 0 | AC57: 0 | AD57: 0 | AE57: 0 | AF57: 0 | AG57: 0 | AH57: 0 | AI57: 0 | AJ57: 0 | AK57: 0 | AL57: 0 | AM57: 0 | AN57: 0 | AO57: 0 | AP57: 0 | AQ57: 0 | AR57: 0 | AS57: 0 | AT57: 0 | AU57: 0 | AV57: 0 | AW57: 0 | AX57: 0 | AY57: 0 | AZ57: 0 | BA57: 0 | BB57: 0 | BC57: 0 | BD57: 0 | BE57: 0 | BF57: 0 | BG57: 0 | BH57: 0 | BI57: 0 | BJ57: 0 | BK57: 0 | BL57: 0 | BM57: 0 | BN57: 0 | BO57: 0 | BP57: 0
A58: 1154 | B58: Exchange profits | C58: 0 | D58: 0 | E58: 0 | F58: 0 | G58: 0 | H58: 0 | I58: 0 | J58: 0 | K58: 0 | L58: 0 | M58: 0 | N58: 0 | O58: 0 | P58: 0 | Q58: 0 | R58: 0 | S58: 0 | T58: 0 | U58: 0 | V58: 0 | W58: 0 | X58: 0 | Y58: 0 | Z58: 0 | AA58: 0 | AB58: 0 | AC58: 0 | AD58: 0 | AE58: 0 | AF58: 0 | AG58: 0 | AH58: 0 | AI58: 0 | AJ58: 0 | AK58: 0 | AL58: 0 | AM58: 0 | AN58: 0 | AO58: 0 | AP58: 0 | AQ58: 0 | AR58: 0 | AS58: 0 | AT58: 0 | AU58: 0 | AV58: 0 | AW58: 0 | AX58: 0 | AY58: 0 | AZ58: 0 | BA58: 0 | BB58: 0 | BC58: 0 | BD58: 0 | BE58: 0 | BF58: 0 | BG58: 0 | BH58: 0 | BI58: 0 | BJ58: 0 | BK58: 0 | BL58: 0 | BM58: 0 | BN58: 0 | BO58: 0 | BP58: 0
A59: 1155 | B59: Exchange taxes | C59: 0 | D59: 0 | E59: 0 | F59: 0 | G59: 0 | H59: 0 | I59: 0 | J59: 0 | K59: 0 | L59: 0 | M59: 0 | N59: 0 | O59: 0 | P59: 0 | Q59: 0 | R59: 0 | S59: 0 | T59: 0 | U59: 0 | V59: 0 | W59: 0 | X59: 0 | Y59: 0 | Z59: 0 | AA59: 0 | AB59: 0 | AC59: 0 | AD59: 0 | AE59: 0 | AF59: 0 | AG59: 0 | AH59: 0 | AI59: 0 | AJ59: 0 | AK59: 0 | AL59: 0 | AM59: 0 | AN59: 0 | AO59: 0 | AP59: 0 | AQ59: 0 | AR59: 0 | AS59: 0 | AT59: 0 | AU59: 0 | AV59: 0 | AW59: 0 | AX59: 0 | AY59: 0 | AZ59: 0 | BA59: 0 | BB59: 0 | BC59: 0 | BD59: 0 | BE59: 0 | BF59: 0 | BG59: 0 | BH59: 0 | BI59: 0 | BJ59: 0 | BK59: 0 | BL59: 0 | BM59: 0 | BN59: 0 | BO59: 0 | BP59: 0
A60: 1156 | B60: Other taxes on international trade and transactions | C60: 0 | D60: 0 | E60: 0 | F60: 0 | G60: 0 | H60: 0 | I60: 0 | J60: 0 | K60: 0 | L60: 0 | M60: 0 | N60: 0 | O60: 0 | P60: 0 | Q60: 0 | R60: 0 | S60: 0 | T60: 0 | U60: 0 | V60: 0 | W60: 0 | X60: 0 | Y60: 0 | Z60: 0 | AA60: 0 | AB60: 0 | AC60: 0 | AD60: 0 | AE60: 0 | AF60: 0 | AG60: 0 | AH60: 0 | AI60: 0 | AJ60: 0 | AK60: 0 | AL60: 0 | AM60: 0 | AN60: 0 | AO60: 0 | AP60: 0 | AQ60: 0 | AR60: 0 | AS60: 0 | AT60: 0 | AU60: 0 | AV60: 0 | AW60: 0 | AX60: 0 | AY60: 0 | AZ60: 0 | BA60: 0 | BB60: 0 | BC60: 0 | BD60: 0 | BE60: 0 | BF60: 0 | BG60: 0 | BH60: 0 | BI60: 0 | BJ60: 0 | BK60: 0 | BL60: 0 | BM60: 0 | BN60: 0 | BO60: 0 | BP60: 0
A61: 116 | B61: Other taxes | C61: -52.71319 | D61: 99.818262 | E61: 405.51942 | F61: -268.23946 | G61: 261.01043 | H61: 128.52283 | I61: 259.63686 | J61: -324.3998 | K61: -739.08336 | L61: -188.57672 | M61: -125.20343 | N61: 572.54419 | O61: -546.0384 | P61: 173.52766 | Q61: 222.11086 | R61: 729.59074 | S61: 155.77192 | T61: -133.74334 | U61: 174.85307 | V61: -237.86831 | W61: -539.85628 | X61: 180.42962 | Y61: -0.72956566 | Z61: -130.24504 | AA61: 0.00398976 | AB61: 0.90418353 | AC61: 0.00278586 | AD61: 0.01971195 | AE61: -0.04649292 | AF61: 0.01554921 | AG61: 0.00658645 | AH61: 0.02443038 | AI61: 0.08455868 | AJ61: -0.09636363 | AK61: 0.35514443 | AL61: 0.03318715 | AM61: -0.0263559 | AN61: 0.07195094 | AO61: 0.02280933 | AP61: -0.01795274 | AQ61: 0.01302911 | AR61: 0.04339206 | AS61: -8.0848112 | AT61: 0.04306473 | AU61: 0.01895035 | AV61: 0.06019542 | AW61: -0.00841569 | AX61: 0.2018029 | AY61: 0.03930669 | AZ61: 0.37278011 | BA61: 0.14330667 | BB61: -0.12342846 | BC61: -0.09373751 | BD61: 0.02347154 | BE61: -0.15220448 | BF61: 0.06693531 | BG61: -0.00764341 | BH61: -0.0165603 | BI61: 0.0566196 | BJ61: 0.00797802 | BK61: 0.00175875 | BL61: -0.00925819 | BM61: 0.02373601 | BN61: -0.15823844 | BO61: 0.01384707 | BP61: 0.05050272
... A70: 1222 | B70: Employer contributions | C70: 9649.8552 | D70: 10029.896 | E70: 10285.74 | F70: 13166.791 | G70: 11744.36 | H70: 11796.136 | I70: 12036.57 | J70: 14860.745 | K70: 13198.315 | L70: 13438.547 | M70: 13527.384 | N70: 15794.847 | O70: 15020.379 | P70: 15464.937 | Q70: 15501.431 | R70: 18797.007 | S70: 17602.337 | T70: 17231.442 | U70: 17799.016 | V70: 21594.566 | W70: 18953.128 | X70: 19160.015 | Y70: 18572.252 | Z70: 22656.557 | AA70: 19725.926 | AB70: 19833.328 | AC70: 19539.556 | AD70: 24648.429 | AE70: 21940.096 | AF70: 21250.972 | AG70: 21532.97 | AH70: 26061.812 | AI70: 23170.195 | AJ70: 22875.605 | AK70: 22625.576 | AL70: 27249.318 | AM70: 25047.398 | AN70: 25232.744 | AO70: 25181.854 | AP70: 30478.952 | AQ70: 24628.066 | AR70: 22920.688 | AS70: 26319.105 | AT70: 33084.622 | AU70: 26301.197 | AV70: 26634.55 | AW70: 26951.822 | AX70: 34076.346 | AY70: 29646.491 | AZ70: 32471.493 | BA70: 32861.753 | BB70: 39904.615 | BC70: 30233.336 | BD70: 31870.147 | BE70: 31747.722 | BF70: 39245.039 | BG70: 33221.859 | BH70: 34282.72 | BI70: 34201.494 | BJ70: 41456.504 | BK70: 36354.342 | BL70: 38055.876 | BM70: 37312.933 | BN70: 45708.698 | BO70: 39250.252 | BP70: 39792.867
A71: 1222.1 | B71: Employer contribution to RPPS | C71: 8336.3936 | D71: 8631.0817 | E71: 8858.3314 | F71: 10982.475 | G71: 9910.6865 | H71: 9944.5618 | I71: 10134.965 | J71: 12933.598 | K71: 11258.183 | L71: 11486.333 | M71: 11153.643 | N71: 13718.934 | O71: 12819.707 | P71: 13269.048 | Q71: 13274.207 | R71: 16171.792 | S71: 15002.342 | T71: 14743.588 | U71: 15329.303 | V71: 18842.784 | W71: 16734.293 | X71: 16959.978 | Y71: 16380.609 | Z71: 20451.275 | AA71: 17105.449 | AB71: 17314.253 | AC71: 17078.639 | AD71: 22364.8 | AE71: 18853.797 | AF71: 18611.889 | AG71: 18946.464 | AH71: 22799.907 | AI71: 19670.326 | AJ71: 19916.589 | AK71: 19793.525 | AL71: 24268.356 | AM71: 21860.169 | AN71: 22001.831 | AO71: 22062.735 | AP71: 27390.115 | AQ71: 20398.971 | AR71: 20981.817 | AS71: 22165.709 | AT71: 28719.738 | AU71: 22014.796 | AV71: 22742.247 | AW71: 22571.025 | AX71: 29765.183 | AY71: 24533.757 | AZ71: 27365.77 | BA71: 27861.866 | BB71: 35100.898 | BC71: 24636.542 | BD71: 26708.423 | BE71: 26607.817 | BF71: 33918.175 | BG71: 26869.354 | BH71: 28656.153 | BI71: 28290.995 | BJ71: 35675.91 | BK71: 29632.887 | BL71: 31895.36 | BM71: 31134.075 | BN71: 39716.778 | BO71: 32288.095 | BP71: 33414.395
A72: 1222.2 | B72: Other employer contributions | C72: 1313.4616 | D72: 1398.8138 | E72: 1427.4083 | F72: 2184.3163 | G72: 1833.6739 | H72: 1851.5742 | I72: 1901.6052 | J72: 1927.1466 | K72: 1940.1319 | L72: 1952.2138 | M72: 2373.7407 | N72: 2075.9135 | O72: 2200.6715 | P72: 2195.8891 | Q72: 2227.2238 | R72: 2625.2156 | S72: 2599.995 | T72: 2487.8544 | U72: 2469.7129 | V72: 2751.7824 | W72: 2218.8355 | X72: 2200.0365 | Y72: 2191.6432 | Z72: 2205.282 | AA72: 2620.477 | AB72: 2519.0749 | AC72: 2460.9174 | AD72: 2283.6295 | AE72: 3086.299 | AF72: 2639.0832 | AG72: 2586.5058 | AH72: 3261.9049 | AI72: 3499.8687 | AJ72: 2959.0159 | AK72: 2832.0509 | AL72: 2980.9627 | AM72: 3187.229 | AN72: 3230.9128 | AO72: 3119.1197 | AP72: 3088.8367 | AQ72: 4229.0951 | AR72: 1938.871 | AS72: 4153.3953 | AT72: 4364.8848 | AU72: 4286.4011 | AV72: 3892.3031 | AW72: 4380.7971 | AX72: 4311.1625 | AY72: 5112.7343 | AZ72: 5105.7227 | BA72: 4999.8876 | BB72: 4803.7163 | BC72: 5596.7943 | BD72: 5161.7247 | BE72: 5139.9051 | BF72: 5326.8635 | BG72: 6352.5053 | BH72: 5626.5671 | BI72: 5910.4993 | BJ72: 5780.5945 | BK72: 6721.4548 | BL72: 6160.5167 | BM72: 6178.8584 | BN72: 5991.9198 | BO72: 6962.1575 | BP72: 6378.472
A73: 1223 | B73: Imputed contributions | C73: 0 | D73: 0 | E73: 0 | F73: 0 | G73: 0 | H73: 0 | I73: 0 | J73: 0 | K73: 0 | L73: 0 | M73: 0 | N73: 0 | O73: 0 | P73: 0 | Q73: 0 | R73: 0 | S73: 0 | T73: 0 | U73: 0 | V73: 0 | W73: 0 | X73: 0 | Y73: 0 | Z73: 0 | AA73: 0 | AB73: 0 | AC73: 0 | AD73: 0 | AE73: 0 | AF73: 0 | AG73: 0 | AH73: 0 | AI73: 0 | AJ73: 0 | AK73: 0 | AL73: 0 | AM73: 0 | AN73: 0 | AO73: 0 | AP73: 0 | AQ73: 0 | AR73: 0 | AS73: 0 | AT73: 0 | AU73: 0 | AV73: 0 | AW73: 0 | AX73: 0 | AY73: 0 | AZ73: 0 | BA73: 0 | BB73: 0 | BC73: 0 | BD73: 0 | BE73: 0 | BF73: 0 | BG73: 0 | BH73: 0 | BI73: 0 | BJ73: 0 | BK73: 0 | BL73: 0 | BM73: 0 | BN73: 0 | BO73: 0 | BP73: 0
A74: 13 | B74: Grants | C74: 15.361424 | D74: 15.637164 | E74: 18.350422 | F74: 21.223691 | G74: 5.0481131 | H74: 9.2195459 | I74: 6.221209 | J74: 12.16797 | K74: 7.0671494 | L74: 12.975119 | M74: 7.2469857 | N74: 10.507427 | O74: 13.07976 | P74: 22.30286 | Q74: 19.640501 | R74: 24.645735 | S74: 27.094238 | T74: 7.5856784 | U74: 8.4208036 | V74: 11.466285 | W74: 5.4258308 | X74: 7.0552667 | Y74: 3.5189067 | Z74: 24.301621 | AA74: 5.0993722 | AB74: 12.804824 | AC74: 3.0104712 | AD74: 4.8288563 | AE74: 8.3449584 | AF74: 25.863293 | AG74: 2.8212541 | AH74: 4.7471229 | AI74: 19.863201 | AJ74: 21.65519 | AK74: 17.45068 | AL74: 26.313144 | AM74: 2.0555159 | AN74: 1.9380932 | AO74: 1.7619846 | AP74: 4.9902535 | AQ74: 41.855144 | AR74: 41.808038 | AS74: 44.836952 | AT74: 49.5468 | AU74: 4.8792769 | AV74: 2.1028105 | AW74: 1.2535651 | AX74: 6.6298227 | AY74: 1.5619017 | AZ74: 6.4703622 | BA74: 6.6735952 | BB74: 7.7006304 | BC74: 6.9026434 | BD74: 1.4692821 | BE74: 3.4170482 | BF74: 13.699921 | BG74: 8.3591655 | BH74: 6.5838432 | BI74: 49.316952 | BJ74: 24.728693 | BK74: 8.7237074 | BL74: 18.134145 | BM74: 4.2918297 | BN74: 21.137132 | BO74: 4.5729959 | BP74: 20.891278
A75: 131 | B75: From foreign governments | C75: 0 | D75: 0 | E75: 0 | F75: 0 | G75: 0 | H75: 0 | I75: 0 | J75: 0 | K75: 0 | L75: 0 | M75: 0 | N75: 0 | O75: 0 | P75: 0 | Q75: 0 | R75: 0 | S75: 0 | T75: 0 | U75: 0 | V75: 0 | W75: 0 | X75: 0 | Y75: 0 | Z75: 0 | AA75: 0 | AB75: 0 | AC75: 0 | AD75: 0 | AE75: 0 | AF75: 0 | AG75: 0 | AH75: 0 | AI75: 0 | AJ75: 0 | AK75: 0 | AL75: 0 | AM75: 0 | AN75: 0 | AO75: 0 | AP75: 0 | AQ75: 0 | AR75: 0 | AS75: 0 | AT75: 0 | AU75: 0 | AV75: 0 | AW75: 0 | AX75: 0 | AY75: 0 | AZ75: 0 | BA75: 0 | BB75: 0 | BC75: 0 | BD75: 0 | BE75: 0 | BF75: 0 | BG75: 0 | BH75: 0 | BI75: 0 | BJ75: 0 | BK75: 0 | BL75: 0 | BM75: 0 | BN75: 0 | BO75: 0 | BP75: 0
A76: 1311 | B76: Current | C76: 0 | D76: 0 | E76: 0 | F76: 0 | G76: 0 | H76: 0 | I76: 0 | J76: 0 | K76: 0 | L76: 0 | M76: 0 | N76: 0 | O76: 0 | P76: 0 | Q76: 0 | R76: 0 | S76: 0 | T76: 0 | U76: 0 | V76: 0 | W76: 0 | X76: 0 | Y76: 0 | Z76: 0 | AA76: 0 | AB76: 0 | AC76: 0 | AD76: 0 | AE76: 0 | AF76: 0 | AG76: 0 | AH76: 0 | AI76: 0 | AJ76: 0 | AK76: 0 | AL76: 0 | AM76: 0 | AN76: 0 | AO76: 0 | AP76: 0 | AQ76: 0 | AR76: 0 | AS76: 0 | AT76: 0 | AU76: 0 | AV76: 0 | AW76: 0 | AX76: 0 | AY76: 0 | AZ76: 0 | BA76: 0 | BB76: 0 | BC76: 0 | BD76: 0 | BE76: 0 | BF76: 0 | BG76: 0 | BH76: 0 | BI76: 0 | BJ76: 0 | BK76: 0 | BL76: 0 | BM76: 0 | BN76: 0 | BO76: 0 | BP76: 0
A77: 1312 | B77: Capital | C77: 0 | D77: 0 | E77: 0 | F77: 0 | G77: 0 | H77: 0 | I77: 0 | J77: 0 | K77: 0 | L77: 0 | M77: 0 | N77: 0 | O77: 0 | P77: 0 | Q77: 0 | R77: 0 | S77: 0 | T77: 0 | U77: 0 | V77: 0 | W77: 0 | X77: 0 | Y77: 0 | Z77: 0 | AA77: 0 | AB77: 0 | AC77: 0 | AD77: 0 | AE77: 0 | AF77: 0 | AG77: 0 | AH77: 0 | AI77: 0 | AJ77: 0 | AK77: 0 | AL77: 0 | AM77: 0 | AN77: 0 | AO77: 0 | AP77: 0 | AQ77: 0 | AR77: 0 | AS77: 0 | AT77: 0 | AU77: 0 | AV77: 0 | AW77: 0 | AX77: 0 | AY77: 0 | AZ77: 0 | BA77: 0 | BB77: 0 | BC77: 0 | BD77: 0 | BE77: 0 | BF77: 0 | BG77: 0 | BH77: 0 | BI77: 0 | BJ77: 0 | BK77: 0 | BL77: 0 | BM77: 0 | BN77: 0 | BO77: 0 | BP77: 0
A78: 132 | B78: From international organizations | C78: 15.361424 | D78: 15.637164 | E78: 18.350422 | F78: 21.223691 | G78: 5.0481131 | H78: 9.2195459 | I78: 6.221209 | J78: 12.16797 | K78: 7.0671494 | L78: 12.975119 | M78: 7.2469857 | N78: 10.507427 | O78: 13.07976 | P78: 22.30286 | Q78: 19.640501 | R78: 24.645735 | S78: 27.094238 | T78: 7.5856784 | U78: 8.4208036 | V78: 11.466285 | W78: 5.4258308 | X78: 7.0552667 | Y78: 3.5189067 | Z78: 24.301621 | AA78: 5.0993722 | AB78: 12.804824 | AC78: 3.0104712 | AD78: 4.8288563 | AE78: 8.3449584 | AF78: 25.863293 | AG78: 2.8212541 | AH78: 4.7471229 | AI78: 19.863201 | AJ78: 21.65519 | AK78: 17.45068 | AL78: 26.313144 | AM78: 2.0555159 | AN78: 1.9380932 | AO78: 1.7619846 | AP78: 4.9902535 | AQ78: 41.855144 | AR78: 41.808038 | AS78: 44.836952 | AT78: 49.5468 | AU78: 4.8792769 | AV78: 2.1028105 | AW78: 1.2535651 | AX78: 6.6298227 | AY78: 1.5619017 | AZ78: 6.4703622 | BA78: 6.6735952 | BB78: 7.7006304 | BC78: 6.9026434 | BD78: 1.4692821 | BE78: 3.4170482 | BF78: 13.699921 | BG78: 8.3591655 | BH78: 6.5838432 | BI78: 49.316952 | BJ78: 24.728693 | BK78: 8.7237074 | BL78: 18.134145 | BM78: 4.2918297 | BN78: 21.137132 | BO78: 4.5729959 | BP78: 20.891278
A79: 1321 | B79: Current | C79: n.d. | D79: n.d. | E79: n.d. | F79: n.d. | G79: n.d. | H79: n.d. | I79: n.d. | J79: n.d. | K79: n.d. | L79: n.d. | M79: n.d. | N79: n.d. | O79: n.d. | P79: n.d. | Q79: n.d. | R79: n.d. | S79: n.d. | T79: n.d. | U79: n.d. | V79: n.d. | W79: n.d. | X79: n.d. | Y79: n.d. | Z79: n.d. | AA79: n.d. | AB79: n.d. | AC79: n.d. | AD79: n.d. | AE79: n.d. | AF79: n.d. | AG79: n.d. | AH79: n.d. | AI79: n.d. | AJ79: n.d. | AK79: n.d. | AL79: n.d. | AM79: n.d. | AN79: n.d. | AO79: n.d. | AP79: n.d. | AQ79: n.d. | AR79: n.d. | AS79: n.d. | AT79: n.d. | AU79: n.d. | AV79: n.d. | AW79: n.d. | AX79: n.d. | AY79: 1.2556545 | AZ79: 4.5286449 | BA79: 6.6504744 | BB79: 5.3391307 | BC79: 6.6040614 | BD79: 1.1364394 | BE79: 3.3001743 | BF79: 9.2802715 | BG79: 7.8867822 | BH79: 6.5838432 | BI79: 43.150311 | BJ79: 21.235291 | BK79: 8.7237074 | BL79: 18.134145 | BM79: 4.2918297 | BN79: 20.937132 | BO79: 4.255406 | BP79: 20.057928
A80: 1322 | B80: Capital | C80: n.d. | D80: n.d. | E80: n.d. | F80: n.d. | G80: n.d. | H80: n.d. | I80: n.d. | J80: n.d. | K80: n.d. | L80: n.d. | M80: n.d. | N80: n.d. | O80: n.d. | P80: n.d. | Q80: n.d. | R80: n.d. | S80: n.d. | T80: n.d. | U80: n.d. | V80: n.d. | W80: n.d. | X80: n.d. | Y80: n.d. | Z80: n.d. | AA80: n.d. | AB80: n.d. | AC80: n.d. | AD80: n.d. | AE80: n.d. | AF80: n.d. | AG80: n.d. | AH80: n.d. | AI80: n.d. | AJ80: n.d. | AK80: n.d. | AL80: n.d. | AM80: n.d. | AN80: n.d. | AO80: n.d. | AP80: n.d. | AQ80: n.d. | AR80: n.d. | AS80: n.d. | AT80: n.d. | AU80: n.d. | AV80: n.d. | AW80: n.d. | AX80: n.d. | AY80: 0.30624713 | AZ80: 1.9417172 | BA80: 0.02312076 | BB80: 2.3614997 | BC80: 0.298582 | BD80: 0.33284268 | BE80: 0.1168739 | BF80: 4.4196498 | BG80: 0.47238334 | BH80: 0 | BI80: 6.1666409 | BJ80: 3.4934014 | BK80: 0 | BL80: 0 | BM80: 0 | BN80: 0.2 | BO80: 0.31758994 | BP80: 0.83335022
A81: 133 | B81: From other general government units | C81: 0 | D81: 0 | E81: 0 | F81: 0 | G81: 0 | H81: 0 | I81: 0 | J81: 0 | K81: 0 | L81: 0 | M81: 0 | N81: 0 | O81: 0 | P81: 0 | Q81: 0 | R81: 0 | S81: 0 | T81: 0 | U81: 0 | V81: 0 | W81: 0 | X81: 0 | Y81: 0 | Z81: 0 | AA81: 0 | AB81: 0 | AC81: 0 | AD81: 0 | AE81: 0 | AF81: 0 | AG81: 0 | AH81: 0 | AI81: 0 | AJ81: 0 | AK81: 0 | AL81: 0 | AM81: 0 | AN81: 0 | AO81: 0 | AP81: 0 | AQ81: 0 | AR81: 0 | AS81: 0 | AT81: 0 | AU81: 0 | AV81: 0 | AW81: 0 | AX81: 0 | AY81: 0 | AZ81: 0 | BA81: 0 | BB81: 0 | BC81: 0 | BD81: 0 | BE81: 0 | BF81: 0 | BG81: 0 | BH81: 0 | BI81: 0 | BJ81: 0 | BK81: 0 | BL81: 0 | BM81: 0 | BN81: 0 | BO81: 0 | BP81: 0
A82: 1331 | B82: Current | C82: n.d. | D82: n.d. | E82: n.d. | F82: n.d. | G82: n.d. | H82: n.d. | I82: n.d. | J82: n.d. | K82: n.d. | L82: n.d. | M82: n.d. | N82: n.d. | O82: n.d. | P82: n.d. | Q82: n.d. | R82: n.d. | S82: n.d. | T82: n.d. | U82: n.d. | V82: n.d. | W82: n.d. | X82: n.d. | Y82: n.d. | Z82: n.d. | AA82: n.d. | AB82: n.d. | AC82: n.d. | AD82: n.d. | AE82: n.d. | AF82: n.d. | AG82: n.d. | AH82: n.d. | AI82: n.d. | AJ82: n.d. | AK82: n.d. | AL82: n.d. | AM82: n.d. | AN82: n.d. | AO82: n.d. | AP82: n.d. | AQ82: n.d. | AR82: n.d. | AS82: n.d. | AT82: n.d. | AU82: n.d. | AV82: n.d. | AW82: n.d. | AX82: n.d. | AY82: 0 | AZ82: 0 | BA82: 0 | BB82: 0 | BC82: 0 | BD82: 0 | BE82: 0 | BF82: 0 | BG82: 0 | BH82: 0 | BI82: 0 | BJ82: 0 | BK82: 0 | BL82: 0 | BM82: 0 | BN82: 0 | BO82: 0 | BP82: 0
A83: 1332 | B83: Capital | C83: n.d. | D83: n.d. | E83: n.d. | F83: n.d. | G83: n.d. | H83: n.d. | I83: n.d. | J83: n.d. | K83: n.d. | L83: n.d. | M83: n.d. | N83: n.d. | O83: n.d. | P83: n.d. | Q83: n.d. | R83: n.d. | S83: n.d. | T83: n.d. | U83: n.d. | V83: n.d. | W83: n.d. | X83: n.d. | Y83: n.d. | Z83: n.d. | AA83: n.d. | AB83: n.d. | AC83: n.d. | AD83: n.d. | AE83: n.d. | AF83: n.d. | AG83: n.d. | AH83: n.d. | AI83: n.d. | AJ83: n.d. | AK83: n.d. | AL83: n.d. | AM83: n.d. | AN83: n.d. | AO83: n.d. | AP83: n.d. | AQ83: n.d. | AR83: n.d. | AS83: n.d. | AT83: n.d. | AU83: n.d. | AV83: n.d. | AW83: n.d. | AX83: n.d. | AY83: 0 | AZ83: 0 | BA83: 0 | BB83: 0 | BC83: 0 | BD83: 0 | BE83: 0 | BF83: 0 | BG83: 0 | BH83: 0 | BI83: 0 | BJ83: 0 | BK83: 0 | BL83: 0 | BM83: 0 | BN83: 0 | BO83: 0 | BP83: 0
A84: 14 | B84: Other revenue | C84: 42210.948 | D84: 47730.014 | E84: 55009.689 | F84: 49465.702 | G84: 51598.276 | H84: 54939.075 | I84: 57588.007 | J84: 51717.344 | K84: 59497.001 | L84: 58147.582 | M84: 80446.866 | N84: 72343.516 | O84: 59015.655 | P84: 70012.094 | Q84: 67828.772 | R84: 84015.942 | S84: 72940.421 | T84: 66921.119 | U84: 70672.297 | V84: 66502.068 | W84: 73834.863 | X84: 112122.13 | Y84: 90179.613 | Z84: 104147.1 | AA84: 130651.02 | AB84: 98743.359 | AC84: 91153.522 | AD84: 107864.2 | AE84: 89339.507 | AF84: 86961.726 | AG84: 92252.894 | AH84: 92405.35 | AI84: 88497.489 | AJ84: 95003.772 | AK84: 109326.36 | AL84: 116803.23 | AM84: 108943.8 | AN84: 103118.49 | AO84: 102887.45 | AP84: 186015.09 | AQ84: 117461.28 | AR84: 64444.667 | AS84: 73113.027 | AT84: 84097.758 | AU84: 120096.22 | AV84: 120854.99 | AW84: 150550.98 | AX84: 155044.63 | AY84: 164077.37 | AZ84: 227252.2 | BA84: 178225.5 | BB84: 171088.73 | BC84: 178419.87 | BD84: 186890.55 | BE84: 193294.1 | BF84: 168587.55 | BG84: 164125.4 | BH84: 191998.93 | BI84: 168425.98 | BJ84: 230976.36 | BK84: 193049.91 | BL84: 207228.93 | BM84: 202399.44 | BN84: 213020.27 | BO84: 210945.43 | BP84: 244011.27
A85: 141 | B85: Property Income | C85: n.d. | D85: n.d. | E85: n.d. | F85: n.d. | G85: n.d. | H85: n.d. | I85: n.d. | J85: n.d. | K85: n.d. | L85: n.d. | M85: n.d. | N85: n.d. | O85: n.d. | P85: n.d. | Q85: n.d. | R85: n.d. | S85: n.d. | T85: n.d. | U85: n.d. | V85: n.d. | W85: n.d. | X85: n.d. | Y85: n.d. | Z85: n.d. | AA85: n.d. | AB85: n.d. | AC85: n.d. | AD85: n.d. | AE85: n.d. | AF85: n.d. | AG85: n.d. | AH85: n.d. | AI85: n.d. | AJ85: n.d. | AK85: n.d. | AL85: n.d. | AM85: n.d. | AN85: n.d. | AO85: n.d. | AP85: n.d. | AQ85: n.d. | AR85: n.d. | AS85: n.d. | AT85: n.d. | AU85: n.d. | AV85: n.d. | AW85: n.d. | AX85: n.d. | AY85: 119202.23 | AZ85: 189316.03 | BA85: 136836.78 | BB85: 117634.27 | BC85: 117742.02 | BD85: 134724.52 | BE85: 108384.53 | BF85: 112122.86 | BG85: 113918.17 | BH85: 128754.8 | BI85: 109981.26 | BJ85: 147349.73 | BK85: 130256.22 | BL85: 141807.63 | BM85: 137298.77 | BN85: 145617.19 | BO85: 149228.87 | BP85: 169780.66
A86: 1411 | B86: Interest 3/ | C86: 15455.896 | D86: 17877.028 | E86: 16753.182 | F86: 20775.85 | G86: 21910.488 | H86: 22428.418 | I86: 21432.239 | J86: 23347.703 | K86: 24643.213 | L86: 26709.76 | M86: 26114.201 | N86: 28467.85 | O86: 24050.247 | P86: 24210.55 | Q86: 24898.365 | R86: 25184.805 | S86: 32568.226 | T86: 28446.701 | U86: 27148.852 | V86: 26942.661 | W86: 39667.42 | X86: 65137.821 | Y86: 43062.392 | Z86: 53900.111 | AA86: 80475.393 | AB86: 60065.687 | AC86: 48270.089 | AD86: 46428.291 | AE86: 42990.617 | AF86: 42691.394 | AG86: 39853.13 | AH86: 40722.93 | AI86: 37056.701 | AJ86: 39020.756 | AK86: 50944.59 | AL86: 54512.777 | AM86: 51831.981 | AN86: 44375.592 | AO86: 38468.324 | AP86: 37202.213 | AQ86: 40798.188 | AR86: 24103.766 | AS86: 26193.788 | AT86: 35077.198 | AU86: 44871.618 | AV86: 41002.548 | AW86: 50613.637 | AX86: 59610.999 | AY86: 66416.449 | AZ86: 81495.711 | BA86: 62285.587 | BB86: 69469.237 | BC86: 75483.607 | BD86: 77807.336 | BE86: 65286.518 | BF86: 65141.363 | BG86: 68896.634 | BH86: 67177.806 | BI86: 66769.151 | BJ86: 67027.991 | BK86: 82909.268 | BL86: 83463.965 | BM86: 84956.181 | BN86: 81479.27 | BO86: 106580.63 | BP86: 105964.29
A87: 14111 | B87: From nonresidents | C87: 5.5336348 | D87: 3.973269 | E87: 134.16633 | F87: 177.02004 | G87: 0 | H87: 0 | I87: 0 | J87: 0.72804427 | K87: 3.23046 | L87: 0 | M87: 0 | N87: 0.18114618 | O87: 0.00213969 | P87: 15.900172 | Q87: 0 | R87: 0.00044813 | S87: 0.00706772 | T87: 0.00356819 | U87: 0.01512043 | V87: 0.0125948 | W87: 0 | X87: 0.00530748 | Y87: 0.01815495 | Z87: 0.01966267 | AA87: 0.02025858 | AB87: 0 | AC87: 0 | AD87: 0 | AE87: 0.01275563 | AF87: 0.03931535 | AG87: 0.0387076 | AH87: 0.03972991 | AI87: 0.02691625 | AJ87: 0.00129869 | AK87: 1.603e-05 | AL87: 0 | AM87: 0 | AN87: 0 | AO87: 0 | AP87: 0 | AQ87: 0 | AR87: 0 | AS87: 0 | AT87: 0 | AU87: 0 | AV87: 0 | AW87: 0 | AX87: 0 | AY87: 0 | AZ87: 0 | BA87: 0 | BB87: 0 | BC87: 0 | BD87: 0 | BE87: 0 | BF87: 0 | BG87: 0 | BH87: 0 | BI87: 0 | BJ87: 0 | BK87: 0 | BL87: 0 | BM87: 0 | BN87: 0 | BO87: 0 | BP87: 0
A88: 14112 | B88: From residents other than general government | C88: 15450.362 | D88: 17873.055 | E88: 16619.016 | F88: 20598.83 | G88: 21910.488 | H88: 22428.418 | I88: 21432.239 | J88: 23346.975 | K88: 24639.982 | L88: 26709.76 | M88: 26114.201 | N88: 28467.669 | O88: 24050.245 | P88: 24194.65 | Q88: 24898.365 | R88: 25184.805 | S88: 32568.219 | T88: 28446.697 | U88: 27148.837 | V88: 26942.648 | W88: 39667.42 | X88: 65137.816 | Y88: 43062.374 | Z88: 53900.092 | AA88: 80475.373 | AB88: 60065.687 | AC88: 48270.089 | AD88: 46428.291 | AE88: 42990.604 | AF88: 42691.355 | AG88: 39853.092 | AH88: 40722.89 | AI88: 37056.674 | AJ88: 39020.754 | AK88: 50944.59 | AL88: 54512.777 | AM88: 51831.981 | AN88: 44375.592 | AO88: 38468.324 | AP88: 37202.213 | AQ88: 40798.188 | AR88: 24103.766 | AS88: 26193.788 | AT88: 35077.198 | AU88: 44871.618 | AV88: 41002.548 | AW88: 50613.637 | AX88: 59610.999 | AY88: 66416.449 | AZ88: 81495.711 | BA88: 62285.587 | BB88: 69469.237 | BC88: 75483.607 | BD88: 77807.336 | BE88: 65286.518 | BF88: 65141.363 | BG88: 68896.634 | BH88: 67177.806 | BI88: 66769.151 | BJ88: 67027.991 | BK88: 82909.268 | BL88: 83463.965 | BM88: 84956.181 | BN88: 81479.27 | BO88: 106580.63 | BP88: 105964.29
A89: 14113 | B89: From other general government units | C89: 5.0677045e-09 | D89: -5.3987605e-09 | E89: 2.1645974e-09 | F89: 9.6479198e-09 | G89: -2.3101165e-09 | H89: 5.3641998e-09 | I89: -6.2755134e-09 | J89: -7.8580342e-09 | K89: -1.20599e-09 | L89: 1.2478267e-09 | M89: -8.7020453e-09 | N89: -5.7407306e-09 | O89: 7.8343874e-09 | P89: -1.1314114e-09 | Q89: 2.6320777e-09 | R89: -5.5551936e-09 | S89: -8.6220098e-09 | T89: -7.7088771e-09 | U89: -3.043624e-09 | V89: -1.9099389e-09 | W89: 4.3692125e-09 | X89: 2.6921043e-10 | Y89: -1.6370905e-10 | Z89: 2.743036e-09 | AA89: -4.0818122e-09 | AB89: -7.0831447e-09 | AC89: 1.4115358e-09 | AD89: -1.8753781e-09 | AE89: 6.5119821e-10 | AF89: 8.2582119e-10 | AG89: 7.118615e-09 | AH89: -5.5988494e-09 | AI89: 7.2250259e-09 | AJ89: -5.0367817e-09 | AK89: 8.1163307e-09 | AL89: -7.2759576e-10 | AM89: 6.697519e-09 | AN89: 2.8176146e-09 | AO89: -6.8757799e-10 | AP89: -8.6129148e-09 | AQ89: -1.7826096e-09 | AR89: -4.3100954e-09 | AS89: -1.972694e-09 | AT89: 5.8198566e-09 | AU89: -1.3360477e-09 | AV89: -1.5106707e-09 | AW89: 5.6015779e-09 | AX89: 6.0754246e-09 | AY89: 1.2460077e-09 | AZ89: -2.0227162e-09 | BA89: 1.5024852e-09 | BB89: 3.1941454e-09 | BC89: -4.6456989e-09 | BD89: -8.9276e-09 | BE89: -1.8080755e-09 | BF89: 0 | BG89: 0 | BH89: 0 | BI89: 0 | BJ89: 0 | BK89: 0 | BL89: 0 | BM89: 0 | BN89: 0 | BO89: 0 | BP89: 0
A90: 1412 | B90: Dividends | C90: n.d. | D90: n.d. | E90: n.d. | F90: n.d. | G90: n.d. | H90: n.d. | I90: n.d. | J90: n.d. | K90: n.d. | L90: n.d. | M90: n.d. | N90: n.d. | O90: n.d. | P90: n.d. | Q90: n.d. | R90: n.d. | S90: n.d. | T90: n.d. | U90: n.d. | V90: n.d. | W90: n.d. | X90: n.d. | Y90: n.d. | Z90: n.d. | AA90: n.d. | AB90: n.d. | AC90: n.d. | AD90: n.d. | AE90: n.d. | AF90: n.d. | AG90: n.d. | AH90: n.d. | AI90: n.d. | AJ90: n.d. | AK90: n.d. | AL90: n.d. | AM90: n.d. | AN90: n.d. | AO90: n.d. | AP90: n.d. | AQ90: n.d. | AR90: n.d. | AS90: n.d. | AT90: n.d. | AU90: n.d. | AV90: n.d. | AW90: n.d. | AX90: n.d. | AY90: 5533.4122 | AZ90: 42451.768 | BA90: 36323.863 | BB90: 9221.7308 | BC90: 9069.9677 | BD90: 26719.672 | BE90: 11591.378 | BF90: 9278.641 | BG90: 10313.989 | BH90: 28558.143 | BI90: 7107.6854 | BJ90: 32586.241 | BK90: 8662.6044 | BL90: 18286.894 | BM90: 13541.164 | BN90: 16162.746 | BO90: 5799.4099 | BP90: 7883.3934
A91: 1413 | B91: Withdrawals of income from quasi-corporations | C91: n.d. | D91: n.d. | E91: n.d. | F91: n.d. | G91: n.d. | H91: n.d. | I91: n.d. | J91: n.d. | K91: n.d. | L91: n.d. | M91: n.d. | N91: n.d. | O91: n.d. | P91: n.d. | Q91: n.d. | R91: n.d. | S91: n.d. | T91: n.d. | U91: n.d. | V91: n.d. | W91: n.d. | X91: n.d. | Y91: n.d. | Z91: n.d. | AA91: n.d. | AB91: n.d. | AC91: n.d. | AD91: n.d. | AE91: n.d. | AF91: n.d. | AG91: n.d. | AH91: n.d. | AI91: n.d. | AJ91: n.d. | AK91: n.d. | AL91: n.d. | AM91: n.d. | AN91: n.d. | AO91: n.d. | AP91: n.d. | AQ91: n.d. | AR91: n.d. | AS91: n.d. | AT91: n.d. | AU91: n.d. | AV91: n.d. | AW91: n.d. | AX91: n.d. | AY91: 0 | AZ91: 0 | BA91: 0 | BB91: 0 | BC91: 0 | BD91: 0 | BE91: 0 | BF91: 0 | BG91: 0 | BH91: 0 | BI91: 0 | BJ91: 0 | BK91: 0 | BL91: 0 | BM91: 0 | BN91: 0 | BO91: 0 | BP91: 0
A92: 1414 | B92: Property income from investment income disbursements | C92: n.d. | D92: n.d. | E92: n.d. | F92: n.d. | G92: n.d. | H92: n.d. | I92: n.d. | J92: n.d. | K92: n.d. | L92: n.d. | M92: n.d. | N92: n.d. | O92: n.d. | P92: n.d. | Q92: n.d. | R92: n.d. | S92: n.d. | T92: n.d. | U92: n.d. | V92: n.d. | W92: n.d. | X92: n.d. | Y92: n.d. | Z92: n.d. | AA92: n.d. | AB92: n.d. | AC92: n.d. | AD92: n.d. | AE92: n.d. | AF92: n.d. | AG92: n.d. | AH92: n.d. | AI92: n.d. | AJ92: n.d. | AK92: n.d. | AL92: n.d. | AM92: n.d. | AN92: n.d. | AO92: n.d. | AP92: n.d. | AQ92: n.d. | AR92: n.d. | AS92: n.d. | AT92: n.d. | AU92: n.d. | AV92: n.d. | AW92: n.d. | AX92: n.d. | AY92: 0 | AZ92: 0 | BA92: 0 | BB92: 0 | BC92: 0 | BD92: 0 | BE92: 0 | BF92: 0 | BG92: 0 | BH92: 0 | BI92: 0 | BJ92: 0 | BK92: 0 | BL92: 0 | BM92: 0 | BN92: 0 | BO92: 0 | BP92: 0
A93: 1415 | B93: Rent | C93: n.d. | D93: n.d. | E93: n.d. | F93: n.d. | G93: n.d. | H93: n.d. | I93: n.d. | J93: n.d. | K93: n.d. | L93: n.d. | M93: n.d. | N93: n.d. | O93: n.d. | P93: n.d. | Q93: n.d. | R93: n.d. | S93: n.d. | T93: n.d. | U93: n.d. | V93: n.d. | W93: n.d. | X93: n.d. | Y93: n.d. | Z93: n.d. | AA93: n.d. | AB93: n.d. | AC93: n.d. | AD93: n.d. | AE93: n.d. | AF93: n.d. | AG93: n.d. | AH93: n.d. | AI93: n.d. | AJ93: n.d. | AK93: n.d. | AL93: n.d. | AM93: n.d. | AN93: n.d. | AO93: n.d. | AP93: n.d. | AQ93: n.d. | AR93: n.d. | AS93: n.d. | AT93: n.d. | AU93: n.d. | AV93: n.d. | AW93: n.d. | AX93: n.d. | AY93: 47252.37 | AZ93: 65368.554 | BA93: 38227.331 | BB93: 38943.303 | BC93: 33188.442 | BD93: 30197.513 | BE93: 31506.634 | BF93: 37702.858 | BG93: 34707.548 | BH93: 33018.855 | BI93: 36104.423 | BJ93: 47735.497 | BK93: 38684.347 | BL93: 40056.774 | BM93: 38801.422 | BN93: 47975.175 | BO93: 36848.833 | BP93: 55932.976
A94: 1416 | B94: Reinvested earnings on foreign direct investment | C94: n.d. | D94: n.d. | E94: n.d. | F94: n.d. | G94: n.d. | H94: n.d. | I94: n.d. | J94: n.d. | K94: n.d. | L94: n.d. | M94: n.d. | N94: n.d. | O94: n.d. | P94: n.d. | Q94: n.d. | R94: n.d. | S94: n.d. | T94: n.d. | U94: n.d. | V94: n.d. | W94: n.d. | X94: n.d. | Y94: n.d. | Z94: n.d. | AA94: n.d. | AB94: n.d. | AC94: n.d. | AD94: n.d. | AE94: n.d. | AF94: n.d. | AG94: n.d. | AH94: n.d. | AI94: n.d. | AJ94: n.d. | AK94: n.d. | AL94: n.d. | AM94: n.d. | AN94: n.d. | AO94: n.d. | AP94: n.d. | AQ94: n.d. | AR94: n.d. | AS94: n.d. | AT94: n.d. | AU94: n.d. | AV94: n.d. | AW94: n.d. | AX94: n.d. | AY94: 0 | AZ94: 0 | BA94: 0 | BB94: 0 | BC94: 0 | BD94: 0 | BE94: 0 | BF94: 0 | BG94: 0 | BH94: 0 | BI94: 0 | BJ94: 0 | BK94: 0 | BL94: 0 | BM94: 0 | BN94: 0 | BO94: 0 | BP94: 0
A95: 142 | B95: Sales of goods and services | C95: n.d. | D95: n.d. | E95: n.d. | F95: n.d. | G95: n.d. | H95: n.d. | I95: n.d. | J95: n.d. | K95: n.d. | L95: n.d. | M95: n.d. | N95: n.d. | O95: n.d. | P95: n.d. | Q95: n.d. | R95: n.d. | S95: n.d. | T95: n.d. | U95: n.d. | V95: n.d. | W95: n.d. | X95: n.d. | Y95: n.d. | Z95: n.d. | AA95: n.d. | AB95: n.d. | AC95: n.d. | AD95: n.d. | AE95: n.d. | AF95: n.d. | AG95: n.d. | AH95: n.d. | AI95: n.d. | AJ95: n.d. | AK95: n.d. | AL95: n.d. | AM95: n.d. | AN95: n.d. | AO95: n.d. | AP95: n.d. | AQ95: n.d. | AR95: n.d. | AS95: n.d. | AT95: n.d. | AU95: n.d. | AV95: n.d. | AW95: n.d. | AX95: n.d. | AY95: 16167.193 | AZ95: 13116.694 | BA95: 15022.66 | BB95: 18793.007 | BC95: 19133.073 | BD95: 15894.237 | BE95: 17447.128 | BF95: 18063.622 | BG95: 18081.072 | BH95: 20871.41 | BI95: 20711.351 | BJ95: 20940.846 | BK95: 22231.103 | BL95: 20117.384 | BM95: 21664.643 | BN95: 22407.278 | BO95: 17902.861 | BP95: 23245.421
A96: 1421 | B96: Sales by market establishments | C96: n.d. | D96: n.d. | E96: n.d. | F96: n.d. | G96: n.d. | H96: n.d. | I96: n.d. | J96: n.d. | K96: n.d. | L96: n.d. | M96: n.d. | N96: n.d. | O96: n.d. | P96: n.d. | Q96: n.d. | R96: n.d. | S96: n.d. | T96: n.d. | U96: n.d. | V96: n.d. | W96: n.d. | X96: n.d. | Y96: n.d. | Z96: n.d. | AA96: n.d. | AB96: n.d. | AC96: n.d. | AD96: n.d. | AE96: n.d. | AF96: n.d. | AG96: n.d. | AH96: n.d. | AI96: n.d. | AJ96: n.d. | AK96: n.d. | AL96: n.d. | AM96: n.d. | AN96: n.d. | AO96: n.d. | AP96: n.d. | AQ96: n.d. | AR96: n.d. | AS96: n.d. | AT96: n.d. | AU96: n.d. | AV96: n.d. | AW96: n.d. | AX96: n.d. | AY96: 0 | AZ96: 0 | BA96: 0 | BB96: 0 | BC96: 0 | BD96: 0 | BE96: 0 | BF96: 0 | BG96: 0 | BH96: 0 | BI96: 0 | BJ96: 0 | BK96: 0 | BL96: 0 | BM96: 0 | BN96: 0 | BO96: 0 | BP96: 0
A97: 1422 | B97: Administrative fees | C97: n.d. | D97: n.d. | E97: n.d. | F97: n.d. | G97: n.d. | H97: n.d. | I97: n.d. | J97: n.d. | K97: n.d. | L97: n.d. | M97: n.d. | N97: n.d. | O97: n.d. | P97: n.d. | Q97: n.d. | R97: n.d. | S97: n.d. | T97: n.d. | U97: n.d. | V97: n.d. | W97: n.d. | X97: n.d. | Y97: n.d. | Z97: n.d. | AA97: n.d. | AB97: n.d. | AC97: n.d. | AD97: n.d. | AE97: n.d. | AF97: n.d. | AG97: n.d. | AH97: n.d. | AI97: n.d. | AJ97: n.d. | AK97: n.d. | AL97: n.d. | AM97: n.d. | AN97: n.d. | AO97: n.d. | AP97: n.d. | AQ97: n.d. | AR97: n.d. | AS97: n.d. | AT97: n.d. | AU97: n.d. | AV97: n.d. | AW97: n.d. | AX97: n.d. | AY97: 6048.1279 | AZ97: 5435.1178 | BA97: 5152.5556 | BB97: 5143.4286 | BC97: 7070.2163 | BD97: 6187.0128 | BE97: 5996.7067 | BF97: 5774.1577 | BG97: 8090.2515 | BH97: 7206.9728 | BI97: 7069.9124 | BJ97: 6806.6927 | BK97: 8889.1806 | BL97: 7775.644 | BM97: 7891.6022 | BN97: 7609.3176 | BO97: 9939.2462 | BP97: 9002.3692
A98: 1423 | B98: Incidental sales by nonmarket establishments | C98: n.d. | D98: n.d. | E98: n.d. | F98: n.d. | G98: n.d. | H98: n.d. | I98: n.d. | J98: n.d. | K98: n.d. | L98: n.d. | M98: n.d. | N98: n.d. | O98: n.d. | P98: n.d. | Q98: n.d. | R98: n.d. | S98: n.d. | T98: n.d. | U98: n.d. | V98: n.d. | W98: n.d. | X98: n.d. | Y98: n.d. | Z98: n.d. | AA98: n.d. | AB98: n.d. | AC98: n.d. | AD98: n.d. | AE98: n.d. | AF98: n.d. | AG98: n.d. | AH98: n.d. | AI98: n.d. | AJ98: n.d. | AK98: n.d. | AL98: n.d. | AM98: n.d. | AN98: n.d. | AO98: n.d. | AP98: n.d. | AQ98: n.d. | AR98: n.d. | AS98: n.d. | AT98: n.d. | AU98: n.d. | AV98: n.d. | AW98: n.d. | AX98: n.d. | AY98: 10119.066 | AZ98: 7681.5763 | BA98: 9870.104 | BB98: 13649.578 | BC98: 12062.857 | BD98: 9707.2247 | BE98: 11450.422 | BF98: 12289.464 | BG98: 9990.8207 | BH98: 13664.437 | BI98: 13641.439 | BJ98: 14134.154 | BK98: 13341.922 | BL98: 12341.74 | BM98: 13773.041 | BN98: 14797.961 | BO98: 7963.6145 | BP98: 14243.052
A99: 1424 | B99: Imputed sales of goods and services | C99: n.d. | D99: n.d. | E99: n.d. | F99: n.d. | G99: n.d. | H99: n.d. | I99: n.d. | J99: n.d. | K99: n.d. | L99: n.d. | M99: n.d. | N99: n.d. | O99: n.d. | P99: n.d. | Q99: n.d. | R99: n.d. | S99: n.d. | T99: n.d. | U99: n.d. | V99: n.d. | W99: n.d. | X99: n.d. | Y99: n.d. | Z99: n.d. | AA99: n.d. | AB99: n.d. | AC99: n.d. | AD99: n.d. | AE99: n.d. | AF99: n.d. | AG99: n.d. | AH99: n.d. | AI99: n.d. | AJ99: n.d. | AK99: n.d. | AL99: n.d. | AM99: n.d. | AN99: n.d. | AO99: n.d. | AP99: n.d. | AQ99: n.d. | AR99: n.d. | AS99: n.d. | AT99: n.d. | AU99: n.d. | AV99: n.d. | AW99: n.d. | AX99: n.d. | AY99: 0 | AZ99: 0 | BA99: 0 | BB99: 0 | BC99: 0 | BD99: 0 | BE99: 0 | BF99: 0 | BG99: 0 | BH99: 0 | BI99: 0 | BJ99: 0 | BK99: 0 | BL99: 0 | BM99: 0 | BN99: 0 | BO99: 0 | BP99: 0
